Workbook
Name MetricsTable: 'Internal Data'!$B:$M

Sheet Process Overview
A1: #VALUE!
A2: Instruction for Gender Adaption Toolkit
A4: Portfolio companies without a formalized HR database or audit can use this tool to establish and formalize their HR data, enabling them to subsequently identify gaps and implement targeted strategies to address these gaps. Portfolio companies with existing formalized HR databases can bypass optional steps to identify gaps and develop effective, targeted action plans.
A6: Phase | B6: Step | C6: Tab | D6: What to Do
A7: Diagnostics | B7: 1 | C7: Self-Assessment | D7: Select your current practice level; review your Toolkit Adoption Category
A8: Data Collection and Consolidation | B8: 2 (Optional) | C8: HR Database | D8: Enter employee data if you don’t have a formal HR system
B9: 3 (Optional) | C9: Inputs | D9: Fill missing data (or all data if not using HR Database tab)
A10: Evaluation & Visualization Target Setting & Strategy Development | B10: 4 | C10: Key Gender Metrics | D10: Compare performance to benchmarks; set internal targets
B11: 5 | C11: Guide | D11: Review actions, expected impact, and sources per indicator
B12: 6 | C12: Dashboard | D12: View visuals, monitor trends, prepare reports
B13: 7 | C13: Board Presentation (a stand-alone PowerPoint) | D13: Customize slides; add visuals from Dashboard and actions from Guide
B14: 8 | C14: Action plan | D14: Not included
B15: 9 | C15: Gender Strategy (Word) | D15: Not included

Sheet Instructions
A1: #VALUE!
A2: Instruction for Gender Adaption Toolkit
A4: Portfolio companies without a formalized HR database or audit can use this tool to establish and formalize their HR data, enabling them to subsequently identify gaps and implement targeted strategies to address these gaps. Portfolio companies with existing formalized HR databases can bypass optional steps to identify gaps and develop effective, targeted action plans.
A6: Data Consolidation
A7: 1 | B7: Conduct assessment in 'Self-Assessment' tab
B8: Self-Assessment
B9: Respond to questions in the 'Total Points' column by selecting the category that best represents your portfolio company
B10: Provide justification in the 'Justification (optional)' column
B11: Review the Toolkit Adoption Category
A13: 2 | B13: Maintain HR Database (Optional) tab
A14: (optional) | B14: HR Database (optional)
B15: This tab is optional and aims to assist companies without internal HR database.
B16: Enter and maintain employee data in this tab
A18: 3 | B18: Enter the missing information in 'Inputs (Optional)' tab
A19: (optional) | B19: Inputs (optional)
B20: This tab is optional and aims to assist companies without internal HR data analysis tools.
B21: If HR Database (optional) is maintained, fill the missing information (25% of total data). If not, enter all required information
A23: Evaluation & Visualization
A24: 4 | B24: Evaluate the progress in 'Assessment Guide Output' tab
B25: Key Gender Metrics
B26: Use this tab to evaluate your performance across different time periods.
B27: Benchmark levels are the global average.
B28: Evaluate the performance against targets (compare the latest year column with the 'Benchmark' column)
B29: Set internal achievable targets in the 'Internal Target' column
A31: 5 | B31: Review the 'Guide' tab
B32: Guide
B33: Review the Guide for 'Recommended Actions', 'Expected Impact' & 'Sources' columns
A35: 6 | B35: Review the Dashboard and Progress Tracker tab
B36: Dashboard
B37: Progress Tracker
B38: Review and update visuals as needed
A40: Action Planning
A41: 7 | B41: Update the Board Presentation
B42: Review and amend the presentation as per the portfolio company
B43: Add supporting information from the Expected Impact and Sources columns in the Guide
B44: Use the visuals from the Dashboard & Progress Tracker
B45: Present to the Board and relevant departments for approvals
A47: 8 | B47: Update the Action Planning Presentation (optional)
A48: (optional) | B48: Based on the metrics approved by the Board and relevant departments, update the action plan presentation
B49: Use information from the Guide and other tabs and documents for action planning
A51: 9 | B51: Document the Gender Strategy
B52: Amend the Gender Strategy word document based on the action plan

Sheet Self-Assessment 
A1: #VALUE! | E1: =A9 -> Total Score | F1: =F9 -> 10
E2: =A10 -> Toolkit Adoption Category | F2: =F10 -> Gender-Responsive Implementer
A3: Question | B3: Gender-Aware Adopter (1 Point) | C3: Gender-Responsive Implementer (2 Points) | D3: Gender Equity Advocate (3 Points) | E3: Gender Equity Leader (4 Points) | F3: Total Points | G3: Justification (Optional)
A4: 1. How does your company approach gender diversity in leadership and workforce policies? | B4: We recognize the importance of gender equity but have no formal policies. | C4: We have gender diversity policies but find it challenging to operationalize. | D4: We embed gender equity in leadership, hiring, and governance. | E4: We are industry leaders in gender inclusion, influencing policy and industry benchmarks. | F4: Gender-Aware Adopter
A5: 2. How does your company track gender-related workforce and leadership data? | B5: We do not track gender-disaggregated workforce or leadership data. | C5: We track some workforce gender data (e.g., representation) but lack detailed insights. | D5: We conduct gender audits* to systematically track all relevant gender data** and are able to analyze the same for insights (e.g., promotions, pay equity, retention). | E5: We transparently report gender impact and integrate it into investment and business decisions. | F5: Gender Equity Leader
A6: 3. To what extent does your company promote career growth and leadership opportunities for women? | B6: We currently do not have structured programs to support women's career progression. | C6: We have mentorship and leadership development programs designed specifically for women. | D6: We have structured leadership, mentorship, and sponsorship programs for women and conduct gender-neutral*** evaluations for promotions. | E6: We have a gender-balanced leadership including significant representation by women as program directors, board and executive members responsible for key business and policy decisions. | F6: Gender-Responsive Implementer
A7: 4. How does your company integrate gender considerations into external business practices (e.g., supply chains, investments, partnerships)? | B7: We primarily focus on internal diversity efforts to ensure equal participation or opportunity. | C7: We encourage gender diversity among partners through the value chain through intentional communication and collaborations. | D7: We enforce gender-lens strategies in business partnerships, procurement, and supplier diversity through defined policies. | E7: We lead gender-focused impact initiatives in the industry such as convening workshops, discussion forum and influence regional or international policy frameworks on gender integration. | F7: Gender-Aware Adopter
A8: 5. Does your company align with international gender equity frameworks like the 2X Challenge, UN SDG 5, or Gender-Lens Investing (GLI) best practices? | B8: We are not currently aligned with any global gender equity frameworks. | C8: We have started aligning with gender-lens frameworks internally through business strategy and monitoring results but do not have policies for enforcement. | D8: We actively integrate global gender frameworks into our business strategy, monitoring results and include the same in our investor reports. | E8: We are recognized as a leader in global gender impact investing and policy advocacy through our partnerships with international organizations working on gender and finance such as the 2X global, UN, Women's World Banking etc. | F8: Gender-Responsive Implementer
A9: Total Score | F9: {=SUMPRODUCT(_xlfn.XLOOKUP(F4:F8, {"Gender-Aware Adopter","Gender-Responsive Implementer","Gender Equity Advocate","Gender Equity Leader"}, {1,2,3,4}, 0))} -> 10
A10: Toolkit Adoption Category | F10: =IF(F9<=8, "Gender Aware Adopter", IF(F9<=12, "Gender-Responsive Implementer", IF(F9<=16, "Gender Equity Advocate", IF(F9<=20, "Gender Equity Leader", "")))) -> Gender-Responsive Implementer
A13: See Categorization Rubric Here
B14: Score | C14: Description
A15: Gender-Aware Adopter | B15: 5 - 8 | C15: This category is for MFIs and banks who recognize gender equity as an important factor of their organization's mission, but do not yet have a robust, operational gender strategy.
A16: Gender-Responsive Implementer | B16: 9 - 12 | C16: MFIs and banks in this category are characterized as having gender diversity policies, but lack the resources or capability to facilitate them.
A17: Gender Equity Advocate | B17: 13 - 16 | C17: This category is for MFIs and banks who are actively implementing equitable gender policies, but are still seeking additional opportunities to include international gender equity standards.
A18: Gender Equity Leader | B18: 17 - 20 | C18: MFIs and banks at the forefront of gender equity policy innovation fall into this category.

Sheet HR Database (optional)
A1: #VALUE!
A2: S.No | B2: Country | C2: Employee Name/ID | D2: Gender | E2: Role | F2: Designation | G2: Joining Date | H2: Exit Date | I2: Last promotion | J2: ="Salary" & ('Inputs (optional)'!C4) -> SalaryINR | K2: Parental Leave was taken on | L2: Hours of trainings | M2: Next Tab | N2: Inputs (optional)
C3: A | D3: Man | F3: Manager | G3: 43891 | I3: 44745 | J3: 5000 | L3: 5
C4: B | D4: Woman | F4: Senior Manager | G4: 44749 | H4: 45509 | I4: 45480 | J4: 500 | K4: 45145 | L4: 6
C5: C | D5: Man | F5: Middle Manager | G5: 45143 | H5: 45994 | J5: 7000 | K5: 45263 | L5: 10
C6: D | D6: Woman | F6: Non-Managerial Staff | G6: 44533 | H6: 45778 | J6: 800 | K6: 45142 | L6: 8
C7: E | D7: Woman | F7: Board Member | G7: 43831 | J7: 1000 | L7: 9
D8: Woman | F8: Loan Officer | G8: 44785 | I8: 45150 | J8: 5000 | L8: 10
D9: Man | F9: Senior Manager | G9: 44562 | I9: 45142 | J9: 4000 | L9: 11
D10: Woman | F10: Middle Manager | G10: 44197 | I10: 44413 | J10: 2000 | L10: 12
D11: Man | F11: Early Manager | G11: 44562 | I11: 45629 | J11: 7000 | L11: 6
D12: Woman | F12: Middle Manager | G12: 43831 | I12: 44562 | J12: 5000 | L12: 2
D13: Woman | F13: Non-Managerial Staff | G13: 43802 | I13: 45150 | J13: 1000 | K13: 44256 | L13: 3
D14: Man | F14: Middle Manager | G14: 44776 | I14: 44927 | J14: 5000 | L14: 4
D15: Man | F15: Non-Managerial Staff | G15: 45296 | I15: 45292 | J15: 10000 | L15: 5
D16: Man | F16: Board Member | G16: 45053 | I16: 45658 | J16: 11000 | L16: 10
D17: Man | F17: Senior Manager | G17: 44350 | I17: 44562 | J17: 5000 | L17: 7
D18: Woman | F18: Senior Manager | G18: 43682 | I18: 45629 | J18: 7000 | K18: 43800
D19: Woman | F19: Executive Team | G19: 45053 | I19: 45141 | J19: 3000
D20: Man | F20: Executive Team | G20: 44350 | I20: 45662 | J20: 7500
D21: Man | F21: Executive Team | G21: 44778 | I21: 45419 | J21: 10000 | K21: 45145
D22: Man | F22: Middle Manager | G22: 43831 | J22: 8000 | K22: 45263
D23: Woman | F23: Loan Officer | G23: 44931 | H23: 45570 | J23: 1000 | K23: 45142
D24: Man | F24: Loan Officer | G24: 44626 | H24: 45994 | J24: 2000
D25: Man | F25: Loan Officer | G25: 45143 | H25: 45778 | J25: 1550
D26: Man | F26: Board Member | G26: 43831 | J26: 5000
D27: Man | F27: Senior Manager | G27: 43831 | J27: 4000
D28: Man | F28: Middle Manager | G28: 43831 | J28: 3000
D29: Man | F29: Non-Managerial Staff | G29: 43831 | J29: 2000
D30: Man | F30: Board Member | G30: 43466 | J30: 5000
D31: Man | F31: Senior Manager | G31: 43831 | J31: 4000
D32: Man | F32: Middle Manager | G32: 43831 | H32: 44986 | J32: 3000
D33: Man | F33: Non-Managerial Staff | G33: 43831 | J33: 2000
D34: Woman | F34: Middle Manager | G34: 45122

Sheet Inputs (optional)
B1: #VALUE!
B2: Financial Institution | C2: MFI 1 | E2: Assumptions | H2: Next Tab | I2: Assessment Guide Output'
B3: Country | C3: India | E3: Parental Leave (months) | G3: 4
B4: Reporting Currency | C4: INR | E4: Parental Leave is a cumulative indicator
B5: Last Fiscal Year End | C5: 45382
B6: Last Available YTD Report | C6: 45597
B8: Date | C8: 44926 | D8: =EOMONTH(C8,12) -> 45291 | E8: =EOMONTH(D8,12) -> 45657 | F8: =EOMONTH(E8,12) -> 46022 | G8: Comment
C9: Optional | D9: Optional
B10: Human Resource
A11: H1 | B11: Number of Employees
A12: H1.1 | B12: Number of women employees | C12: {=SUMPRODUCT( --(LEN(TRIM('HR Database (optional)'!$G$3:$G$101)) > 0), --('HR Database (optional)'!$G$3:$G$101 <= C$8), --( ('HR Database (optional)'!$H$3:$H$101 >= C$8) + ('HR Database (optional)'!$H$3:$H$101 = "") > 0 ), --('HR Database (optional)'!$D$3:$D$101 = "Woman") )} -> 8 | D12: {=SUMPRODUCT( --(LEN(TRIM('HR Database (optional)'!$G$3:$G$101)) > 0), --('HR Database (optional)'!$G$3:$G$101 <= D$8), --( ('HR Database (optional)'!$H$3:$H$101 >= D$8) + ('HR Database (optional)'!$H$3:$H$101 = "") > 0 ), --('HR Database (optional)'!$D$3:$D$101 = "Woman") )} -> 11 | E12: {=SUMPRODUCT( --(LEN(TRIM('HR Database (optional)'!$G$3:$G$101)) > 0), --('HR Database (optional)'!$G$3:$G$101 <= E$8), --( ('HR Database (optional)'!$H$3:$H$101 >= E$8) + ('HR Database (optional)'!$H$3:$H$101 = "") > 0 ), --('HR Database (optional)'!$D$3:$D$101 = "Woman") )} -> 9 | F12: {=SUMPRODUCT( --(LEN(TRIM('HR Database (optional)'!$G$3:$G$101)) > 0), --('HR Database (optional)'!$G$3:$G$101 <= F$8), --( ('HR Database (optional)'!$H$3:$H$101 >= F$8) + ('HR Database (optional)'!$H$3:$H$101 = "") > 0 ), --('HR Database (optional)'!$D$3:$D$101 = "Woman") )} -> 8
A13: H1.2 | B13: Total number of employees | C13: {=SUMPRODUCT( --(LEN(TRIM('HR Database (optional)'!$G$3:$G$101)) > 0), --('HR Database (optional)'!$G$3:$G$101 <= C8), --( ('HR Database (optional)'!$H$3:$H$101 >= C8) + ('HR Database (optional)'!$H$3:$H$101 = "") > 0 ) )} -> 25 | D13: {=SUMPRODUCT( --(LEN(TRIM('HR Database (optional)'!$G$3:$G$101)) > 0), --('HR Database (optional)'!$G$3:$G$101 <= D8), --( ('HR Database (optional)'!$H$3:$H$101 >= D8) + ('HR Database (optional)'!$H$3:$H$101 = "") > 0 ) )} -> 30 | E13: {=SUMPRODUCT( --(LEN(TRIM('HR Database (optional)'!$G$3:$G$101)) > 0), --('HR Database (optional)'!$G$3:$G$101 <= E8), --( ('HR Database (optional)'!$H$3:$H$101 >= E8) + ('HR Database (optional)'!$H$3:$H$101 = "") > 0 ) )} -> 29 | F13: {=SUMPRODUCT( --(LEN(TRIM('HR Database (optional)'!$G$3:$G$101)) > 0), --('HR Database (optional)'!$G$3:$G$101 <= F8), --( ('HR Database (optional)'!$H$3:$H$101 >= F8) + ('HR Database (optional)'!$H$3:$H$101 = "") > 0 ) )} -> 25
A14: H1.3 | B14: Number of women managers | C14: {=SUMPRODUCT( --(LEN(TRIM('HR Database (optional)'!$G$3:$G$101)) > 0), --('HR Database (optional)'!$G$3:$G$101 <= C$8), --( ('HR Database (optional)'!$H$3:$H$101 >= C$8) + ('HR Database (optional)'!$H$3:$H$101 = "") > 0 ), --(TRIM('HR Database (optional)'!$D$3:$D$101) = "Woman"), --(('HR Database (optional)'!$F$3:$F$101 = "Manager")+ (TRIM('HR Database (optional)'!$F$3:$F$101) = "Senior Manager") > 0 ) )} -> 2 | D14: {=SUMPRODUCT( --(LEN(TRIM('HR Database (optional)'!$G$3:$G$101)) > 0), --('HR Database (optional)'!$G$3:$G$101 <= D$8), --( ('HR Database (optional)'!$H$3:$H$101 >= D$8) + ('HR Database (optional)'!$H$3:$H$101 = "") > 0 ), --(TRIM('HR Database (optional)'!$D$3:$D$101) = "Woman"), --(('HR Database (optional)'!$F$3:$F$101 = "Manager")+ (TRIM('HR Database (optional)'!$F$3:$F$101) = "Senior Manager") > 0 ) )} -> 2 | E14: {=SUMPRODUCT( --(LEN(TRIM('HR Database (optional)'!$G$3:$G$101)) > 0), --('HR Database (optional)'!$G$3:$G$101 <= E$8), --( ('HR Database (optional)'!$H$3:$H$101 >= E$8) + ('HR Database (optional)'!$H$3:$H$101 = "") > 0 ), --(TRIM('HR Database (optional)'!$D$3:$D$101) = "Woman"), --(('HR Database (optional)'!$F$3:$F$101 = "Manager")+ (TRIM('HR Database (optional)'!$F$3:$F$101) = "Senior Manager") > 0 ) )} -> 1 | F14: {=SUMPRODUCT( --(LEN(TRIM('HR Database (optional)'!$G$3:$G$101)) > 0), --('HR Database (optional)'!$G$3:$G$101 <= F$8), --( ('HR Database (optional)'!$H$3:$H$101 >= F$8) + ('HR Database (optional)'!$H$3:$H$101 = "") > 0 ), --(TRIM('HR Database (optional)'!$D$3:$D$101) = "Woman"), --(('HR Database (optional)'!$F$3:$F$101 = "Manager")+ (TRIM('HR Database (optional)'!$F$3:$F$101) = "Senior Manager") > 0 ) )} -> 1
A15: H1.4 | B15: Total number of managers | C15: {=SUMPRODUCT( --(LEN(TRIM('HR Database (optional)'!$G$3:$G$101)) > 0), --('HR Database (optional)'!$G$3:$G$101 <= C$8), --( ('HR Database (optional)'!$H$3:$H$101 >= C$8) + ('HR Database (optional)'!$H$3:$H$101 = "") > 0 ), --(('HR Database (optional)'!$F$3:$F$101 = "Manager")+ (TRIM('HR Database (optional)'!$F$3:$F$101) = "Senior Manager") > 0 ) )} -> 7 | D15: {=SUMPRODUCT( --(LEN(TRIM('HR Database (optional)'!$G$3:$G$101)) > 0), --('HR Database (optional)'!$G$3:$G$101 <= D$8), --( ('HR Database (optional)'!$H$3:$H$101 >= D$8) + ('HR Database (optional)'!$H$3:$H$101 = "") > 0 ), --(('HR Database (optional)'!$F$3:$F$101 = "Manager")+ (TRIM('HR Database (optional)'!$F$3:$F$101) = "Senior Manager") > 0 ) )} -> 7 | E15: {=SUMPRODUCT( --(LEN(TRIM('HR Database (optional)'!$G$3:$G$101)) > 0), --('HR Database (optional)'!$G$3:$G$101 <= E$8), --( ('HR Database (optional)'!$H$3:$H$101 >= E$8) + ('HR Database (optional)'!$H$3:$H$101 = "") > 0 ), --(('HR Database (optional)'!$F$3:$F$101 = "Manager")+ (TRIM('HR Database (optional)'!$F$3:$F$101) = "Senior Manager") > 0 ) )} -> 6 | F15: {=SUMPRODUCT( --(LEN(TRIM('HR Database (optional)'!$G$3:$G$101)) > 0), --('HR Database (optional)'!$G$3:$G$101 <= F$8), --( ('HR Database (optional)'!$H$3:$H$101 >= F$8) + ('HR Database (optional)'!$H$3:$H$101 = "") > 0 ), --(('HR Database (optional)'!$F$3:$F$101 = "Manager")+ (TRIM('HR Database (optional)'!$F$3:$F$101) = "Senior Manager") > 0 ) )} -> 6
A16: H1.5 | B16: Number of women on board | C16: {=SUMPRODUCT( --(LEN(TRIM('HR Database (optional)'!$G$3:$G$101)) > 0), --('HR Database (optional)'!$G$3:$G$101 <= C$8), --( ('HR Database (optional)'!$H$3:$H$101 >= C$8) + ('HR Database (optional)'!$H$3:$H$101 = "") > 0 ), --(TRIM('HR Database (optional)'!$D$3:$D$101) = "Woman"), --('HR Database (optional)'!$F$3:$F$101 = "Board Member") )} -> 1 | D16: {=SUMPRODUCT( --(LEN(TRIM('HR Database (optional)'!$G$3:$G$101)) > 0), --('HR Database (optional)'!$G$3:$G$101 <= D$8), --( ('HR Database (optional)'!$H$3:$H$101 >= D$8) + ('HR Database (optional)'!$H$3:$H$101 = "") > 0 ), --(TRIM('HR Database (optional)'!$D$3:$D$101) = "Woman"), --('HR Database (optional)'!$F$3:$F$101 = "Board Member") )} -> 1 | E16: {=SUMPRODUCT( --(LEN(TRIM('HR Database (optional)'!$G$3:$G$101)) > 0), --('HR Database (optional)'!$G$3:$G$101 <= E$8), --( ('HR Database (optional)'!$H$3:$H$101 >= E$8) + ('HR Database (optional)'!$H$3:$H$101 = "") > 0 ), --(TRIM('HR Database (optional)'!$D$3:$D$101) = "Woman"), --('HR Database (optional)'!$F$3:$F$101 = "Board Member") )} -> 1 | F16: {=SUMPRODUCT( --(LEN(TRIM('HR Database (optional)'!$G$3:$G$101)) > 0), --('HR Database (optional)'!$G$3:$G$101 <= F$8), --( ('HR Database (optional)'!$H$3:$H$101 >= F$8) + ('HR Database (optional)'!$H$3:$H$101 = "") > 0 ), --(TRIM('HR Database (optional)'!$D$3:$D$101) = "Woman"), --('HR Database (optional)'!$F$3:$F$101 = "Board Member") )} -> 1
A17: H1.6 | B17: Total board members | C17: {=SUMPRODUCT( --(LEN(TRIM('HR Database (optional)'!$G$3:$G$101)) > 0), --('HR Database (optional)'!$G$3:$G$101 <= C$8), --( ('HR Database (optional)'!$H$3:$H$101 >= C$8) + ('HR Database (optional)'!$H$3:$H$101 = "") > 0 ), --('HR Database (optional)'!$F$3:$F$101 = "Board Member"))} -> 3 | D17: {=SUMPRODUCT( --(LEN(TRIM('HR Database (optional)'!$G$3:$G$101)) > 0), --('HR Database (optional)'!$G$3:$G$101 <= D$8), --( ('HR Database (optional)'!$H$3:$H$101 >= D$8) + ('HR Database (optional)'!$H$3:$H$101 = "") > 0 ), --('HR Database (optional)'!$F$3:$F$101 = "Board Member"))} -> 4 | E17: {=SUMPRODUCT( --(LEN(TRIM('HR Database (optional)'!$G$3:$G$101)) > 0), --('HR Database (optional)'!$G$3:$G$101 <= E$8), --( ('HR Database (optional)'!$H$3:$H$101 >= E$8) + ('HR Database (optional)'!$H$3:$H$101 = "") > 0 ), --('HR Database (optional)'!$F$3:$F$101 = "Board Member"))} -> 4 | F17: {=SUMPRODUCT( --(LEN(TRIM('HR Database (optional)'!$G$3:$G$101)) > 0), --('HR Database (optional)'!$G$3:$G$101 <= F$8), --( ('HR Database (optional)'!$H$3:$H$101 >= F$8) + ('HR Database (optional)'!$H$3:$H$101 = "") > 0 ), --('HR Database (optional)'!$F$3:$F$101 = "Board Member"))} -> 4
A18: H1.7 | B18: Number of women in executive roles or partners | C18: {=SUMPRODUCT( --(LEN(TRIM('HR Database (optional)'!$G$3:$G$101)) > 0), --('HR Database (optional)'!$G$3:$G$101 <= C$8), --( ('HR Database (optional)'!$H$3:$H$101 >= C$8) + ('HR Database (optional)'!$H$3:$H$101 = "") > 0 ), --(TRIM('HR Database (optional)'!$D$3:$D$101) = "Woman"), --('HR Database (optional)'!$F$3:$F$101 = "Executive Team") )} -> 0 | D18: {=SUMPRODUCT( --(LEN(TRIM('HR Database (optional)'!$G$3:$G$101)) > 0), --('HR Database (optional)'!$G$3:$G$101 <= D$8), --( ('HR Database (optional)'!$H$3:$H$101 >= D$8) + ('HR Database (optional)'!$H$3:$H$101 = "") > 0 ), --(TRIM('HR Database (optional)'!$D$3:$D$101) = "Woman"), --('HR Database (optional)'!$F$3:$F$101 = "Executive Team") )} -> 1 | E18: {=SUMPRODUCT( --(LEN(TRIM('HR Database (optional)'!$G$3:$G$101)) > 0), --('HR Database (optional)'!$G$3:$G$101 <= E$8), --( ('HR Database (optional)'!$H$3:$H$101 >= E$8) + ('HR Database (optional)'!$H$3:$H$101 = "") > 0 ), --(TRIM('HR Database (optional)'!$D$3:$D$101) = "Woman"), --('HR Database (optional)'!$F$3:$F$101 = "Executive Team") )} -> 1 | F18: {=SUMPRODUCT( --(LEN(TRIM('HR Database (optional)'!$G$3:$G$101)) > 0), --('HR Database (optional)'!$G$3:$G$101 <= F$8), --( ('HR Database (optional)'!$H$3:$H$101 >= F$8) + ('HR Database (optional)'!$H$3:$H$101 = "") > 0 ), --(TRIM('HR Database (optional)'!$D$3:$D$101) = "Woman"), --('HR Database (optional)'!$F$3:$F$101 = "Executive Team") )} -> 1
A19: H1.8 | B19: Total individuals at executive roles | C19: {=SUMPRODUCT( --(LEN(TRIM('HR Database (optional)'!$G$3:$G$101)) > 0), --('HR Database (optional)'!$G$3:$G$101 <= C$8), --( ('HR Database (optional)'!$H$3:$H$101 >= C$8) + ('HR Database (optional)'!$H$3:$H$101 = "") > 0 ), --('HR Database (optional)'!$F$3:$F$101 = "Executive Team"))} -> 2 | D19: {=SUMPRODUCT( --(LEN(TRIM('HR Database (optional)'!$G$3:$G$101)) > 0), --('HR Database (optional)'!$G$3:$G$101 <= D$8), --( ('HR Database (optional)'!$H$3:$H$101 >= D$8) + ('HR Database (optional)'!$H$3:$H$101 = "") > 0 ), --('HR Database (optional)'!$F$3:$F$101 = "Executive Team"))} -> 3 | E19: {=SUMPRODUCT( --(LEN(TRIM('HR Database (optional)'!$G$3:$G$101)) > 0), --('HR Database (optional)'!$G$3:$G$101 <= E$8), --( ('HR Database (optional)'!$H$3:$H$101 >= E$8) + ('HR Database (optional)'!$H$3:$H$101 = "") > 0 ), --('HR Database (optional)'!$F$3:$F$101 = "Executive Team"))} -> 3 | F19: {=SUMPRODUCT( --(LEN(TRIM('HR Database (optional)'!$G$3:$G$101)) > 0), --('HR Database (optional)'!$G$3:$G$101 <= F$8), --( ('HR Database (optional)'!$H$3:$H$101 >= F$8) + ('HR Database (optional)'!$H$3:$H$101 = "") > 0 ), --('HR Database (optional)'!$F$3:$F$101 = "Executive Team"))} -> 3
A20: H1.9 | B20: Number of women at senior management | C20: {=SUMPRODUCT( --(LEN(TRIM('HR Database (optional)'!$G$3:$G$101)) > 0), --('HR Database (optional)'!$G$3:$G$101 <= C$8), --( ('HR Database (optional)'!$H$3:$H$101 >= C$8) + ('HR Database (optional)'!$H$3:$H$101 = "") > 0 ), --(TRIM('HR Database (optional)'!$D$3:$D$101) = "Woman"), --('HR Database (optional)'!$F$3:$F$101 = "Senior Manager"))} -> 2 | D20: {=SUMPRODUCT( --(LEN(TRIM('HR Database (optional)'!$G$3:$G$101)) > 0), --('HR Database (optional)'!$G$3:$G$101 <= D$8), --( ('HR Database (optional)'!$H$3:$H$101 >= D$8) + ('HR Database (optional)'!$H$3:$H$101 = "") > 0 ), --(TRIM('HR Database (optional)'!$D$3:$D$101) = "Woman"), --('HR Database (optional)'!$F$3:$F$101 = "Senior Manager") )} -> 2 | E20: {=SUMPRODUCT( --(LEN(TRIM('HR Database (optional)'!$G$3:$G$101)) > 0), --('HR Database (optional)'!$G$3:$G$101 <= E$8), --( ('HR Database (optional)'!$H$3:$H$101 >= E$8) + ('HR Database (optional)'!$H$3:$H$101 = "") > 0 ), --(TRIM('HR Database (optional)'!$D$3:$D$101) = "Woman"), --('HR Database (optional)'!$F$3:$F$101 = "Senior Manager") )} -> 1 | F20: {=SUMPRODUCT( --(LEN(TRIM('HR Database (optional)'!$G$3:$G$101)) > 0), --('HR Database (optional)'!$G$3:$G$101 <= F$8), --( ('HR Database (optional)'!$H$3:$H$101 >= F$8) + ('HR Database (optional)'!$H$3:$H$101 = "") > 0 ), --(TRIM('HR Database (optional)'!$D$3:$D$101) = "Woman"), --('HR Database (optional)'!$F$3:$F$101 = "Senior Manager") )} -> 1
A21: H1. 10 | B21: Total members of senior management | C21: {=SUMPRODUCT( --(LEN(TRIM('HR Database (optional)'!$G$3:$G$101)) > 0), --('HR Database (optional)'!$G$3:$G$101 <= C$8), --( ('HR Database (optional)'!$H$3:$H$101 >= C$8) + ('HR Database (optional)'!$H$3:$H$101 = "") > 0 ), --('HR Database (optional)'!$F$3:$F$101 = "Senior Manager"))} -> 6 | D21: {=SUMPRODUCT( --(LEN(TRIM('HR Database (optional)'!$G$3:$G$101)) > 0), --('HR Database (optional)'!$G$3:$G$101 <= D$8), --( ('HR Database (optional)'!$H$3:$H$101 >= D$8) + ('HR Database (optional)'!$H$3:$H$101 = "") > 0 ), --('HR Database (optional)'!$F$3:$F$101 = "Senior Manager"))} -> 6 | E21: {=SUMPRODUCT( --(LEN(TRIM('HR Database (optional)'!$G$3:$G$101)) > 0), --('HR Database (optional)'!$G$3:$G$101 <= E$8), --( ('HR Database (optional)'!$H$3:$H$101 >= E$8) + ('HR Database (optional)'!$H$3:$H$101 = "") > 0 ), --('HR Database (optional)'!$F$3:$F$101 = "Senior Manager"))} -> 5 | F21: {=SUMPRODUCT( --(LEN(TRIM('HR Database (optional)'!$G$3:$G$101)) > 0), --('HR Database (optional)'!$G$3:$G$101 <= F$8), --( ('HR Database (optional)'!$H$3:$H$101 >= F$8) + ('HR Database (optional)'!$H$3:$H$101 = "") > 0 ), --('HR Database (optional)'!$F$3:$F$101 = "Senior Manager"))} -> 5
A22: H1.11 | B22: Number of women in middle management | C22: {=SUMPRODUCT( --(LEN(TRIM('HR Database (optional)'!$G$3:$G$101)) > 0), --('HR Database (optional)'!$G$3:$G$101 <= C$8), --( ('HR Database (optional)'!$H$3:$H$101 >= C$8) + ('HR Database (optional)'!$H$3:$H$101 = "") > 0 ), --(TRIM('HR Database (optional)'!$D$3:$D$101) = "Woman"), --('HR Database (optional)'!$F$3:$F$101 = "Middle Manager") )} -> 2 | D22: {=SUMPRODUCT( --(LEN(TRIM('HR Database (optional)'!$G$3:$G$101)) > 0), --('HR Database (optional)'!$G$3:$G$101 <= D$8), --( ('HR Database (optional)'!$H$3:$H$101 >= D$8) + ('HR Database (optional)'!$H$3:$H$101 = "") > 0 ), --(TRIM('HR Database (optional)'!$D$3:$D$101) = "Woman"), --('HR Database (optional)'!$F$3:$F$101 = "Middle Manager") )} -> 3 | E22: {=SUMPRODUCT( --(LEN(TRIM('HR Database (optional)'!$G$3:$G$101)) > 0), --('HR Database (optional)'!$G$3:$G$101 <= E$8), --( ('HR Database (optional)'!$H$3:$H$101 >= E$8) + ('HR Database (optional)'!$H$3:$H$101 = "") > 0 ), --(TRIM('HR Database (optional)'!$D$3:$D$101) = "Woman"), --('HR Database (optional)'!$F$3:$F$101 = "Middle Manager") )} -> 3 | F22: {=SUMPRODUCT( --(LEN(TRIM('HR Database (optional)'!$G$3:$G$101)) > 0), --('HR Database (optional)'!$G$3:$G$101 <= F$8), --( ('HR Database (optional)'!$H$3:$H$101 >= F$8) + ('HR Database (optional)'!$H$3:$H$101 = "") > 0 ), --(TRIM('HR Database (optional)'!$D$3:$D$101) = "Woman"), --('HR Database (optional)'!$F$3:$F$101 = "Middle Manager") )} -> 3
A23: H1.12 | B23: Total number of middle management members | C23: {=SUMPRODUCT( --(LEN(TRIM('HR Database (optional)'!$G$3:$G$101)) > 0), --('HR Database (optional)'!$G$3:$G$101 <= C$8), --( ('HR Database (optional)'!$H$3:$H$101 >= C$8) + ('HR Database (optional)'!$H$3:$H$101 = "") > 0 ), --('HR Database (optional)'!$F$3:$F$101 = "Middle Manager"))} -> 6 | D23: {=SUMPRODUCT( --(LEN(TRIM('HR Database (optional)'!$G$3:$G$101)) > 0), --('HR Database (optional)'!$G$3:$G$101 <= D$8), --( ('HR Database (optional)'!$H$3:$H$101 >= D$8) + ('HR Database (optional)'!$H$3:$H$101 = "") > 0 ), --('HR Database (optional)'!$F$3:$F$101 = "Middle Manager"))} -> 7 | E23: {=SUMPRODUCT( --(LEN(TRIM('HR Database (optional)'!$G$3:$G$101)) > 0), --('HR Database (optional)'!$G$3:$G$101 <= E$8), --( ('HR Database (optional)'!$H$3:$H$101 >= E$8) + ('HR Database (optional)'!$H$3:$H$101 = "") > 0 ), --('HR Database (optional)'!$F$3:$F$101 = "Middle Manager"))} -> 7 | F23: {=SUMPRODUCT( --(LEN(TRIM('HR Database (optional)'!$G$3:$G$101)) > 0), --('HR Database (optional)'!$G$3:$G$101 <= F$8), --( ('HR Database (optional)'!$H$3:$H$101 >= F$8) + ('HR Database (optional)'!$H$3:$H$101 = "") > 0 ), --('HR Database (optional)'!$F$3:$F$101 = "Middle Manager"))} -> 6
A24: H1.13 | B24: Number of women in non-managerial staff | C24: {=SUMPRODUCT( --(LEN(TRIM('HR Database (optional)'!$G$3:$G$101)) > 0), --('HR Database (optional)'!$G$3:$G$101 <= C$8), --( ('HR Database (optional)'!$H$3:$H$101 >= C$8) + ('HR Database (optional)'!$H$3:$H$101 = "") > 0 ), --(TRIM('HR Database (optional)'!$D$3:$D$101) = "Woman"), --('HR Database (optional)'!$F$3:$F$101 = "Non-Managerial Staff") )} -> 2 | D24: {=SUMPRODUCT( --(LEN(TRIM('HR Database (optional)'!$G$3:$G$101)) > 0), --('HR Database (optional)'!$G$3:$G$101 <= D$8), --( ('HR Database (optional)'!$H$3:$H$101 >= D$8) + ('HR Database (optional)'!$H$3:$H$101 = "") > 0 ), --(TRIM('HR Database (optional)'!$D$3:$D$101) = "Woman"), --('HR Database (optional)'!$F$3:$F$101 = "Non-Managerial Staff") )} -> 2 | E24: {=SUMPRODUCT( --(LEN(TRIM('HR Database (optional)'!$G$3:$G$101)) > 0), --('HR Database (optional)'!$G$3:$G$101 <= E$8), --( ('HR Database (optional)'!$H$3:$H$101 >= E$8) + ('HR Database (optional)'!$H$3:$H$101 = "") > 0 ), --(TRIM('HR Database (optional)'!$D$3:$D$101) = "Woman"), --('HR Database (optional)'!$F$3:$F$101 = "Non-Managerial Staff") )} -> 2 | F24: {=SUMPRODUCT( --(LEN(TRIM('HR Database (optional)'!$G$3:$G$101)) > 0), --('HR Database (optional)'!$G$3:$G$101 <= F$8), --( ('HR Database (optional)'!$H$3:$H$101 >= F$8) + ('HR Database (optional)'!$H$3:$H$101 = "") > 0 ), --(TRIM('HR Database (optional)'!$D$3:$D$101) = "Woman"), --('HR Database (optional)'!$F$3:$F$101 = "Non-Managerial Staff") )} -> 1
A25: H1.14 | B25: Total number of non-managerial staff | C25: {=SUMPRODUCT( --(LEN(TRIM('HR Database (optional)'!$G$3:$G$101)) > 0), --('HR Database (optional)'!$G$3:$G$101 <= C$8), --( ('HR Database (optional)'!$H$3:$H$101 >= C$8) + ('HR Database (optional)'!$H$3:$H$101 = "") > 0 ), --('HR Database (optional)'!$F$3:$F$101 = "Non-Managerial Staff"))} -> 4 | D25: {=SUMPRODUCT( --(LEN(TRIM('HR Database (optional)'!$G$3:$G$101)) > 0), --('HR Database (optional)'!$G$3:$G$101 <= D$8), --( ('HR Database (optional)'!$H$3:$H$101 >= D$8) + ('HR Database (optional)'!$H$3:$H$101 = "") > 0 ), --('HR Database (optional)'!$F$3:$F$101 = "Non-Managerial Staff"))} -> 4 | E25: {=SUMPRODUCT( --(LEN(TRIM('HR Database (optional)'!$G$3:$G$101)) > 0), --('HR Database (optional)'!$G$3:$G$101 <= E$8), --( ('HR Database (optional)'!$H$3:$H$101 >= E$8) + ('HR Database (optional)'!$H$3:$H$101 = "") > 0 ), --('HR Database (optional)'!$F$3:$F$101 = "Non-Managerial Staff"))} -> 5 | F25: {=SUMPRODUCT( --(LEN(TRIM('HR Database (optional)'!$G$3:$G$101)) > 0), --('HR Database (optional)'!$G$3:$G$101 <= F$8), --( ('HR Database (optional)'!$H$3:$H$101 >= F$8) + ('HR Database (optional)'!$H$3:$H$101 = "") > 0 ), --('HR Database (optional)'!$F$3:$F$101 = "Non-Managerial Staff"))} -> 4
A26: H1.15 | B26: Number of women loan officers | C26: {=SUMPRODUCT( --(LEN(TRIM('HR Database (optional)'!$G$3:$G$101)) > 0), --('HR Database (optional)'!$G$3:$G$101 <= C$8), --( ('HR Database (optional)'!$H$3:$H$101 >= C$8) + ('HR Database (optional)'!$H$3:$H$101 = "") > 0 ), --(TRIM('HR Database (optional)'!$D$3:$D$101) = "Woman"), --('HR Database (optional)'!$F$3:$F$101 = "Loan Officer") )} -> 1 | D26: {=SUMPRODUCT( --(LEN(TRIM('HR Database (optional)'!$G$3:$G$101)) > 0), --('HR Database (optional)'!$G$3:$G$101 <= D$8), --( ('HR Database (optional)'!$H$3:$H$101 >= D$8) + ('HR Database (optional)'!$H$3:$H$101 = "") > 0 ), --(TRIM('HR Database (optional)'!$D$3:$D$101) = "Woman"), --('HR Database (optional)'!$F$3:$F$101 = "Loan Officer") )} -> 2 | E26: {=SUMPRODUCT( --(LEN(TRIM('HR Database (optional)'!$G$3:$G$101)) > 0), --('HR Database (optional)'!$G$3:$G$101 <= E$8), --( ('HR Database (optional)'!$H$3:$H$101 >= E$8) + ('HR Database (optional)'!$H$3:$H$101 = "") > 0 ), --(TRIM('HR Database (optional)'!$D$3:$D$101) = "Woman"), --('HR Database (optional)'!$F$3:$F$101 = "Loan Officer") )} -> 1 | F26: {=SUMPRODUCT( --(LEN(TRIM('HR Database (optional)'!$G$3:$G$101)) > 0), --('HR Database (optional)'!$G$3:$G$101 <= F$8), --( ('HR Database (optional)'!$H$3:$H$101 >= F$8) + ('HR Database (optional)'!$H$3:$H$101 = "") > 0 ), --(TRIM('HR Database (optional)'!$D$3:$D$101) = "Woman"), --('HR Database (optional)'!$F$3:$F$101 = "Loan Officer") )} -> 1
A27: H1.16 | B27: Total number of loan officers | C27: {=SUMPRODUCT( --(LEN(TRIM('HR Database (optional)'!$G$3:$G$101)) > 0), --('HR Database (optional)'!$G$3:$G$101 <= C$8), --( ('HR Database (optional)'!$H$3:$H$101 >= C$8) + ('HR Database (optional)'!$H$3:$H$101 = "") > 0 ), --('HR Database (optional)'!$F$3:$F$101 = "Loan Officer"))} -> 2 | D27: {=SUMPRODUCT( --(LEN(TRIM('HR Database (optional)'!$G$3:$G$101)) > 0), --('HR Database (optional)'!$G$3:$G$101 <= D$8), --( ('HR Database (optional)'!$H$3:$H$101 >= D$8) + ('HR Database (optional)'!$H$3:$H$101 = "") > 0 ), --('HR Database (optional)'!$F$3:$F$101 = "Loan Officer"))} -> 4 | E27: {=SUMPRODUCT( --(LEN(TRIM('HR Database (optional)'!$G$3:$G$101)) > 0), --('HR Database (optional)'!$G$3:$G$101 <= E$8), --( ('HR Database (optional)'!$H$3:$H$101 >= E$8) + ('HR Database (optional)'!$H$3:$H$101 = "") > 0 ), --('HR Database (optional)'!$F$3:$F$101 = "Loan Officer"))} -> 3 | F27: {=SUMPRODUCT( --(LEN(TRIM('HR Database (optional)'!$G$3:$G$101)) > 0), --('HR Database (optional)'!$G$3:$G$101 <= F$8), --( ('HR Database (optional)'!$H$3:$H$101 >= F$8) + ('HR Database (optional)'!$H$3:$H$101 = "") > 0 ), --('HR Database (optional)'!$F$3:$F$101 = "Loan Officer"))} -> 1
A28: H1.17 | B28: Number of women senior managers, executive team members & loan officers | C28: {=SUMPRODUCT( --(LEN(TRIM('HR Database (optional)'!$G$3:$G$101)) > 0), --('HR Database (optional)'!$G$3:$G$101 <= C$8), --( ('HR Database (optional)'!$H$3:$H$101 >= C$8) + ('HR Database (optional)'!$H$3:$H$101 = "") > 0 ), --(TRIM('HR Database (optional)'!$D$3:$D$101) = "Woman"), --(('HR Database (optional)'!$F$3:$F$101 = "Manager")+ (TRIM('HR Database (optional)'!$F$3:$F$101) = "Senior Manager")+(TRIM('HR Database (optional)'!$F$3:$F$101) = "Loan Officer") > 0 ) )} -> 3 | D28: {=SUMPRODUCT( --(LEN(TRIM('HR Database (optional)'!$G$3:$G$101)) > 0), --('HR Database (optional)'!$G$3:$G$101 <= D$8), --( ('HR Database (optional)'!$H$3:$H$101 >= D$8) + ('HR Database (optional)'!$H$3:$H$101 = "") > 0 ), --(TRIM('HR Database (optional)'!$D$3:$D$101) = "Woman"), --(('HR Database (optional)'!$F$3:$F$101 = "Manager")+ (TRIM('HR Database (optional)'!$F$3:$F$101) = "Senior Manager")+(TRIM('HR Database (optional)'!$F$3:$F$101) = "Loan Officer") > 0 ) )} -> 4 | E28: {=SUMPRODUCT( --(LEN(TRIM('HR Database (optional)'!$G$3:$G$101)) > 0), --('HR Database (optional)'!$G$3:$G$101 <= E$8), --( ('HR Database (optional)'!$H$3:$H$101 >= E$8) + ('HR Database (optional)'!$H$3:$H$101 = "") > 0 ), --(TRIM('HR Database (optional)'!$D$3:$D$101) = "Woman"), --(('HR Database (optional)'!$F$3:$F$101 = "Manager")+ (TRIM('HR Database (optional)'!$F$3:$F$101) = "Senior Manager")+(TRIM('HR Database (optional)'!$F$3:$F$101) = "Loan Officer") > 0 ) )} -> 2 | F28: {=SUMPRODUCT( --(LEN(TRIM('HR Database (optional)'!$G$3:$G$101)) > 0), --('HR Database (optional)'!$G$3:$G$101 <= F$8), --( ('HR Database (optional)'!$H$3:$H$101 >= F$8) + ('HR Database (optional)'!$H$3:$H$101 = "") > 0 ), --(TRIM('HR Database (optional)'!$D$3:$D$101) = "Woman"), --(('HR Database (optional)'!$F$3:$F$101 = "Manager")+ (TRIM('HR Database (optional)'!$F$3:$F$101) = "Senior Manager")+(TRIM('HR Database (optional)'!$F$3:$F$101) = "Loan Officer") > 0 ) )} -> 2
A29: H1.18 | B29: Total number of senior managers, executive team members & loan officers | C29: {=SUMPRODUCT( --(LEN(TRIM('HR Database (optional)'!$G$3:$G$101)) > 0), --('HR Database (optional)'!$G$3:$G$101 <= C$8), --( ('HR Database (optional)'!$H$3:$H$101 >= C$8) + ('HR Database (optional)'!$H$3:$H$101 = "") > 0 ), --(('HR Database (optional)'!$F$3:$F$101 = "Executive team")+ (TRIM('HR Database (optional)'!$F$3:$F$101) = "Senior Manager")+ (TRIM('HR Database (optional)'!$F$3:$F$101) = "Loan Officer") > 0 ) )} -> 10 | D29: {=SUMPRODUCT( --(LEN(TRIM('HR Database (optional)'!$G$3:$G$101)) > 0), --('HR Database (optional)'!$G$3:$G$101 <= D$8), --( ('HR Database (optional)'!$H$3:$H$101 >= D$8) + ('HR Database (optional)'!$H$3:$H$101 = "") > 0 ), --(('HR Database (optional)'!$F$3:$F$101 = "Executive team")+ (TRIM('HR Database (optional)'!$F$3:$F$101) = "Senior Manager")+ (TRIM('HR Database (optional)'!$F$3:$F$101) = "Loan Officer") > 0 ) )} -> 13 | E29: {=SUMPRODUCT( --(LEN(TRIM('HR Database (optional)'!$G$3:$G$101)) > 0), --('HR Database (optional)'!$G$3:$G$101 <= E$8), --( ('HR Database (optional)'!$H$3:$H$101 >= E$8) + ('HR Database (optional)'!$H$3:$H$101 = "") > 0 ), --(('HR Database (optional)'!$F$3:$F$101 = "Executive team")+ (TRIM('HR Database (optional)'!$F$3:$F$101) = "Senior Manager")+ (TRIM('HR Database (optional)'!$F$3:$F$101) = "Loan Officer") > 0 ) )} -> 11 | F29: {=SUMPRODUCT( --(LEN(TRIM('HR Database (optional)'!$G$3:$G$101)) > 0), --('HR Database (optional)'!$G$3:$G$101 <= F$8), --( ('HR Database (optional)'!$H$3:$H$101 >= F$8) + ('HR Database (optional)'!$H$3:$H$101 = "") > 0 ), --(('HR Database (optional)'!$F$3:$F$101 = "Executive team")+ (TRIM('HR Database (optional)'!$F$3:$F$101) = "Senior Manager")+ (TRIM('HR Database (optional)'!$F$3:$F$101) = "Loan Officer") > 0 ) )} -> 9
A30: H1.19 | B30: Number of women hired in last 12 months | C30: =COUNTIFS( 'HR Database (optional)'!$D$3:$D$101, "woman", 'HR Database (optional)'!$G$3:$G$101, ">" & EDATE(C$8, -12), 'HR Database (optional)'!$G$3:$G$101, "<=" & C$8 ) -> 2 | D30: =COUNTIFS( 'HR Database (optional)'!$D$3:$D$101, "woman", 'HR Database (optional)'!$G$3:$G$101, ">" & EDATE(D$8, -12), 'HR Database (optional)'!$G$3:$G$101, "<=" & D$8 ) -> 3 | E30: =COUNTIFS( 'HR Database (optional)'!$D$3:$D$101, "woman", 'HR Database (optional)'!$G$3:$G$101, ">" & EDATE(E$8, -12), 'HR Database (optional)'!$G$3:$G$101, "<=" & E$8 ) -> 0 | F30: =COUNTIFS( 'HR Database (optional)'!$D$3:$D$101, "woman", 'HR Database (optional)'!$G$3:$G$101, ">" & EDATE(F$8, -12), 'HR Database (optional)'!$G$3:$G$101, "<=" & F$8 ) -> 0
A31: H1. 20 | B31: Number of employees hired in last 12 months | C31: =COUNTIFS( 'HR Database (optional)'!$D$3:$D$101, "man", 'HR Database (optional)'!$G$3:$G$101, ">" & EDATE(C$8, -12), 'HR Database (optional)'!$G$3:$G$101, "<=" & C$8 ) -> 5 | D31: =COUNTIFS( 'HR Database (optional)'!$D$3:$D$101, "man", 'HR Database (optional)'!$G$3:$G$101, ">" & EDATE(D$8, -12), 'HR Database (optional)'!$G$3:$G$101, "<=" & D$8 ) -> 3 | E31: =COUNTIFS( 'HR Database (optional)'!$D$3:$D$101, "man", 'HR Database (optional)'!$G$3:$G$101, ">" & EDATE(E$8, -12), 'HR Database (optional)'!$G$3:$G$101, "<=" & E$8 ) -> 1 | F31: =COUNTIFS( 'HR Database (optional)'!$D$3:$D$101, "man", 'HR Database (optional)'!$G$3:$G$101, ">" & EDATE(F$8, -12), 'HR Database (optional)'!$G$3:$G$101, "<=" & F$8 ) -> 0
A32: H1.21 | B32: Number of women loan officers hired in last 12 months | C32: {=SUMPRODUCT( --(LEN(TRIM('HR Database (optional)'!$G$3:$G$101)) > 0), --('HR Database (optional)'!$G$3:$G$101 > EDATE(C$8, -12)), --('HR Database (optional)'!$G$3:$G$101 <= C$8), --( ('HR Database (optional)'!$H$3:$H$101 >= C$8) + ('HR Database (optional)'!$H$3:$H$101 = "") > 0 ), --(TRIM(LOWER('HR Database (optional)'!$D$3:$D$101)) = "woman"), --(TRIM('HR Database (optional)'!$F$3:$F$101) = "Loan Officer") )} -> 1 | D32: {=SUMPRODUCT( --(LEN(TRIM('HR Database (optional)'!$G$3:$G$101)) > 0), --('HR Database (optional)'!$G$3:$G$101 > EDATE(D$8, -12)), --('HR Database (optional)'!$G$3:$G$101 <= D$8), --( ('HR Database (optional)'!$H$3:$H$101 >= D$8) + ('HR Database (optional)'!$H$3:$H$101 = "") > 0 ), --(TRIM(LOWER('HR Database (optional)'!$D$3:$D$101)) = "woman"), --(TRIM('HR Database (optional)'!$F$3:$F$101) = "Loan Officer") )} -> 1 | E32: {=SUMPRODUCT( --(LEN(TRIM('HR Database (optional)'!$G$3:$G$101)) > 0), --('HR Database (optional)'!$G$3:$G$101 > EDATE(E$8, -12)), --('HR Database (optional)'!$G$3:$G$101 <= E$8), --( ('HR Database (optional)'!$H$3:$H$101 >= E$8) + ('HR Database (optional)'!$H$3:$H$101 = "") > 0 ), --(TRIM(LOWER('HR Database (optional)'!$D$3:$D$101)) = "woman"), --(TRIM('HR Database (optional)'!$F$3:$F$101) = "Loan Officer") )} -> 0 | F32: {=SUMPRODUCT( --(LEN(TRIM('HR Database (optional)'!$G$3:$G$101)) > 0), --('HR Database (optional)'!$G$3:$G$101 > EDATE(F$8, -12)), --('HR Database (optional)'!$G$3:$G$101 <= F$8), --( ('HR Database (optional)'!$H$3:$H$101 >= F$8) + ('HR Database (optional)'!$H$3:$H$101 = "") > 0 ), --(TRIM(LOWER('HR Database (optional)'!$D$3:$D$101)) = "woman"), --(TRIM('HR Database (optional)'!$F$3:$F$101) = "Loan Officer") )} -> 0
A33: H1. 22 | B33: Number of loan officers hired in last 12 months | C33: {=SUMPRODUCT( --(LEN(TRIM('HR Database (optional)'!$G$3:$G$101)) > 0), --('HR Database (optional)'!$G$3:$G$101 > EDATE(C$8, -12)), --('HR Database (optional)'!$G$3:$G$101 <= C$8), --( ('HR Database (optional)'!$H$3:$H$101 >= C$8) + ('HR Database (optional)'!$H$3:$H$101 = "") > 0 ), --(TRIM('HR Database (optional)'!$F$3:$F$101) = "Loan Officer") )} -> 2 | D33: {=SUMPRODUCT( --(LEN(TRIM('HR Database (optional)'!$G$3:$G$101)) > 0), --('HR Database (optional)'!$G$3:$G$101 > EDATE(D$8, -12)), --('HR Database (optional)'!$G$3:$G$101 <= D$8), --( ('HR Database (optional)'!$H$3:$H$101 >= D$8) + ('HR Database (optional)'!$H$3:$H$101 = "") > 0 ), --(TRIM('HR Database (optional)'!$F$3:$F$101) = "Loan Officer") )} -> 2 | E33: {=SUMPRODUCT( --(LEN(TRIM('HR Database (optional)'!$G$3:$G$101)) > 0), --('HR Database (optional)'!$G$3:$G$101 > EDATE(E$8, -12)), --('HR Database (optional)'!$G$3:$G$101 <= E$8), --( ('HR Database (optional)'!$H$3:$H$101 >= E$8) + ('HR Database (optional)'!$H$3:$H$101 = "") > 0 ), --(TRIM('HR Database (optional)'!$F$3:$F$101) = "Loan Officer") )} -> 0 | F33: {=SUMPRODUCT( --(LEN(TRIM('HR Database (optional)'!$G$3:$G$101)) > 0), --('HR Database (optional)'!$G$3:$G$101 > EDATE(F$8, -12)), --('HR Database (optional)'!$G$3:$G$101 <= F$8), --( ('HR Database (optional)'!$H$3:$H$101 >= F$8) + ('HR Database (optional)'!$H$3:$H$101 = "") > 0 ), --(TRIM('HR Database (optional)'!$F$3:$F$101) = "Loan Officer") )} -> 0
A34: H2 | B34: Salary Information
A35: H2.1 | B35: Median salary of women in senior management | C35: {=MEDIAN( IF( ('HR Database (optional)'!$F$3:$F$101 = "Senior Manager") * (TRIM(LOWER('HR Database (optional)'!$D$3:$D$101)) = "Woman") * ( ('HR Database (optional)'!$H$3:$H$101 = "") + ('HR Database (optional)'!$H$3:$H$101 > C$8) > 0 ), 'HR Database (optional)'!$J$3:$J$101 ) )} -> 3750 | D35: {=MEDIAN( IF( ('HR Database (optional)'!$F$3:$F$101 = "Senior Manager") * (TRIM(LOWER('HR Database (optional)'!$D$3:$D$101)) = "Woman") * ( ('HR Database (optional)'!$H$3:$H$101 = "") + ('HR Database (optional)'!$H$3:$H$101 > D$8) > 0 ), 'HR Database (optional)'!$J$3:$J$101 ) )} -> 3750 | E35: {=MEDIAN( IF( ('HR Database (optional)'!$F$3:$F$101 = "Senior Manager") * (TRIM(LOWER('HR Database (optional)'!$D$3:$D$101)) = "Woman") * ( ('HR Database (optional)'!$H$3:$H$101 = "") + ('HR Database (optional)'!$H$3:$H$101 > E$8) > 0 ), 'HR Database (optional)'!$J$3:$J$101 ) )} -> 7000 | F35: {=MEDIAN( IF( ('HR Database (optional)'!$F$3:$F$101 = "Senior Manager") * (TRIM(LOWER('HR Database (optional)'!$D$3:$D$101)) = "Woman") * ( ('HR Database (optional)'!$H$3:$H$101 = "") + ('HR Database (optional)'!$H$3:$H$101 > F$8) > 0 ), 'HR Database (optional)'!$J$3:$J$101 ) )} -> 7000
A36: H2.2 | B36: Median salary of men in senior management | C36: {=MEDIAN( IF( ('HR Database (optional)'!$F$3:$F$101 = "Senior Manager") * (TRIM(LOWER('HR Database (optional)'!$D$3:$D$101)) = "man") * ( ('HR Database (optional)'!$H$3:$H$101 = "") + ('HR Database (optional)'!$H$3:$H$101 > C$8) > 0 ), 'HR Database (optional)'!$J$3:$J$101 ) )} -> 4000 | D36: {=MEDIAN( IF( ('HR Database (optional)'!$F$3:$F$101 = "Senior Manager") * (TRIM(LOWER('HR Database (optional)'!$D$3:$D$101)) = "man") * ( ('HR Database (optional)'!$H$3:$H$101 = "") + ('HR Database (optional)'!$H$3:$H$101 > D$8) > 0 ), 'HR Database (optional)'!$J$3:$J$101 ) )} -> 4000 | E36: {=MEDIAN( IF( ('HR Database (optional)'!$F$3:$F$101 = "Senior Manager") * (TRIM(LOWER('HR Database (optional)'!$D$3:$D$101)) = "man") * ( ('HR Database (optional)'!$H$3:$H$101 = "") + ('HR Database (optional)'!$H$3:$H$101 > E$8) > 0 ), 'HR Database (optional)'!$J$3:$J$101 ) )} -> 4000 | F36: {=MEDIAN( IF( ('HR Database (optional)'!$F$3:$F$101 = "Senior Manager") * (TRIM(LOWER('HR Database (optional)'!$D$3:$D$101)) = "man") * ( ('HR Database (optional)'!$H$3:$H$101 = "") + ('HR Database (optional)'!$H$3:$H$101 > F$8) > 0 ), 'HR Database (optional)'!$J$3:$J$101 ) )} -> 4000
A37: H2.3 | B37: Median salary of women in middle management | C37: {=MEDIAN(IF(( ('HR Database (optional)'!$F$3:$F$101 = "Middle Manager") * (TRIM(LOWER('HR Database (optional)'!$D$3:$D$101)) = "woman") * ( ('HR Database (optional)'!$H$3:$H$101 = "") + ('HR Database (optional)'!$H$3:$H$101 > C$8) > 0 )),'HR Database (optional)'!$J$3:$J$101))} -> 2000 | D37: {=MEDIAN(IF( (TRIM(LOWER('HR Database (optional)'!$F$3:$F$101)) = "Middle manager") * (TRIM(LOWER('HR Database (optional)'!$D$3:$D$101)) = "woman") * ( ('HR Database (optional)'!$H$3:$H$101 = "") + ('HR Database (optional)'!$H$3:$H$101 > D$8) > 0 ), 'HR Database (optional)'!$J$3:$J$101))} -> 2000 | E37: {=MEDIAN( IF( ('HR Database (optional)'!$F$3:$F$101 = "Middle Manager") * (TRIM(LOWER('HR Database (optional)'!$D$3:$D$101)) = "Woman") * ( ('HR Database (optional)'!$H$3:$H$101 = "") + ('HR Database (optional)'!$H$3:$H$101 > E$8) > 0 ), 'HR Database (optional)'!$J$3:$J$101 ) )} -> 2000 | F37: {=MEDIAN( IF( ('HR Database (optional)'!$F$3:$F$101 = "Middle Manager") * (TRIM(LOWER('HR Database (optional)'!$D$3:$D$101)) = "Woman") * ( ('HR Database (optional)'!$H$3:$H$101 = "") + ('HR Database (optional)'!$H$3:$H$101 > F$8) > 0 ), 'HR Database (optional)'!$J$3:$J$101 ) )} -> 2000
A38: H2.4 | B38: Median salary of men in middle management | C38: {=MEDIAN( IF( ('HR Database (optional)'!$F$3:$F$101 = "Middle Manager") * (TRIM(LOWER('HR Database (optional)'!$D$3:$D$101)) = "man") * ( ('HR Database (optional)'!$H$3:$H$101 = "") + ('HR Database (optional)'!$H$3:$H$101 > C$8) > 0 ), 'HR Database (optional)'!$J$3:$J$101 ) )} -> 5000 | D38: {=MEDIAN( IF( ('HR Database (optional)'!$F$3:$F$101 = "Middle Manager") * (TRIM(LOWER('HR Database (optional)'!$D$3:$D$101)) = "man") * ( ('HR Database (optional)'!$H$3:$H$101 = "") + ('HR Database (optional)'!$H$3:$H$101 > D$8) > 0 ), 'HR Database (optional)'!$J$3:$J$101 ) )} -> 6000 | E38: {=MEDIAN( IF( ('HR Database (optional)'!$F$3:$F$101 = "Middle Manager") * (TRIM(LOWER('HR Database (optional)'!$D$3:$D$101)) = "man") * ( ('HR Database (optional)'!$H$3:$H$101 = "") + ('HR Database (optional)'!$H$3:$H$101 > E$8) > 0 ), 'HR Database (optional)'!$J$3:$J$101 ) )} -> 6000 | F38: {=MEDIAN( IF( ('HR Database (optional)'!$F$3:$F$101 = "Middle Manager") * (TRIM(LOWER('HR Database (optional)'!$D$3:$D$101)) = "man") * ( ('HR Database (optional)'!$H$3:$H$101 = "") + ('HR Database (optional)'!$H$3:$H$101 > F$8) > 0 ), 'HR Database (optional)'!$J$3:$J$101 ) )} -> 5000
A39: H2.5 | B39: Median salary of women in early managers/non-managerial staff | C39: {=MEDIAN( IF( ('HR Database (optional)'!$F$3:$F$101 = "Non-Managerial Staff") * (TRIM(LOWER('HR Database (optional)'!$D$3:$D$101)) = "Woman") * ( ('HR Database (optional)'!$H$3:$H$101 = "") + ('HR Database (optional)'!$H$3:$H$101 > C$8) > 0 ), 'HR Database (optional)'!$J$3:$J$101 ) )} -> 900 | D39: {=MEDIAN(IF( (TRIM(LOWER('HR Database (optional)'!$F$3:$F$101)) = "Non-Managerial Staff") * (TRIM(LOWER('HR Database (optional)'!$D$3:$D$101)) = "woman") * ( ('HR Database (optional)'!$H$3:$H$101 = "") + ('HR Database (optional)'!$H$3:$H$101 > D$8) > 0 ), 'HR Database (optional)'!$J$3:$J$101))} -> 900 | E39: {=MEDIAN( IF( ('HR Database (optional)'!$F$3:$F$101 = "Non-Managerial Staff") * (TRIM(LOWER('HR Database (optional)'!$D$3:$D$101)) = "Woman") * ( ('HR Database (optional)'!$H$3:$H$101 = "") + ('HR Database (optional)'!$H$3:$H$101 > E$8) > 0 ), 'HR Database (optional)'!$J$3:$J$101 ) )} -> 900 | F39: {=MEDIAN( IF( ('HR Database (optional)'!$F$3:$F$101 = "Non-Managerial Staff") * (TRIM(LOWER('HR Database (optional)'!$D$3:$D$101)) = "Woman") * ( ('HR Database (optional)'!$H$3:$H$101 = "") + ('HR Database (optional)'!$H$3:$H$101 > F$8) > 0 ), 'HR Database (optional)'!$J$3:$J$101 ) )} -> 1000
A40: H2.6 | B40: Median salary of men early management/non-managerial staff | C40: {=MEDIAN( IF( ('HR Database (optional)'!$F$3:$F$101 = "Non-Managerial Staff") * (TRIM(LOWER('HR Database (optional)'!$D$3:$D$101)) = "man") * ( ('HR Database (optional)'!$H$3:$H$101 = "") + ('HR Database (optional)'!$H$3:$H$101 > C$8) > 0 ), 'HR Database (optional)'!$J$3:$J$101 ) )} -> 2000 | D40: {=MEDIAN( IF( ('HR Database (optional)'!$F$3:$F$101 = "Non-Managerial Staff") * (TRIM(LOWER('HR Database (optional)'!$D$3:$D$101)) = "man") * ( ('HR Database (optional)'!$H$3:$H$101 = "") + ('HR Database (optional)'!$H$3:$H$101 > D$8) > 0 ), 'HR Database (optional)'!$J$3:$J$101 ) )} -> 2000 | E40: {=MEDIAN( IF( ('HR Database (optional)'!$F$3:$F$101 = "Non-Managerial Staff") * (TRIM(LOWER('HR Database (optional)'!$D$3:$D$101)) = "man") * ( ('HR Database (optional)'!$H$3:$H$101 = "") + ('HR Database (optional)'!$H$3:$H$101 > E$8) > 0 ), 'HR Database (optional)'!$J$3:$J$101 ) )} -> 2000 | F40: {=MEDIAN( IF( ('HR Database (optional)'!$F$3:$F$101 = "Non-Managerial Staff") * (TRIM(LOWER('HR Database (optional)'!$D$3:$D$101)) = "man") * ( ('HR Database (optional)'!$H$3:$H$101 = "") + ('HR Database (optional)'!$H$3:$H$101 > F$8) > 0 ), 'HR Database (optional)'!$J$3:$J$101 ) )} -> 2000
A41: H3 | B41: Parental Leave Information
A42: H3.1 | B42: Number of women who took parental leave | C42: {=SUMPRODUCT(--(TRIM(LOWER('HR Database (optional)'!$D$3:$D$101))="woman"),--(LEN(TRIM('HR Database (optional)'!$K$3:$K$101))>0),--('HR Database (optional)'!$K$3:$K$101<=(C$8-(12+G3))))} -> 2 | D42: {=SUMPRODUCT( --(TRIM(LOWER('HR Database (optional)'!$D$3:$D$101)) = "woman"), --(LEN(TRIM('HR Database (optional)'!$K$3:$K$101)) > 0), --('HR Database (optional)'!$K$3:$K$101 <= D$8) )} -> 5 | E42: {=SUMPRODUCT( --(TRIM(LOWER('HR Database (optional)'!$D$3:$D$101)) = "woman"), --(LEN(TRIM('HR Database (optional)'!$K$3:$K$101)) > 0), --('HR Database (optional)'!$K$3:$K$101 <= E$8) )} -> 5 | F42: {=SUMPRODUCT( --(TRIM(LOWER('HR Database (optional)'!$D$3:$D$101)) = "woman"), --(LEN(TRIM('HR Database (optional)'!$K$3:$K$101)) > 0), --('HR Database (optional)'!$K$3:$K$101 <= F$8) )} -> 5
A43: H3.2 | B43: Number of women who worked for 12 months after parental leave | D43: {=SUMPRODUCT(--(TRIM(LOWER('HR Database (optional)'!$D$3:$D$101)) = "woman"), --(LEN(TRIM('HR Database (optional)'!$K$3:$K$101)) > 0), --('HR Database (optional)'!$K$3:$K$101 <= D$8),--(DATEDIF('HR Database (optional)'!$K$3:$K$101, IF('HR Database (optional)'!$H$3:$H$101 = "", D8, 'HR Database (optional)'!$H$3:$H$101),"m") >= (12+G3) ))} -> 3 | E43: {=SUMPRODUCT(--(TRIM(LOWER('HR Database (optional)'!$D$3:$D$101)) = "woman"), --(LEN(TRIM('HR Database (optional)'!$K$3:$K$101)) > 0), --('HR Database (optional)'!$K$3:$K$101 <= E$8),--(DATEDIF('HR Database (optional)'!$K$3:$K$101, IF('HR Database (optional)'!$H$3:$H$101 = "", E8, 'HR Database (optional)'!$H$3:$H$101),"m") >= (12+G3) ))} -> 3 | F43: {=SUMPRODUCT(--(TRIM(LOWER('HR Database (optional)'!$D$3:$D$101)) = "woman"), --(LEN(TRIM('HR Database (optional)'!$K$3:$K$101)) > 0), --('HR Database (optional)'!$K$3:$K$101 <= F$8),--(DATEDIF('HR Database (optional)'!$K$3:$K$101, IF('HR Database (optional)'!$H$3:$H$101 = "", F8, 'HR Database (optional)'!$H$3:$H$101),"m") >= (12+H3) ))} -> 4
A44: H3.3 | B44: Number of men who took parental leave | C44: {=SUMPRODUCT( --(TRIM(LOWER('HR Database (optional)'!$D$3:$D$101)) = "man"), --(LEN(TRIM('HR Database (optional)'!$K$3:$K$101)) > 0) )} -> 3 | D44: {=SUMPRODUCT( --(TRIM(LOWER('HR Database (optional)'!$D$3:$D$101)) = "man"), --(LEN(TRIM('HR Database (optional)'!$K$3:$K$101)) > 0) )} -> 3 | E44: {=SUMPRODUCT( --(TRIM(LOWER('HR Database (optional)'!$D$3:$D$101)) = "man"), --(LEN(TRIM('HR Database (optional)'!$K$3:$K$101)) > 0) )} -> 3 | F44: {=SUMPRODUCT( --(TRIM(LOWER('HR Database (optional)'!$D$3:$D$101)) = "man"), --(LEN(TRIM('HR Database (optional)'!$K$3:$K$101)) > 0) )} -> 3
A45: H3.4 | B45: Number of men who worked for 12 months after parental leave | D45: {=SUMPRODUCT(--(TRIM(LOWER('HR Database (optional)'!$D$3:$D$101)) = "man"), --(LEN(TRIM('HR Database (optional)'!$K$3:$K$101)) > 0), --('HR Database (optional)'!$K$3:$K$101 <= D$8),--(DATEDIF('HR Database (optional)'!$K$3:$K$101, IF('HR Database (optional)'!$H$3:$H$101 = "", D$8, 'HR Database (optional)'!$H$3:$H$101),"m") >= (12+G3) ))} -> 1 | E45: {=SUMPRODUCT(--(TRIM(LOWER('HR Database (optional)'!$D$3:$D$101)) = "man"), --(LEN(TRIM('HR Database (optional)'!$K$3:$K$101)) > 0), --('HR Database (optional)'!$K$3:$K$101 <= E$8),--(DATEDIF('HR Database (optional)'!$K$3:$K$101, IF('HR Database (optional)'!$H$3:$H$101 = "", E$8, 'HR Database (optional)'!$H$3:$H$101),"m") >= (12+G3) ))} -> 2 | F45: {=SUMPRODUCT(--(TRIM(LOWER('HR Database (optional)'!$D$3:$D$101)) = "man"), --(LEN(TRIM('HR Database (optional)'!$K$3:$K$101)) > 0), --('HR Database (optional)'!$K$3:$K$101 <= F$8),--(DATEDIF('HR Database (optional)'!$K$3:$K$101, IF('HR Database (optional)'!$H$3:$H$101 = "", F$8, 'HR Database (optional)'!$H$3:$H$101),"m") >= (12+H3) ))} -> 3
A46: H4 | B46: Promotion Information
A47: H4.1 | B47: Number of women promoted from middle management to senior management in last 2 years | C47: 1 | D47: 2 | E47: 0 | F47: 0 | H47: Information needs to be entered manually
A48: H4.2 | B48: Number of men promoted from middle management to senior management in last 2 years | C48: 2 | D48: 1 | E48: 2 | F48: 2 | H48: Information needs to be entered manually
A49: H4.3 | B49: Number of women promoted from non-managerial staff to middle management in the last 2 years | C49: 1 | D49: 1 | E49: 1 | F49: 1 | H49: Information needs to be entered manually
A50: H4.4 | B50: Number of men promoted from non-managerial staff to middle management in the last 2 years | C50: 1 | D50: 0 | E50: 1 | F50: 1 | H50: Information needs to be entered manually
A51: H5 | B51: Training Information
A52: H5.1 | B52: Total hours of training for women | C52: 5 | D52: 10 | E52: 15 | F52: 15 | H52: Information needs to be entered manually
A53: H5.2 | B53: Total hours of training for men | C53: 14 | D53: 20 | E53: 20 | F53: 20 | H53: Information needs to be entered manually
A54: H6 | B54: Qualitative Information
A55: H6.1 | B55: Company has a confidential grievance, resolution, reporting and non-retaliation mechanism and procedure to address and respond to incidents of violence and harassment | C55: Not aligned | D55: Partially aligned | E55: Aligned | F55: Aligned
A56: H6.2 | B56: Has a stand-alone responsible marketing communication policy or a commitment embedded in a broader corporate policy that addresses the avoidance of gender stereotypes and promotes positive portrayals of women and girls | C56: No | D56: In progress | E56: Yes | F56: Yes
A57: H6.3 | B57: Has a stand-alone policy or a commitment embedded in a broader corporate policy that addresses supporting employees as parents and caregivers, covering all employees in major locations of operation | C57: No | D57: Yes | E57: Yes | F57: Yes
A58: H6.4 | B58: Has a stand-alone policy or commitment embedded in a broader corporate policy on non-discrimination and equal opportunity policy covering pay, recruitment, retention, re-entry, and promotion of all individuals. | C58: In progress | D58: Yes | E58: Yes | F58: Yes
A59: H6.6 | B59: Conducts a gender-responsive risk assessment as part of its human rights due diligence process to identify specific gender-related risks, including violence and harassment, and ensure personal safety and security of all employees. | C59: Aligned and audited | D59: Aligned and audited | E59: Aligned and audited | F59: Aligned and audited
A60: H6.7 | B60: Has policies and procedures to ensure safety, security, confidentiality, and protection of victims of sexual harassment at workplace | C60: No | D60: In progress | E60: In progress | F60: In progress
A61: H6.8 | B61: Provides leadership training, coaching, and/or mentoring to support women to access management and leadership positions | C61: Not aligned | D61: Partially aligned | E61: Aligned | F61: Aligned
A62: H6.9 | B62: Offers flexible work options for all employees | C62: Partially aligned | D62: Aligned | E62: Aligned and audited | F62: Aligned and audited
A63: H6. 10 | B63: Undertakes gender-responsive assessments of machine learning and AI tools to prevent perpetuating gender biases and avoid adverse impacts on women | C63: Partially aligned | D63: Partially aligned | E63: Aligned | F63: Aligned
A64: H6.11 | B64: Has undertaken a gender audit/evaluation/assessment | C64: Aligned | D64: Aligned | E64: Aligned and audited | F64: Aligned and audited
B66: Credit
A67: C1 | B67: Number of Loans
A68: C1.1 | B68: Number of loans approved for businesses owned by women | C68: 50 | D68: 80 | E68: 100 | F68: 100
A69: C1.2 | B69: Total number of business loans approved | C69: 150 | D69: 200 | E69: 250 | F69: 250
A70: C1.3 | B70: Number of loans approved for individual women | C70: 1000 | D70: 1050 | E70: 1200 | F70: 1200
A71: C1.4 | B71: Total number of individual loans approved | C71: 3000 | D71: 3300 | E71: 3500 | F71: 3500
A72: C2 | B72: Interest Rate
A73: C2.1 | B73: Sum of interest rate for loans approved for women annually (Individual+Business) | C73: 21000 | D73: 23730 | E73: 27950 | F73: 27950
A74: C2.2 | B74: Number of loans approved for women annually | C74: 1050 | D74: 1130 | E74: 1300 | F74: 1300
A75: C2.3 | B75: Sum of interest rate for loans approved for men annually (Individual+Business) | C75: 37800 | D75: 45030 | E75: 49000 | F75: 49000
A76: C2.4 | B76: Number of loans approved for men annually | C76: 2100 | D76: 2370 | E76: 2450 | F76: 2450
A77: C3 | B77: Loan Size
A78: C3.1 | B78: Total amount of loan disbursed for women annually | C78: =C79*12000 -> 12600000 | D78: =D79*16000 -> 18080000 | E78: =E79*15000 -> 19500000 | F78: =F79*15000 -> 19500000
A79: C3.2 | B79: Total number of loans disbursed for women annually (Individual+Business) | C79: =C74 -> 1050 | D79: =D74 -> 1130 | E79: =E74 -> 1300 | F79: =F74 -> 1300
A80: C3.3 | B80: Total amount of loan disbursed for men annually | C80: =C81*10000 -> 21000000 | D80: =D81*17000 -> 40290000 | E80: =E81*15000 -> 36750000 | F80: =F81*15000 -> 36750000
A81: C3.4 | B81: Total number of loans disbursed for men annually (Individual+Business) | C81: =C76 -> 2100 | D81: =D76 -> 2370 | E81: =E76 -> 2450 | F81: =F76 -> 2450
A82: C4 | B82: Qualitative Information
A83: C4.1 | B83: Regular capacity building and counselling of female borrowers on loan utilization and repayment plan including use of technology | C83: Not aligned | D83: Partially aligned | E83: Partially aligned | F83: Partially aligned
A84: C4.2 | B84: Periodic monitoring and review of the credit scorecard using a gender-lens along with loan officers | C84: Partially aligned | D84: Partially aligned | E84: Partially aligned | F84: Partially aligned
A85: C4.3 | B85: Financial products or services are offered that enhance the wellbeing of women/girls and/or drive gender equity | C85: Partially aligned | D85: Aligned | E85: Aligned and audited | F85: Aligned and audited
A86: C4.4 | B86: Existence of flexible loan repayment program such as flexible credit lines | C86: Not aligned | D86: Not aligned | E86: Not aligned | F86: Not aligned

Sheet Guide
A1: #VALUE!
B2: Stage of Toolkit Adoption | C2: Metric Type | D2: Category | E2: Activity Description | F2: Indicator | G2: Calculation | H2: Source of Methodology | I2: Target Value | J2: Target Source | K2: Target Frequency | L2: Investment Level | M2: Time Required | N2: Expected Impact | O2: Impact Source | P2: Responsible team/individual | Q2: Recommended Action | R2: Sources
A3: TRUE | B3: Gender-Aware Adopter | C3: Human Resources | D3: Firm-Level | E3: Increase overall women in workforce | F3: Percentage of women employees | G3: (Number of Women Employees/Total Employees)×100 | H3: Women Empowerment Principles, 2021 Private Equity and Value Creation, 2020 | I3: At least 40% | J3: 2X Criteria Reference Guide | K3: Annually | L3: $$ | M3: Medium-Term | N3: The World Bank estimates that closing the gender gap in employment and entrepreneurship could increase global GDP by more than 20%, while the International Monetary Fund (IMF) has categorized the correction of the “misallocation” of women’s talents and abilities as a method for boosting productivity. | O3: Gender Gap Report, 2024 | P3: Human Resources | Q3: 1. Set gender-balanced hiring targets and eliminate bias in job descriptions. 2. Offer paid parental leave and hybrid work options to retain female talent. 3. Monitor hiring, pay equity, and career progression to ensure equal opportunities. | R3: 1. Women's World Banking, page 6 2. Women's World Banking, page 8 3. Pay Transparency Tools to Close the Gender Wage Gap, page 24
A4: TRUE | B4: Gender-Aware Adopter | C4: Human Resources | D4: Firm-Level | E4: Promote women to management | F4: Percentage of women at management level¹ | G4: (Number of Women Managers/Total Number of Managers)x100 | H4: Women Empowerment Principles, 2021 Private Equity and Value Creation, 2020 | I4: At least 30% | J4: 2X Criteria Reference Guide FTSE Women Leaders Review | K4: Annually | L4: $$$ | M4: Long-Term | N4: Women managers are twice as likely as their male counterparts to invest significant time in diversity, equity, and inclusion (DEI) work, fostering collaboration and creating more inclusive environments. This commitment to DEI and employee well-being by women managers leads to reduced burnout, improved employee retention, and higher job satisfaction, ultimately contributing to enhanced organizational performance. | O4: McKinsey Diversity matters even more: The case for holistic impact, 2023 | P4: Executive Leadership & Human Resources | Q4: 1. Provide mentorship, sponsorship, and executive coaching for high-potential women. 2. Ensure transparent promotions and monitor gender representation in leadership. 3. Create structured pathways and career acceleration programs for women in senior roles. | R4: 1. Women in Workplace 2022, page 33 2. Women in Workplace 2022, page 44 3. HeForShe Alliance IMPACT REPORT 2024, page 12
A5: TRUE | B5: Gender-Aware Adopter | C5: Human Resources | D5: Firm-Level | E5: Enhance women representation in board | F5: Percentage of women on boards | G5: (Number of Women in Board/Total Board Members)x100 | H5: Women Empowerment Principles, 2021 Private Equity and Value Creation, 2020 | I5: At least 30% | J5: 30% Club | K5: Annually | L5: $$$ | M5: Long-Term | N5: Companies in the top quartile of board-gender diversity are 27% more likely than those in the bottom quartile to outperform financially. For every woman added to a company board with ten directors, there was, on average, a two-point increase in holistic impact scores, which include environmental and social impact metrics. | O5: McKinsey Diversity matters even more: The case for holistic impact, 2023 | P5: Board Nominating Committee, Board of Directors | Q5: 1. Set at least 30% representation targets for women in executive and board roles. 2. Ensure the board includes qualified women through diverse hiring networks. | R5: 1. OECD Corporate Governance Working Papers No. 28, page 9 2. Women's World Banking, page 18
A6: TRUE | B6: Gender-Aware Adopter | C6: Human Resources | D6: Firm-Level | E6: Enhance women representation in executive teams | F6: Percentage of women on executive teams² | G6: (Number of Women in Executive Roles or Partners/Total Executive Roles)x100 | H6: Women Empowerment Principles, 2021 Private Equity and Value Creation, 2020 | I6: At least 30% | J6: 30% Club | K6: Annually | L6: $$$ | M6: Long-Term | N6: The business case for gender diversity on executive teams has more than doubled over the past decade. Firms in the top quartile for gender diversity on executive teams are 39% more likely to financially outperform those in the bottom quartile. Companies in the bottom quartile for gender diversity on executive teams are 66% less likely to financially outperform their peers, indicating that lack of diversity may be getting more expensive. | O6: McKinsey Diversity matters even more: The case for holistic impact, 2024 | P6: Human Resources, Board of Directors, Executive Leadership | Q6: 1. Identify high-potential women and offer executive coaching. 2. Tie bonuses and incentives to gender diversity progress. | R6: 1. Women's Empowerment Principles 2. Women in leadership, page 12
A7: TRUE | B7: Gender-Responsive Implementer | C7: Human Resources | D7: Firm-Level | E7: Increase women’s representation in senior management | F7: Percent of women in senior management³ | G7: (Number of Women in Senior Management / Total Senior Management) × 100 | H7: Private Equity and Value Creation, 2020 | I7: At least 30% | J7: 2X Criteria Reference Guide FTSE Women Leaders Review | K7: Annually | L7: $$ | M7: Medium-Term | N7: Women managers are twice as likely as their male counterparts to invest significant time in diversity, equity, and inclusion (DEI) work, fostering collaboration and creating more inclusive environments. This commitment to DEI and employee well-being by women managers leads to reduced burnout, improved employee retention, and higher job satisfaction, ultimately contributing to enhanced organizational performance. | O7: McKinsey Diversity matters even more: The case for holistic impact, 2023 | P7: Human Resources & Executive Leadership | Q7: 1. Implement executive sponsorship and mentorship programs for women. 2. Tie executive bonuses to gender diversity targets. 3. Require gender-inclusive succession planning. | R7: 1. Women's Empowerment Principles 2. Women in leadership, page 12
A8: TRUE | B8: Gender-Responsive Implementer | C8: Human Resources | D8: Firm-Level | E8: Increase women’s representation in middle management | F8: Percent of women in middle management⁴ | G8: (Number of Women in Middle Management / Total Middle Management) × 100 | H8: Private Equity and Value Creation, 2020 | I8: At least 30% | J8: 2X Criteria Reference Guide | K8: Annually | L8: $$ | M8: Medium-Term | N8: Women managers are twice as likely as their male counterparts to invest significant time in diversity, equity, and inclusion (DEI) work, fostering collaboration and creating more inclusive environments. This commitment to DEI and employee well-being by women managers leads to reduced burnout, improved employee retention, and higher job satisfaction, ultimately contributing to enhanced organizational performance. | O8: McKinsey Diversity matters even more: The case for holistic impact, 2023 | P8: Human Resources and Department Heads | Q8: 1. Introduce leadership training for women in middle management. 2. Develop mentorship & sponsorship initiatives for high-potential women. | R8: 1. IWF 2. Women's World Banking, page 9
A9: TRUE | B9: Gender-Responsive Implementer | C9: Human Resources | D9: Firm-Level | E9: Increase women’s representation in non-managerial roles | F9: Percent of women in non-managerial staff⁵ | G9: (Number of Women in Non-Managerial Staff / Total Non-Managerial Staff) × 100 | H9: Private Equity and Value Creation, 2020 | I9: At least 40% | J9: 2X Criteria Reference Guide | K9: Annually | L9: $ | M9: Short-Term | N9: The World Bank estimates that closing the gender gap in employment and entrepreneurship could increase global GDP by more than 20%, while the International Monetary Fund (IMF) has categorized the correction of the “misallocation” of women’s talents and abilities as a method for boosting productivity. | O9: Gender Gap Report, 2024 | P9: Human Resources | Q9: 1. Set gender-balanced hiring quotas for entry-level positions. 2. Ensure gender-inclusive job descriptions and recruitment practices. 3. Implement family-friendly workplace policies to improve retention. | R9: 1. IFC 2. UN Women 3. World Bank
A10: TRUE | B10: Gender-Responsive Implementer | C10: Human Resources | D10: Firm-Level | E10: Ensure pay equity | F10: Average Ratio of women’s salary to men’s salary | G10: 1. Median Salary of Women in a role/ Median Salary of Men in the same role 2. Average of this ratio across all roles in the firm | H10: Women Empowerment Principles, 2025 | I10: 1 | J10: ILO Equal Remuneration Convention, 1951 (No. 100) | K10: Annually | L10: $$$ | M10: Long-Term | N10: Eliminating the gender pay gap by increasing women’s pay to match that of men of the same age and education level would cut the poverty rate for all working women in half, regardless of their family structure. Providing equal pay for women would inject $513 billion into the U.S. economy, representing a 3% increase in GDP​. Improving gender equality in the European Union could lead to a 9.6% increase in EU GDP per capita, equivalent to €3.15 trillion, and an additional 10.5 million jobs by 2050, according to the European Institute for Gender Equality. This would benefit both women and men. | O10: The Simple Truth About the Gender Pay Gap, 2018 The Simple Truth About the Gender Pay Gap, 2022 EIB Gender equality and women’s economic empowerment | P10: Human Resources | Q10: 1. Perform annual salary audits to identify and address gender pay gaps. 2. Implement performance-based compensation and promotion frameworks to eliminate bias. 3. Disclose salary ranges in job postings and integrate pay equity into DEI goals. | R10: 1. ILO 2. OECD 3. OECD
A11: TRUE | B11: Gender-Responsive Implementer | C11: Human Resources | D11: Recruitment | E11: Improve gender diversity in hiring | F11: Percentage of new hires – women | G11: (Number of Women New Hires / Total New Hires) × 100 | H11: Women Empowerment Principles, 2025 | I11: At least 50% | J11: Women Empowerment Principles, 2025 | K11: Quarterly | L11: $$ | M11: Medium-Term | N11: Companies that invest in women’s employment gain an important competitive advantage, because they reach a wider talent pool, realize enhanced productivity, and improve staff retention. | O11: Private Equity and Value Creation, 2020 | P11: Human Resources | Q11: 1. Require at least one woman per panel. 2. Set gender hiring targets and refine strategies based on quarterly data. 3. Conduct biannual audits and monitor compliance. | R11: 1. UN Special Measures for the Achievement of Gender Equality 2. World Bank Group 3. ILO
A12: FALSE | B12: Gender-Responsive Implementer | C12: Human Resources | D12: Onboarding | E12: Ensure gender-equitable career progression | F12: Percentage of promotions and career opportunities – women | G12: Promotion Rate by level for women 1. 100* (Total number of women promoted from Entry-Level to Mid-Management over the last 2 FY/ Average of the total number of women in the entry level in the last two years) 2. 100* (Total number of women promoted from Mid-Management to Senior Leadership over the last 2 FY/ Average of the total number of women in mid-management in the last two years) 3. 100* (Total number of women promoted from Senior Leadership to Executive role over the last 2 FY/ Average of the total number of women in senior leadership in the last two years) (Number of Women Promoted at a Specific Level/Total number of Women at the preceding level) * 100 measured biannually | H12: Women Empowerment Principles, 2025 | I12: 1 | J12: Women Empowerment Principles, 2025 | K12: Biannually | L12: $$$ | M12: Long-Term | N12: Women managers are twice as likely as their male counterparts to invest significant time in diversity, equity, and inclusion (DEI) work, fostering collaboration and creating more inclusive environments. This commitment to DEI and employee well-being by women managers leads to reduced burnout, improved employee retention, and higher job satisfaction, ultimately contributing to enhanced organizational performance. Promotions based on merit, fairness, and robust performance measurement frameworks (rather than tenure) can help redress gender inequalities. They can also remove barriers for caregivers, who may be less likely to be identified for leadership development programmes and positions because of evaluation bias. | O12: McKinsey Diversity matters even more: The case for holistic impact, 2023 Gender Balance Index, 2024 Toolkit for Mainstreaming and Implementing Gender Equality, 2023 (OECD) | P12: Human Resources, Senior Leadership, Learning & Development Team | Q12: 1. Establishing clear criteria for promotions ensures that advancement is based on performance rather than tenure. 2. Offering mentorship opportunities equips women with the skills necessary for leadership roles. 3. Establish supportive work-family policies. | R12: 1. ILO (pag.30-31) 2. OECD (pag.16-17) 3. UN (pag.7-9)
A13: TRUE | B13: Gender-Responsive Implementer | C13: Human Resources | D13: Retention | E13: Improve retention of employees after parental leave | F13: Retention rate of women FTE employees who took parental leave | G13: (Number of Women Returning After Parental Leave / Total Women Taking Leave) × 100 | H13: Women Empowerment Principles, 2025 | I13: At least 90% | J13: Why Paid Family Leave Is Good Business Paid Parental Leave and Female Faculty Retention Buzzfeed’s Parental Leave Benefits Result In 95% Retention Rate 93% of women remain with the company after 12 months of maternity leave | K13: Biannually | L13: $$ | M13: Medium-Term | N13: World Bank research has found that extending the duration of maternity leave is linked to a reduction of women’s participation in the workforce. Furthermore, the data suggests that parental parity is in fact positively correlated with higher female labor-force participation. Achieving workforce gender parity, therefore, requires governments and businesses to facilitate for the adoption and exercise of equitable parental leave, ensuring childcare responsibilities are shared equitably. | O13: Gender Gap Report, 2024 | P13: Human Resources | Q13: 1. Offer phased return options and role adjustments to ease the transition back to work. 2. Provide parental support benefits to reduce barriers for working parents. 3. Establish mentorship and re-onboarding programs to help returning parents stay on career tracks. | R13: 1. ILO (pag.18-19) 2. OECD (pag.56-58) 3. EHRC (pag.16-18)
A14: FALSE | B14: Gender-Responsive Implementer | C14: Human Resources | D14: Retention | E14: Improve retention of employees after parental leave | F14: Retention rate of men FTE employees who took parental leave | G14: (Number of Men Returning After Parental Leave / Total Men Taking Leave) × 100 | H14: Women Empowerment Principles, 2025 | I14: At least 90% | J14: Why Paid Family Leave Is Good Business | K14: Biannually | L14: $$ | M14: Medium-Term | N14: World Bank research has found that extending the duration of parental leave is linked to a reduction of participation in the workforce. Furthermore, the data suggests that parental parity is in fact positively correlated with higher female labor-force participation. Achieving workforce gender parity, therefore, requires governments and businesses to facilitate for the adoption and exercise of equitable parental leave, ensuring childcare responsibilities are shared equitably. | O14: Gender Gap Report, 2024 | P14: HR Analytics | Q14: 1. Offer phased return options and role adjustments to ease the transition back to work. 2. Provide parental support benefits to reduce barriers for working parents. 3. Establish mentorship and re-onboarding programs to help returning parents stay on career tracks. | R14: 1. ILO (pag.18-19) 2. OECD (pag.56-58) 3. EHRC (pag.16-18)
A15: FALSE | B15: Gender-Responsive Implementer | C15: Human Resources | D15: Severance | E15: Establish grievance & harassment reporting mechanisms | F15: Company has a confidential grievance, resolution, reporting and non-retaliation mechanism and procedure to address and respond to incidents of violence and harassment | G15: Not Aligned/Partially Aligned/Aligned/Aligned & Audited | H15: Women Empowerment Principles, 2025 | I15: Aligned & Audited | J15: Women Empowerment Principles, 2025 | K15: Annually | L15: $$ | M15: Medium-Term | N15: A safe and supportive work environment is fundamental to gender equality and women’s empowerment. Clear policies, robust reporting mechanisms, and a zero-tolerance approach to violence and harassment ensure that employees can work without fear. Employees who feel safe and supported are more likely to perform at their best, resulting in increased productivity, lower absenteeism, and reduced turnover. | O15: Driving Accountability & Transparency in the Private Sector | P15: Legal & Compliance Teams | Q15: 1. Create clear company policies of non-violence and against harassment 2. Establish a clear and comprehensive reporting system (ideally using a third party) 3. Ensure that non-retaliation measures are implemented and communicated with staff 4. Reflect on the reporting mechanism system annually to ensure that it is gender sensitive | R15: 1. OECD (pag 25-32) 2. OECD (pag. 9-12) 3. OECD (pag.13-14) 4. OECD (pag.24-26)
A16: FALSE | B16: Gender Equity Advocate | C16: Human Resources | D16: Firm-Level | E16: Ensure gender balance in credit decision-making by tracking loan officer gender representation | F16: Percentage of Women Loan Officers | G16: Number of Women Loan Officers/Total Loan Officers | H16: The Gender Performance Checklist, 2024 (Women's World Banking) | I16: At least 40% | J16: 2X Criteria Reference Guide | K16: Annually | L16: $$ | M16: Medium-Term | N16: Disaggregating data on loan officers in WAM’s portfolio showed that hiring more Women loan officers correlated to acquiring more Women customers. | O16: The Gender Performance Checklist, 2024 (Women's World Banking) | Q16: 1. Regularly gathering and examining data on the gender composition of loan officers. 2. Establishing policies that encourage gender diversity in recruitment. 3. Offering training programs to address unconscious biases. | R16: 1. UN Women (pag.12-14) 2. World Bank (pag.3-5) 3. McKinsey's 2019 "Women in the Workplace" report, pag 5 and 18
A17: FALSE | B17: Gender Equity Advocate | C17: Human Resources | D17: Firm-Level | E17: Increase women's representation in underrepresented roles | F17: Percent of women in traditionally underrepresented roles Underrepresented roles would imply women as managers or team leaders or professionals in technol, finance or business-focused roles | G17: (Number of Women in Underrepresented Roles / Total Employees in Underrepresented Roles) × 100 | H17: Women Empowerment Principles, 2025 | I17: At least 40% | J17: Women Empowerment Principles, 2025 | K17: Annually | L17: $$ | M17: Medium-Term | N17: In a study of Fortune 500 companies, Catalyst found that firms with higher gender diversity in management had 35 percent better return on equity (ROE) than firms with poor gender equity. In a ‘full potential’ scenario, where women play an identical role in labor markets to that of men, as much as $28 trillion, or 26 percent, could be added to the global annual GDP by 2025. | O17: Delivering Gender Equality: Best Practices Framework in Male Dominated Industries, 2023 (USAID) | P17: Human Resources | Q17: 1. Partner with STEM organizations to encourage women to enter fields where they are underrepresented. 2. Create mentorship and sponsorship programs to connect women with senior leaders. 3. Set clear diversity and inclusion goals and regularly audit progress to ensure accountability. | R17: 1. OWSD 2. World Bank
A18: FALSE | B18: Gender Equity Advocate | C18: Human Resources | D18: Onboarding | E18: Ensure gender-balanced training and leadership development | F18: Average trainee hours that the organization's employees have undertaken, disaggregated by sex and employee level | G18: Average Trainee hours = Number of hours in training*Number of people trained Sex disaggregated Data: Average Trainee hours for men = Number of hours in training for men*Number of men trained Average Trainee hours for women = Number of hours in training for women*Number of women trained Average Trainee hours for women/Average Trainee hours for men | H18: Women Empowerment Principles, 2025 | I18: 1 | J18: Women Empowerment Principles, 2025 | K18: Annually | L18: $$ | M18: Medium-Term | N18: Companies with structured talent development programs see an increased number of women promoted to leadership positions. | O18: Delivering Gender Equality: Best Practices Framework in Male Dominated Industries, 2023 (USAID) | P18: Human Resources | Q18: 1. Develop programs specifically designed to prepare women for leadership roles. 2. Partner with advocacy groups dedicated to advancing women in leadership to enhance internal initiatives. | R18: 1. UN Women 2. IGC
A19: FALSE | B19: Gender Equity Advocate | C19: Human Resources | D19: Retention | E19: Promote inclusive marketing practices | F19: Has a stand-alone responsible marketing communication policy or a commitment embedded in a broader corporate policy that addresses the avoidance of gender stereotypes and promotes positive portrayals of women and girls | G19: Yes/No | H19: Women Empowerment Principles, 2025 | I19: Yes | J19: Women Empowerment Principles, 2025 | K19: Annually | L19: $$ | M19: Medium-Term | N19: Advertising plays a pivotal role in shaping perceptions and social norms. By portraying women and men in modern, authentic, and multidimensional roles, companies can challenge stereotypes and promote gender equality on a broader scale. Successful corporate branding strategies result in increased credibility and access to more diverse talent. Women candidates and individuals with diverse social identities increasingly apply for positions at companies that demonstrate a strong commitment to gender equality. Organizations that integrate inclusive marketing strategies experience increased consumer engagement and brand loyalty, as they align their messaging with evolving social norms and consumer expectations. | O19: Driving Accountability & Transparency in the Private Sector Delivering Gender Equality: Best Practices Framework in Male Dominated Industries (USAID, 2023) McKinsey Diversity matters even more: The case for holistic impact, 2023 | P19: Marketing & Branding | Q19: 1. Ensure advertisements portray individuals in diverse and authentic roles, moving beyond traditional gender stereotypes. 2. Avoid labeling products as specifically for men or women and avoid social constraints. 3. Publicly support social causes to align brand values with those of a diverse consumer base. | R19: 1. UNICEF (pg. 13-14) 2. UNICEF (pg. 13-14) 3. OECD (pg. 58-62)
A20: FALSE | B20: Gender Equity Leader | C20: Human Resources | D20: Firm-level | E20: Implement non-discrimination policies | F20: Has a stand-alone policy or a commitment embedded in a broader corporate policy that addresses supporting employees as parents and caregivers, covering all employees in major locations of operation | G20: Yes/No | H20: Women Empowerment Principles, 2025 | I20: Yes | J20: Women Empowerment Principles, 2025 | K20: Annually | L20: $$ | M20: Medium-Term | N20: Implementing family-friendly policies has strong business value as it increases employee retention, reduces absenteeism, and lowers overall recruitment costs. Family-friendly policies enable working parents, especially mothers, to advance in their careers, and employees with access to flexible work arrangements tend to be more committed and engaged, leading to innovation and productivity. | O20: Attracting and Retaining Talent Through Inclusive Family-Friendly Policies | P20: Human Resources | Q20: 1. Identify employees who have taken parental leave and conduct a post-parental leave survey 2. Based on your findings, establish a clear parental leave policy that addresses any gaps that exist between current parental leave policies and the experience of employees 3. Conduct annual audits to ensure that parental leave meets the needs of employees and is being implemented equally at all locations of operation 4. Optionally, create/invest in creating caretaking programs for parents | R20: 1. ILO (pg. 13-15) 2. ILO (pg. 13-15) 3. European institute for gender equality 4. European institute for gender equality
A21: FALSE | B21: Gender Equity Leader | C21: Human Resources | D21: Firm-level | E21: Ensure equal pay | F21: Has a stand-alone policy or commitment embedded in a broader corporate policy on non-discrimination and equal opportunity policy covering pay, recruitment, retention, re-entry, and promotion of all individuals. | G21: Yes/No | H21: Women Empowerment Principles, 2025 | I21: Yes | J21: Women Empowerment Principles, 2025 | K21: Annually | L21: $$ | M21: Medium-Term | N21: Employers who implement non-discrimination strategies gain business advantages such as improved employee morale, access to a wider talent pool, reduced legal risks, and enhanced reputation​. It highlights that recruitment improves when companies adopt competence-based hiring systems and audit payment disparities for women and minorities​. Retention benefits include the development of family-friendly policies and the implementation of anti-harassment frameworks​. Additionally, diverse workforces help businesses penetrate new markets by reflecting the communities they serve​ | O21: IFC Non-Discrimination and Equal Opportunity, 2006 | P21: Human Resources | Q21: 1. Identify key areas where gender disparities are most prominent 2. Create a policy that takes those disparities into account while emphasizing non-discrimination and equal opportunity regardless of sex 3. Establish an annual review | R21: 1. ILO (72-88)
A22: FALSE | B22: Gender Equity Leader | C22: Human Resources | D22: Firm-level | E22: Conduct gender-responsive risk assessments | F22: Conducts a gender-responsive risk assessment as part of its human rights due diligence process to identify specific gender-related risks, including violence and harassment and ensure personal safety and security of all employees. | G22: Yes/No | H22: Women Empowerment Principles, 2025 | I22: Yes | J22: Women Empowerment Principles, 2025 | K22: Annually | L22: $$ | M22: Medium-Term | N22: Conducting a gender-responsive risk assessment as part of human rights due diligence helps identify and mitigate gender-related risks, including violence and harassment, ensuring employee safety. Regular assessments improve workplace safety and foster a culture of respect. Implementing these assessments enhances employee well-being, productivity, and corporate reputation. | O22: UN Policy Template: Gender-based Violence and Harassment at Work UN Policy Template: Domestic Violence | P22: Human Resources | Q22: 1. Building and reinforcing a culture of respect and dignity in the workplace 2. Building policies that promote workplace safety 3. Provide trainings on Workplace safety measures ensuring that reporting mechanism are included in those trainings | R22: 1. UN Women (pg.7-8) 2. UN Women (pg. 5-7) 3. UN Women (pg. 8-10)
A23: FALSE | B23: Gender Equity Leader | C23: Human Resources | D23: Firm-Level | E23: Promote flexible work options | F23: Offers flexible work options for all employees | G23: Not Aligned/Partially Aligned/Aligned/Aligned & Audited | H23: Women Empowerment Principles, 2025 | I23: Aligned & Audited | J23: Women Empowerment Principles, 2025 | K23: Annually | L23: $$ | M23: Medium-Term | N23: Flexible work options significantly enhance employee satisfaction, retention, and productivity. According to the article, 83% of U.S. employees value flexible working hours, while 74% consider location flexibility crucial. Workplace flexibility was also cited as the top reason for 44% of employees returning to the workforce after a temporary exit, demonstrating its role in talent retention and business competitiveness. | O23: The Impact Of Flexible Work And The Importance Of Adapting To Change, 2024 | P23: Human Resources | Q23: 1. Gauge employee interest in flexible work options 2. Implement policies that are consistent with company values and offer flexible work options | R23: 1. UN Women (pg.7-10) 2. UN Women (pg. 1-7)
A24: FALSE | B24: Gender Equity Leader | C24: Human Resources | D24: Firm-Level | E24: Ensure safe work environments | F24: Has policies and procedures to ensure safety, security, confidentiality, and protection of victims of sexual harassment at workplace | G24: Yes/No | H24: Women Empowerment Principles, 2025 | I24: Yes | J24: Women Empowerment Principles, 2025 | K24: Annually | L24: $$ | M24: Medium-Term | N24: Having robust anti-sexual harassment policies in the workplace significantly improves employee retention, career progression, and overall job security. According to the Limiting Our Livelihoods report, 38% of respondents who experienced harassment left their jobs earlier than planned, while 37% reported disruptions in career advancement due to harassment. Additionally, 59% of victims did not report incidents out of fear of retaliation, highlighting the critical need for policies ensuring safety, confidentiality, and protection​. | O24: AAUW Limiting Our Livelihoods, 2019 | P24: Human Resources | Q24: 1. Building and reinforcing a culture of respect and dignity in the workplace 2. Building policies that promote workplace safety 3. Provide trainings on Workplace safety measures ensuring that reporting mechanism are included in those trainings | R24: 1. UN Women (pg.7-8) 2. UN Women (pg. 5-7) 3. UN Women (pg. 8-10)
A25: FALSE | B25: Gender Equity Leader | C25: Human Resources | D25: Retention | E25: Provide leadership development | F25: Provides leadership training, coaching, and/or mentoring to support women to access management and leadership positions | G25: Not Aligned/Partially Aligned/Aligned/Aligned & Audited | H25: Women Empowerment Principles, 2025 | I25: Aligned & Audited | J25: Women Empowerment Principles, 2025 | K25: Annually | L25: $$ | M25: Medium-Term | N25: Mentoring and leadership training programs significantly improve women's access to management roles by enhancing career advancement opportunities and job satisfaction. According to the WEPs Guidance on Mentoring in the Workplace, Santander’s mentoring initiatives led to a 39% promotion rate among participants, while structured programs at Deloitte improved women's representation in leadership. Such programs also reduce employee turnover and address systemic barriers to gender diversity​. | O25: Mentoring in the Workplace | P25: Human Resources | Q25: 1. Partner with external firms & senior management to provide expert coaching and mentoring 2. Create an online resource hub that increases accessibility for women employees 3. Track the impact of coaching programs through post-training surveys | R25: 1. UN Women (page 10-15) 2. UN Women (pg. 10-15 3. UN Women (Pg. 28-29)
A26: FALSE | B26: Gender Equity Leader | C26: Human Resources | D26: Recruitment | E26: Ensure gender fairness in AI and machine learning systems | F26: Undertakes gender-responsive assessments of machine learning and AI tools to prevent perpetuating gender biases and avoid adverse impacts on women | G26: Not Aligned/Partially Aligned/Aligned/Aligned & Audited | H26: Women Empowerment Principles, 2025 | I26: Aligned & Audited | J26: Women Empowerment Principles, 2025 | K26: Annually | L26: $$ | M26: Medium-Term | N26: Gender-responsive assessments of AI and machine learning tools in hiring are crucial to preventing the perpetuation of gender biases. The report Automating Discrimination: AI Hiring Practices and Gender Inequality highlights that AI-driven hiring systems often replicate past biases, disadvantaging women by filtering out resumes with female-associated terms and limiting their access to high-paying job advertisements​. Implementing AI audits can help organizations detect and mitigate these biases, ensuring fair recruitment practices while reducing legal risks under anti-discrimination laws​. | O26: Automating Discrimination: AI Hiring Practices and Gender Inequality | P26: Human Resources | Q26: 1. Test all AI tools to ensure that they don't hold any bias. 1A. feed your AI resumes of staff who are currently employed at your company and understand why the AI would push their resume forward or not 1B. using this knowledge, you can redevelop the AI software you are using OR have someone "recheck" the AI's work for all submitted documents to AI tools | R26: 1. Maastrich University (Page 7)
A27: FALSE | B27: Gender Equity Leader | C27: Human Resources | D27: Firm-Level | E27: Conduct gender audit | F27: Has undertaken a gender audit/evaluation/assessment | G27: Not Aligned/Partially Aligned/Aligned/Aligned & Audited | H27: Women Empowerment Principles, 2025 | I27: Aligned & Audited | J27: Women Empowerment Principles, 2025 | K27: Annually | L27: $$$ | M27: Medium-Term | N27: Conducting gender audits in financial institutions and organizations leads to improved business performance, enhanced risk management, and better talent retention. Companies that conducted gender assessments experienced increased financial returns and greater leadership diversity. Additionally, gender audits help mitigate legal and reputational risks while ensuring compliance with gender equality standards. | O27: Private Equity and Value Creation, 2020 | P27: Human Resources | Q27: 1. Select which areas/departments you would like to conduct a gender audit on 2. Decide whether your company would best benefit from an internal or external audit 3. Collect all relevant documentation, policy, and information to analyze 4. Thoroughly analyze existing policies to ensure they are gender equitable, using surveys and focus group discussions to fill any gaps in knowledge | R27: 1. Akina Mama Wa Africa (pg. 5-7) 2. ILO ( (pg. 8) 3. European Institute for gender equality
A28: FALSE | B28: Gender-Aware Adopter | C28: Credit | D28: Product/Service | E28: Gender-sensitive approach to loan screening and approval | F28: Percentage of loans approved for businesses owned by women | G28: (Number of loans approved for businesses owned by women/Total number of business loans approved)*100 | H28: 2X Criteria | I28: At least 50% | J28: 2X Criteria | K28: Annually | L28: $ | M28: Short-term | N28: Investing in gender-diverse organizations and women-owned businesses has demonstrated significant financial returns—almost twice as much revenue per dollar. | O28: European Investment Bank. (2022, April 1). Debunking myths. By Christina Juhasz & Stephen O'Driscoll | P28: Business Banking | Q28: Adopting the Gender-Intentional Credit Scoring Method: Conduct Gender Lens Analysis | R28: Gender-intentional Credit Scoring PG 5-7
A29: FALSE | B29: Gender-Aware Adopter | C29: Credit | D29: Product/Service | E29: Gender-sensitive approach to loan screening and approval | F29: If customers are individuals, minimum % investor loan proceeds must be for women or minimum % of the portfolio must be women. | G29: (Number of investor loans approved for women/Total number of investor loans approved)*100 | H29: 2X Criteria | I29: At least 50% | J29: 2X Criteria | K29: Annually | L29: $ | M29: Short-term | N29: Evidence from microfinance suggests that companies with women borrowers’ experience, on average, 6% higher earnings growth, increased assets, and 3% higher returns on equity compared to companies with fewer female borrowers. If women are prioritized by financial institutions in providing loans, then more women are encouraged and informed about financial services such as loans that can help boost economic interventions such as starting a business or investing in assets. | O29: Women’s World Banking. (2022, July 28). Women’s World Banking 2021 impact report. | P29: Retail Banking | Q29: 1. Adopting the Gender-Intentional Credit Scoring Method: Conduct Gender Lens Analysis | R29: Gender-intentional Credit Scoring PG 5-7
A30: FALSE | B30: Gender-Responsive Implementer | C30: Credit | D30: Product/Service | E30: Gender-sensitive approach to product designing and policy decisions at the firm level | F30: Financial products or services are offered that enhance the wellbeing of women/girls and/or drive gender equity | G30: Not Aligned/Partially Aligned/Aligned/Aligned & Audited | H30: 2X Criteria | I30: Aligned & Audited | J30: 2X Criteria | K30: Annually | L30: $$ | M30: Long-term | N30: WMSMEs often face higher perceived risks by lenders due to factors such as limited access to assets to pledge as collateral, and shorter credit history records. Financial products such as guarantee schemes among others provide a risk-sharing mechanism that can facilitate access to finance to these enterprises. | O30: Financing Programs for Women's Financial Inclusion and Access to Finance for Women MSMEs | P30: Business Banking | Q30: Women's World Banking Toolkit to design financial products and services using a gender-lens | R30: Women's World banking's Women-centred Product Design Methodology
... A36: FALSE | B36: Gender Equity Leader | C36: Credit | D36: Borrower | E36: Reforming policy on loan repayment deploying a gender equity perspective being sensitive to the risks women face in accessing financial inclusion due to shorter turn-around time | F36: Existence of flexible loan repayment program such as flexible credit lines | G36: Not Aligned/Partially Aligned/Aligned/Aligned & Audited | H36: Case Studies on flexible loan repayment policy | I36: Aligned & Audited | J36: Case Studies on flexible loan repayment policy | K36: Annually | L36: $$$ | M36: Long-term | N36: Flexible loan repayment program, which allowed traditional female microfinance borrowers in good standing and larger collateralized borrowers to postpone (up to two monthly repayments in a 12-month loan cycle for instance), had on average a positive impact on business and socio-economic status outcomes for female microfinance borrowers | O36: Battaglia M. et al., 2021. Repayment Flexibility and Risk Taking: Experimental Evidence from Credit Contracts | P36: Retail Banking | Q36: Sonata Finance Pvt. Ltd. policy on flexible loan repayment for microcredit | R36: Sonata Finance Pvt Ltd Case
Q43: \

Sheet Key Gender Metrics
A1: #VALUE!
A2: Category | B2: ='Self-Assessment '!F10 -> Gender-Responsive Implementer
A4: Category | B4: Key Ratios | C4: ='Inputs (optional)'!C8 -> 44926 | D4: =EOMONTH(C4,12) -> 45291 | E4: =EOMONTH(D4,12) -> 45657 | F4: 45855 | G4: Internal -Target | H4: Benchmark | I4: Recommended Action/Activity
B5: Human Resource | C5: Optional | D5: Optional | L5: =C4 -> 44926 | M5: =D4 -> 45291 | N5: =E4 -> 45657
B6: Gender distribution of employees
A7: Gender Aware Adopter | B7: Percentage of women employees | C7: ='Inputs (optional)'!C12/'Inputs (optional)'!C13 -> 0.32 | D7: ='Inputs (optional)'!D12/'Inputs (optional)'!D13 -> 0.36666667 | E7: ='Inputs (optional)'!E12/'Inputs (optional)'!E13 -> 0.31034483 | F7: ='Inputs (optional)'!F12/'Inputs (optional)'!F13 -> 0.32 | G7: 0.35 | H7: 0.4 | I7: Guide '!Q3 | K7: Percentage of men employees | L7: =('Inputs (optional)'!C13-'Inputs (optional)'!C12)/'Inputs (optional)'!C13 -> 0.68 | M7: =('Inputs (optional)'!D13-'Inputs (optional)'!D12)/'Inputs (optional)'!D13 -> 0.63333333 | N7: =('Inputs (optional)'!E13-'Inputs (optional)'!E12)/'Inputs (optional)'!E13 -> 0.68965517
A8: Gender Aware Adopter | B8: Percentage of women managers | C8: ='Inputs (optional)'!C14/'Inputs (optional)'!C15 -> 0.28571429 | D8: ='Inputs (optional)'!D14/'Inputs (optional)'!D15 -> 0.28571429 | E8: ='Inputs (optional)'!E14/'Inputs (optional)'!E15 -> 0.16666667 | F8: ='Inputs (optional)'!F14/'Inputs (optional)'!F15 -> 0.16666667 | H8: 0.3 | I8: Guide '!Q6 | K8: Percentage of men managers | L8: =('Inputs (optional)'!C15-'Inputs (optional)'!C14)/'Inputs (optional)'!C15 -> 0.71428571 | M8: =('Inputs (optional)'!D15-'Inputs (optional)'!D14)/'Inputs (optional)'!D15 -> 0.71428571 | N8: =('Inputs (optional)'!E15-'Inputs (optional)'!E14)/'Inputs (optional)'!E15 -> 0.83333333
A9: Gender Aware Adopter | B9: Percentage of women on Board | C9: ='Inputs (optional)'!C16/'Inputs (optional)'!C17 -> 0.33333333 | D9: ='Inputs (optional)'!D16/'Inputs (optional)'!D17 -> 0.25 | E9: ='Inputs (optional)'!E16/'Inputs (optional)'!E17 -> 0.25 | F9: ='Inputs (optional)'!F16/'Inputs (optional)'!F17 -> 0.25 | H9: 0.3 | I9: Guide '!Q9 | K9: Percentage of men on Board | L9: =('Inputs (optional)'!C17-'Inputs (optional)'!C16)/'Inputs (optional)'!C17 -> 0.66666667 | M9: =('Inputs (optional)'!D17-'Inputs (optional)'!D16)/'Inputs (optional)'!D17 -> 0.75 | N9: =('Inputs (optional)'!E17-'Inputs (optional)'!E16)/'Inputs (optional)'!E17 -> 0.75
A10: Gender Aware Adopter | B10: Percentage of women on executive teams | C10: ='Inputs (optional)'!C18/'Inputs (optional)'!C19 -> 0 | D10: ='Inputs (optional)'!D18/'Inputs (optional)'!D19 -> 0.33333333 | E10: ='Inputs (optional)'!E18/'Inputs (optional)'!E19 -> 0.33333333 | F10: ='Inputs (optional)'!F18/'Inputs (optional)'!F19 -> 0.33333333 | H10: 0.3 | I10: Guide '!Q11 | K10: Percentage of men on executive teams | L10: =('Inputs (optional)'!C19-'Inputs (optional)'!C18)/'Inputs (optional)'!C19 -> 1 | M10: =('Inputs (optional)'!D19-'Inputs (optional)'!D18)/'Inputs (optional)'!D19 -> 0.66666667 | N10: =('Inputs (optional)'!E19-'Inputs (optional)'!E18)/'Inputs (optional)'!E19 -> 0.66666667
A11: Gender-Responsive Implementer | B11: Percentage of women in senior management | C11: ='Inputs (optional)'!C20/'Inputs (optional)'!C21 -> 0.33333333 | D11: ='Inputs (optional)'!D20/'Inputs (optional)'!D21 -> 0.33333333 | E11: ='Inputs (optional)'!E20/'Inputs (optional)'!E21 -> 0.2 | F11: ='Inputs (optional)'!F20/'Inputs (optional)'!F21 -> 0.2 | H11: 0.3 | I11: Guide '!Q13 | K11: Percentage of men in senior management | L11: =('Inputs (optional)'!C21-'Inputs (optional)'!C20)/'Inputs (optional)'!C21 -> 0.66666667 | M11: =('Inputs (optional)'!D21-'Inputs (optional)'!D20)/'Inputs (optional)'!D21 -> 0.66666667 | N11: =('Inputs (optional)'!E21-'Inputs (optional)'!E20)/'Inputs (optional)'!E21 -> 0.8
A12: Gender-Responsive Implementer | B12: Percentage of women in middle management | C12: ='Inputs (optional)'!C22/'Inputs (optional)'!C23 -> 0.33333333 | D12: ='Inputs (optional)'!D22/'Inputs (optional)'!D23 -> 0.42857143 | E12: ='Inputs (optional)'!E22/'Inputs (optional)'!E23 -> 0.42857143 | F12: ='Inputs (optional)'!F22/'Inputs (optional)'!F23 -> 0.5 | H12: 0.3 | I12: Guide '!Q15 | K12: Percentage of men in middle management | L12: =('Inputs (optional)'!C23-'Inputs (optional)'!C22)/'Inputs (optional)'!C23 -> 0.66666667 | M12: =('Inputs (optional)'!D23-'Inputs (optional)'!D22)/'Inputs (optional)'!D23 -> 0.57142857 | N12: =('Inputs (optional)'!E23-'Inputs (optional)'!E22)/'Inputs (optional)'!E23 -> 0.57142857
A13: Gender-Responsive Implementer | B13: Percentage of women in non-managerial staff | C13: ='Inputs (optional)'!C24/'Inputs (optional)'!C25 -> 0.5 | D13: ='Inputs (optional)'!D24/'Inputs (optional)'!D25 -> 0.5 | E13: ='Inputs (optional)'!E24/'Inputs (optional)'!E25 -> 0.4 | F13: ='Inputs (optional)'!F24/'Inputs (optional)'!F25 -> 0.25 | H13: 0.4 | I13: Guide '!Q17 | K13: Percentage of men in non-managerial staff | L13: =('Inputs (optional)'!C25-'Inputs (optional)'!C24)/'Inputs (optional)'!C25 -> 0.5 | M13: =('Inputs (optional)'!D25-'Inputs (optional)'!D24)/'Inputs (optional)'!D25 -> 0.5 | N13: =('Inputs (optional)'!E25-'Inputs (optional)'!E24)/'Inputs (optional)'!E25 -> 0.6
B14: Salary information
A15: Gender-Responsive Implementer | B15: Salary ratio of women to men in senior management | C15: ='Inputs (optional)'!C35/'Inputs (optional)'!C36 -> 0.9375 | D15: ='Inputs (optional)'!D35/'Inputs (optional)'!D36 -> 0.9375 | E15: ='Inputs (optional)'!E35/'Inputs (optional)'!E36 -> 1.75 | F15: ='Inputs (optional)'!F35/'Inputs (optional)'!F36 -> 1.75 | H15: 1 | I15: Guide '!Q20
A16: Gender-Responsive Implementer | B16: Salary ratio of women to men in middle-management | C16: ='Inputs (optional)'!C37/'Inputs (optional)'!C38 -> 0.4 | D16: ='Inputs (optional)'!D37/'Inputs (optional)'!D38 -> 0.33333333 | E16: ='Inputs (optional)'!E37/'Inputs (optional)'!E38 -> 0.33333333 | F16: ='Inputs (optional)'!F37/'Inputs (optional)'!F38 -> 0.4 | H16: 1 | I16: Guide '!Q20
A17: Gender-Responsive Implementer | B17: Salary ratio of women to men in non-managerial staff | C17: ='Inputs (optional)'!C39/'Inputs (optional)'!C40 -> 0.45 | D17: ='Inputs (optional)'!D39/'Inputs (optional)'!D40 -> 0.45 | E17: ='Inputs (optional)'!E39/'Inputs (optional)'!E40 -> 0.45 | F17: ='Inputs (optional)'!F39/'Inputs (optional)'!F40 -> 0.5 | H17: 1 | I17: Guide '!Q20
A18: Gender-Responsive Implementer | B18: Average salary ratio-women: men | C18: =AVERAGE(C15:C17) -> 0.59583333 | D18: =AVERAGE(D15:D17) -> 0.57361111 | E18: =AVERAGE(E15:E17) -> 0.84444444 | F18: =AVERAGE(F15:F17) -> 0.88333333 | H18: 1 | I18: Guide '!Q20
B19: Promotions/career progression
A20: Gender-Responsive Implementer | B20: Percentage of women new hires | C20: ='Inputs (optional)'!C30/'Inputs (optional)'!C31 -> 0.4 | D20: ='Inputs (optional)'!D30/'Inputs (optional)'!D31 -> 1 | E20: ='Inputs (optional)'!E30/'Inputs (optional)'!E31 -> 0 | F20: ='Inputs (optional)'!F30/'Inputs (optional)'!F31 -> #DIV/0! | H20: 0.5 | I20: Guide '!Q23
A21: Gender-Responsive Implementer | B21: Proportion of women promoted to senior management positions in past 2 years | C21: ='Inputs (optional)'!C47/AVERAGE('Inputs (optional)'!C22) -> 0.5 | D21: ='Inputs (optional)'!D47/AVERAGE('Inputs (optional)'!C22:D22) -> 0.8 | E21: ='Inputs (optional)'!E47/AVERAGE('Inputs (optional)'!D22:E22) -> 0 | F21: ='Inputs (optional)'!F47/AVERAGE('Inputs (optional)'!E22:F22) -> 0 | I21: Guide '!Q26
A22: Gender-Responsive Implementer | B22: Proportion of men promoted to senior management positions in past 2 years | C22: ='Inputs (optional)'!C48/AVERAGE('Inputs (optional)'!C23-'Inputs (optional)'!C22) -> 0.5 | D22: ='Inputs (optional)'!D48/AVERAGE('Inputs (optional)'!D23-'Inputs (optional)'!D22) -> 0.25 | E22: ='Inputs (optional)'!E48/AVERAGE('Inputs (optional)'!E23-'Inputs (optional)'!E22) -> 0.5 | F22: ='Inputs (optional)'!F48/AVERAGE('Inputs (optional)'!F23-'Inputs (optional)'!F22) -> 0.66666667 | I22: Guide '!Q26
A23: Gender-Responsive Implementer | B23: Ratio of women is to men promoted to senior management in past 2 years | C23: =C21/C22 -> 1 | D23: =D21/D22 -> 3.2 | E23: =E21/E22 -> 0 | F23: =F21/F22 -> 0 | H23: 1 | I23: Guide '!Q26
A24: Gender-Responsive Implementer | B24: Proportion of women promoted to middle management positions in past 2 years | C24: ='Inputs (optional)'!C49/AVERAGE('Inputs (optional)'!C24) -> 0.5 | D24: ='Inputs (optional)'!D49/AVERAGE('Inputs (optional)'!C24:D24) -> 0.5 | E24: ='Inputs (optional)'!E49/AVERAGE('Inputs (optional)'!D24:E24) -> 0.5 | F24: ='Inputs (optional)'!F49/AVERAGE('Inputs (optional)'!E24:F24) -> 0.66666667 | I24: Guide '!Q26
A25: Gender-Responsive Implementer | B25: Proportion of men promoted to middle management positions in past 2 years | C25: ='Inputs (optional)'!C50/AVERAGE('Inputs (optional)'!C23-'Inputs (optional)'!C22) -> 0.25 | D25: ='Inputs (optional)'!D50/AVERAGE('Inputs (optional)'!D23-'Inputs (optional)'!D22, 'Inputs (optional)'!C23-'Inputs (optional)'!C22) -> 0 | E25: ='Inputs (optional)'!E50/AVERAGE('Inputs (optional)'!E23-'Inputs (optional)'!E22, 'Inputs (optional)'!D23-'Inputs (optional)'!D22) -> 0.25 | F25: ='Inputs (optional)'!F50/AVERAGE('Inputs (optional)'!F23-'Inputs (optional)'!F22, 'Inputs (optional)'!E23-'Inputs (optional)'!E22) -> 0.28571429 | I25: Guide '!Q26
A26: Gender-Responsive Implementer | B26: Ratio of women is to men promoted to middle management in past 2 years | C26: =C24/C25 -> 2 | D26: =D24/D25 -> #DIV/0! | E26: =E24/E25 -> 2 | F26: =F24/F25 -> 2.3333333 | H26: 1 | I26: Guide '!Q26
B27: Parental Leave
A28: Gender-Responsive Implementer | B28: Percentage of women who worked for 12 months after returning from parental leave | C28: ='Inputs (optional)'!C43/'Inputs (optional)'!C42 -> 0 | D28: ='Inputs (optional)'!D43/'Inputs (optional)'!D42 -> 0.6 | E28: ='Inputs (optional)'!E43/'Inputs (optional)'!E42 -> 0.6 | F28: ='Inputs (optional)'!F43/'Inputs (optional)'!F42 -> 0.8 | H28: 0.9 | I28: Guide '!Q29
A29: Gender-Responsive Implementer | B29: Percentage of men who worked for 12 months after returning from parental leave | C29: ='Inputs (optional)'!C45/'Inputs (optional)'!C44 -> 0 | D29: ='Inputs (optional)'!D45/'Inputs (optional)'!D44 -> 0.33333333 | E29: ='Inputs (optional)'!E45/'Inputs (optional)'!E44 -> 0.66666667 | F29: ='Inputs (optional)'!F45/'Inputs (optional)'!F44 -> 1 | H29: 0.9 | I29: Guide '!Q33
B30: Qualitative Information
A31: Gender-Responsive Implementer | B31: Grievance mechanism | C31: ='Inputs (optional)'!C55 -> Not aligned | D31: ='Inputs (optional)'!D55 -> Partially aligned | E31: ='Inputs (optional)'!E55 -> Aligned | F31: ='Inputs (optional)'!F55 -> Aligned | H31: Aligned & Audited | I31: Guide '!Q36
A32: Gender Equity Advocate | B32: Percentage of women loan officers | C32: ='Inputs (optional)'!C26/'Inputs (optional)'!C27 -> 0.5 | D32: ='Inputs (optional)'!D26/'Inputs (optional)'!D27 -> 0.5 | E32: ='Inputs (optional)'!E26/'Inputs (optional)'!E27 -> 0.33333333 | F32: ='Inputs (optional)'!F26/'Inputs (optional)'!F27 -> 1 | H32: 0.4 | I32: Guide '!Q40
A33: Gender Equity Advocate | B33: Percentage of women at underrepresented levels | C33: ='Inputs (optional)'!C28/'Inputs (optional)'!C29 -> 0.3 | D33: ='Inputs (optional)'!D28/'Inputs (optional)'!D29 -> 0.30769231 | E33: ='Inputs (optional)'!E28/'Inputs (optional)'!E29 -> 0.18181818 | F33: ='Inputs (optional)'!F28/'Inputs (optional)'!F29 -> 0.22222222 | H33: 0.4 | I33: Guide '!Q43
A34: Gender Equity Advocate | B34: Ratio of average hours of training of women: men | C34: =('Inputs (optional)'!C52/'Inputs (optional)'!C12)/('Inputs (optional)'!C53/('Inputs (optional)'!C13-'Inputs (optional)'!C12)) -> 0.75892857 | D34: =('Inputs (optional)'!D52/'Inputs (optional)'!D12)/('Inputs (optional)'!D53/('Inputs (optional)'!D13-'Inputs (optional)'!D12)) -> 0.86363636 | E34: =('Inputs (optional)'!E52/'Inputs (optional)'!E12)/('Inputs (optional)'!E53/('Inputs (optional)'!E13-'Inputs (optional)'!E12)) -> 1.6666667 | F34: =('Inputs (optional)'!F52/'Inputs (optional)'!F12)/('Inputs (optional)'!F53/('Inputs (optional)'!F13-'Inputs (optional)'!F12)) -> 1.59375 | H34: 1 | I34: Guide '!Q45
A35: Gender Equity Advocate | B35: Marketing policy | C35: ='Inputs (optional)'!C56 -> No | D35: ='Inputs (optional)'!D56 -> In progress | E35: ='Inputs (optional)'!E56 -> Yes | F35: ='Inputs (optional)'!F56 -> Yes | H35: Yes | I35: Guide '!Q47
A36: Gender Equity Leader | B36: Policy supporting parents and caregivers | C36: ='Inputs (optional)'!C57 -> No | D36: ='Inputs (optional)'!D57 -> Yes | E36: ='Inputs (optional)'!E57 -> Yes | F36: ='Inputs (optional)'!F57 -> Yes | H36: Yes | I36: Guide '!Q50
A37: Gender Equity Leader | B37: Nondiscrimination & equal opportunity policy | C37: ='Inputs (optional)'!C58 -> In progress | D37: ='Inputs (optional)'!D58 -> Yes | E37: ='Inputs (optional)'!E58 -> Yes | F37: ='Inputs (optional)'!F58 -> Yes | H37: Yes | I37: Guide '!Q54
A38: Gender Equity Leader | B38: Gender-responsive risk assessments for employees | C38: ='Inputs (optional)'!C59 -> Aligned and audited | D38: ='Inputs (optional)'!D59 -> Aligned and audited | E38: ='Inputs (optional)'!E59 -> Aligned and audited | F38: ='Inputs (optional)'!F59 -> Aligned and audited | H38: Aligned & Audited | I38: Guide '!Q55
A39: Gender Equity Leader | B39: Offers flexible work options for all employees | C39: ='Inputs (optional)'!C62 -> Partially aligned | D39: ='Inputs (optional)'!D62 -> Aligned | E39: ='Inputs (optional)'!E62 -> Aligned and audited | F39: ='Inputs (optional)'!F62 -> Aligned and audited | H39: Aligned & Audited | I39: Guide '!Q58
A40: Gender Equity Leader | B40: Does the organization have policies and procedures to ensure safety, security, confidentiality and protection of victims of sexual harassment in the workplace | C40: ='Inputs (optional)'!C60 -> No | D40: ='Inputs (optional)'!D60 -> In progress | E40: ='Inputs (optional)'!E60 -> In progress | F40: ='Inputs (optional)'!F60 -> In progress | H40: Yes | I40: Guide '!Q60
A41: Gender Equity Leader | B41: Does your organization support women in accessing management and leadership positions through training, coaching, mentoring | C41: ='Inputs (optional)'!C61 -> Not aligned | D41: ='Inputs (optional)'!D61 -> Partially aligned | E41: ='Inputs (optional)'!E61 -> Aligned | F41: ='Inputs (optional)'!F61 -> Aligned | H41: Aligned & Audited | I41: Guide '!Q63
A42: Gender Equity Leader | B42: Undertakes gender-responsive assessments of machine learning and AI tools to prevent perpetuating gender biases and avoid adverse impacts on women | C42: ='Inputs (optional)'!C63 -> Partially aligned | D42: ='Inputs (optional)'!D63 -> Partially aligned | E42: ='Inputs (optional)'!E63 -> Aligned | F42: ='Inputs (optional)'!F63 -> Aligned | H42: Aligned & Audited | I42: Guide '!Q66
A43: Gender Equity Leader | B43: Has undertaken a gender audit/evaluation/assessment | C43: ='Inputs (optional)'!C64 -> Aligned | D43: ='Inputs (optional)'!D64 -> Aligned | E43: ='Inputs (optional)'!E64 -> Aligned and audited | F43: ='Inputs (optional)'!F64 -> Aligned and audited | H43: Aligned & Audited | I43: Guide '!Q67
B44: Credit
B45: End-borrower
A46: Gender Aware Adopter | B46: Percentage of loans approved for businesses owned by women | C46: ='Inputs (optional)'!C68/'Inputs (optional)'!C69 -> 0.33333333 | D46: ='Inputs (optional)'!D68/'Inputs (optional)'!D69 -> 0.4 | E46: ='Inputs (optional)'!E68/'Inputs (optional)'!E69 -> 0.4 | F46: ='Inputs (optional)'!F68/'Inputs (optional)'!F69 -> 0.4 | H46: 0.5 | I46: Guide '!Q70
A47: Gender Aware Adopter | B47: Percentage of loan proceeds for individual women | C47: ='Inputs (optional)'!C70/'Inputs (optional)'!C71 -> 0.33333333 | D47: ='Inputs (optional)'!D70/'Inputs (optional)'!D71 -> 0.31818182 | E47: ='Inputs (optional)'!E70/'Inputs (optional)'!E71 -> 0.34285714 | F47: ='Inputs (optional)'!F70/'Inputs (optional)'!F71 -> 0.34285714 | H47: 0.5 | I47: Guide '!Q71
A48: Gender-Responsive Implementer | B48: Financial products or services are offered that enhance the wellbeing of women/girls and/or drive gender equity | C48: ='Inputs (optional)'!C85 -> Partially aligned | D48: ='Inputs (optional)'!D85 -> Aligned | E48: ='Inputs (optional)'!E85 -> Aligned and audited | F48: ='Inputs (optional)'!F85 -> Aligned and audited | H48: Aligned & Audited | I48: Guide '!Q72
B49: Loan Characteristics
A50: Gender-Responsive Implementer | B50: Average interest rate on loans for women borrowers | C50: ='Inputs (optional)'!C73/'Inputs (optional)'!C74 -> 20 | D50: ='Inputs (optional)'!D73/'Inputs (optional)'!D74 -> 21 | E50: ='Inputs (optional)'!E73/'Inputs (optional)'!E74 -> 21.5 | F50: ='Inputs (optional)'!F73/'Inputs (optional)'!F74 -> 21.5 | I50: Guide '!Q73
A51: Gender-Responsive Implementer | B51: Average interest rate on loans for men borrowers | C51: ='Inputs (optional)'!C75/'Inputs (optional)'!C76 -> 18 | D51: ='Inputs (optional)'!D75/'Inputs (optional)'!D76 -> 19 | E51: ='Inputs (optional)'!E75/'Inputs (optional)'!E76 -> 20 | F51: ='Inputs (optional)'!F75/'Inputs (optional)'!F76 -> 20 | I51: Guide '!Q73
A52: Gender-Responsive Implementer | B52: Difference in average interest rate (average interest rate for women - average interest rate for men) | C52: =C50-C51 -> 2 | D52: =D50-D51 -> 2 | E52: =E50-E51 -> 1.5 | F52: =F50-F51 -> 1.5 | H52: Reducing YoY trend | I52: Guide '!Q73
A53: Gender-Responsive Implementer | B53: Average loan size disbursed for women | C53: ='Inputs (optional)'!C78/'Inputs (optional)'!C79 -> 12000 | D53: ='Inputs (optional)'!D78/'Inputs (optional)'!D79 -> 16000 | E53: ='Inputs (optional)'!E78/'Inputs (optional)'!E79 -> 15000 | F53: ='Inputs (optional)'!F78/'Inputs (optional)'!F79 -> 15000 | I53: Guide '!Q74
A54: Gender-Responsive Implementer | B54: Average loan size disbursed for men | C54: ='Inputs (optional)'!C80/'Inputs (optional)'!C81 -> 10000 | D54: ='Inputs (optional)'!D80/'Inputs (optional)'!D81 -> 17000 | E54: ='Inputs (optional)'!E80/'Inputs (optional)'!E81 -> 15000 | F54: ='Inputs (optional)'!F80/'Inputs (optional)'!F81 -> 15000 | I54: Guide '!Q74
A55: Gender-Responsive Implementer | B55: Difference in loan size (average loan size disbursed for women - average loan size disbursed for men) | C55: =C53-C54 -> 2000 | D55: =D53-D54 -> -1000 | E55: =E53-E54 -> 0 | F55: =F53-F54 -> 0 | H55: Reducing YoY trend | I55: Guide '!Q74
B56: Qualitative Information
A57: Gender Equity Advocate | B57: Training for women borrowers on loan utilization, repayment plan and use of technology | C57: ='Inputs (optional)'!C83 -> Not aligned | D57: ='Inputs (optional)'!D83 -> Partially aligned | E57: ='Inputs (optional)'!E83 -> Partially aligned | F57: ='Inputs (optional)'!F83 -> Partially aligned | H57: Aligned & Audited | I57: Guide '!Q75
A58: Gender Equity Advocate | B58: Percentage of women loan officers hired in last 12 months | C58: ='Inputs (optional)'!C32/'Inputs (optional)'!C33 -> 0.5 | D58: ='Inputs (optional)'!D32/'Inputs (optional)'!D33 -> 0.5 | E58: ='Inputs (optional)'!E32/'Inputs (optional)'!E33 -> #DIV/0! | F58: ='Inputs (optional)'!F32/'Inputs (optional)'!F33 -> #DIV/0! | H58: 0.3 | I58: Guide '!Q76
A59: Gender Equity Leader | B59: Do you have a score card? Is gender lens integrated in it? Is it periodically monitored? | C59: ='Inputs (optional)'!C84 -> Partially aligned | D59: ='Inputs (optional)'!D84 -> Partially aligned | E59: ='Inputs (optional)'!E84 -> Partially aligned | F59: ='Inputs (optional)'!F84 -> Partially aligned | H59: Aligned & Audited | I59: Guide '!Q77
A60: Gender Equity Leader | B60: Existence of flexible loan repayment program such as flexible credit lines | C60: ='Inputs (optional)'!C86 -> Not aligned | D60: ='Inputs (optional)'!D86 -> Not aligned | E60: ='Inputs (optional)'!E86 -> Not aligned | F60: ='Inputs (optional)'!F86 -> Not aligned | H60: Aligned & Audited | I60: Guide '!Q79

Sheet Guide 
B2: Stage of Toolkit Adoption | C2: Metric Type | D2: Category | E2: Activity Description | F2: Indicator | G2: Calculation | H2: Source of Methodology | I2: Target Value | J2: Target Source | K2: Target Frequency | L2: Investment Level | M2: Time Required | N2: Expected Impact | O2: Impact Source | P2: Responsible team/individual | Q2: Recommended Action | R2: Sources
A3: TRUE | B3: Gender-Aware Adopter | C3: Human Resources | D3: Firm-Level | E3: Increase overall women in workforce | F3: Percentage of women employees | G3: (Number of Women Employees/Total Employees)×100 | H3: Women Empowerment Principles, 2021 | I3: At least 40% | J3: 2X Criteria Reference Guide | K3: Annually | L3: $$ | M3: Medium-Term | N3: The World Bank estimates that closing the gender gap in employment and entrepreneurship could increase global GDP by more than 20%, while the International Monetary Fund (IMF) has categorized the correction of the “misallocation” of women’s talents and abilities as a method for boosting productivity. | O3: Gender Gap Report, 2024 | P3: Human Resources | Q3: 1. Set gender-balanced hiring targets and eliminate bias in job descriptions. 2. Offer paid parental leave and hybrid work options to retain female talent. 3. Monitor hiring, pay equity, and career progression to ensure equal opportunities. | R3: 1. Women in Workplace 2022, page 33
H4: Private Equity and Value Creation, 2020 | R4: 2. Women in Workplace 2022, page 44
R5: 3. Pay Transparency Tools to Close the Gender Wage Gap, page 24"
A6: TRUE | B6: Gender-Aware Adopter | C6: Human Resources | D6: Firm-Level | E6: Promote women to management | F6: Percentage of women at management level¹ | G6: (Number of Women Managers/Total Number of Managers)x100 | H6: Women Empowerment Principles, 2021 | I6: At least 30% | J6: 2X Criteria Reference Guide | K6: Annually | L6: $$$ | M6: Long-Term | N6: Women managers are twice as likely as their male counterparts to invest significant time in diversity, equity, and inclusion (DEI) work, fostering collaboration and creating more inclusive environments. This commitment to DEI and employee well-being by women managers leads to reduced burnout, improved employee retention, and higher job satisfaction, ultimately contributing to enhanced organizational performance. | O6: McKinsey Diversity matters even more: The case for holistic impact, 2023 | P6: Executive Leadership & Human Resources | Q6: 1. Provide mentorship, sponsorship, and executive coaching for high-potential women. 2. Ensure transparent promotions and monitor gender representation in leadership. 3. Create structured pathways and career acceleration programs for women in senior roles. | R6: 1. Women in Workplace 2022, page 33
H7: Private Equity and Value Creation, 2020 | J7: FTSE Women Leaders Review | R7: 2. Women in Workplace 2022, page 44
R8: 3. HeForShe Alliance IMPACT REPORT 2024, page 12
A9: TRUE | B9: Gender-Aware Adopter | C9: Human Resources | D9: Firm-Level | E9: Enhance women representation in board | F9: Percentage of women on boards | G9: (Number of Women in Board/Total Board Members)x100 | H9: Women Empowerment Principles, 2021 | I9: At least 30% | J9: 30% Club | K9: Annually | L9: $$$ | M9: Long-Term | N9: Companies in the top quartile of board-gender diversity are 27% more likely than those in the bottom quartile to outperform financially. For every woman added to a company board with ten directors, there was, on average, a two-point increase in holistic impact scores, which include environmental and social impact metrics. | O9: McKinsey Diversity matters even more: The case for holistic impact, 2023 | P9: Board Nominating Committee, Board of Directors | Q9: 1. Set at least 30% representation targets for women in executive and board roles. 2. Ensure the board includes qualified women through diverse hiring networks. | R9: 1. OECD Corporate Governance Working Papers No. 28, page 9
H10: Private Equity and Value Creation, 2020 | R10: 2. Women's World Banking, page 18
A11: TRUE | B11: Gender-Aware Adopter | C11: Human Resources | D11: Firm-Level | E11: Enhance women representation in executive teams | F11: Percentage of women on executive teams² | G11: (Number of Women in Executive Roles or Partners/Total Executive Roles)x100 | H11: Women Empowerment Principles, 2021 | I11: At least 30% | J11: 30% Club | K11: Annually | L11: $$$ | M11: Long-Term | N11: The business case for gender diversity on executive teams has more than doubled over the past decade. Firms in the top quartile for gender diversity on executive teams are 39% more likely to financially outperform those in the bottom quartile. Companies in the bottom quartile for gender diversity on executive teams are 66% less likely to financially outperform their peers, indicating that lack of diversity may be getting more expensive. | O11: McKinsey Diversity matters even more: The case for holistic impact, 2024 | P11: Human Resources, Board of Directors, Executive Leadership | Q11: 1. Identify high-potential women and offer executive coaching. 2. Tie bonuses and incentives to gender diversity progress. | R11: 1. Women's Empowerment Principles
H12: Private Equity and Value Creation, 2020 | R12: 2. Women in leadership, page 12
A13: TRUE | B13: Gender-Responsive Implementer | C13: Human Resources | D13: Firm-Level | E13: Increase women’s representation in senior management | F13: Percent of women in senior management³ | G13: (Number of Women in Senior Management / Total Senior Management) × 100 | H13: Private Equity and Value Creation, 2020 | I13: At least 30% | J13: 2X Criteria Reference Guide | K13: Annually | L13: $$ | M13: Medium-Term | N13: Women managers are twice as likely as their male counterparts to invest significant time in diversity, equity, and inclusion (DEI) work, fostering collaboration and creating more inclusive environments. This commitment to DEI and employee well-being by women managers leads to reduced burnout, improved employee retention, and higher job satisfaction, ultimately contributing to enhanced organizational performance. | O13: McKinsey Diversity matters even more: The case for holistic impact, 2023 | P13: Human Resources & Executive Leadership | Q13: 1. Implement executive sponsorship and mentorship programs for women. 2. Tie executive bonuses to gender diversity targets. 3. Require gender-inclusive succession planning. | R13: 1. Women's Empowerment Principles
J14: FTSE Women Leaders Review | R14: 2. Women in leadership, page 12
A15: TRUE | B15: Gender-Responsive Implementer | C15: Human Resources | D15: Firm-Level | E15: Increase women’s representation in middle management | F15: Percent of women in middle management⁴ | G15: (Number of Women in Middle Management / Total Middle Management) × 100 | H15: Private Equity and Value Creation, 2020 | I15: At least 30% | J15: 2X Criteria Reference Guide | K15: Annually | L15: $$ | M15: Medium-Term | N15: Women managers are twice as likely as their male counterparts to invest significant time in diversity, equity, and inclusion (DEI) work, fostering collaboration and creating more inclusive environments. This commitment to DEI and employee well-being by women managers leads to reduced burnout, improved employee retention, and higher job satisfaction, ultimately contributing to enhanced organizational performance. | O15: McKinsey Diversity matters even more: The case for holistic impact, 2023 | P15: Human Resources and Department Heads | Q15: 1. Introduce leadership training for women in middle management. 2. Develop mentorship & sponsorship initiatives for high-potential women. | R15: 1. IWF
R16: 2. Women's World Banking, page 9
A17: TRUE | B17: Gender-Responsive Implementer | C17: Human Resources | D17: Firm-Level | E17: Increase women’s representation in non-managerial roles | F17: Percent of women in non-managerial staff⁵ | G17: (Number of Women in Non-Managerial Staff / Total Non-Managerial Staff) × 100 | H17: Private Equity and Value Creation, 2020 | I17: At least 40% | J17: 2X Criteria Reference Guide | K17: Annually | L17: $ | M17: Short-Term | N17: The World Bank estimates that closing the gender gap in employment and entrepreneurship could increase global GDP by more than 20%, while the International Monetary Fund (IMF) has categorized the correction of the “misallocation” of women’s talents and abilities as a method for boosting productivity. | O17: Gender Gap Report, 2024 | P17: Human Resources | Q17: 1. Set gender-balanced hiring quotas for entry-level positions. 2. Ensure gender-inclusive job descriptions and recruitment practices. 3. Implement family-friendly workplace policies to improve retention. | R17: 1. IFC
R18: 2. UN Women
R19: 3. World Bank
A20: TRUE | B20: Gender-Responsive Implementer | C20: Human Resources | D20: Firm-Level | E20: Ensure pay equity | F20: Average Ratio of women’s salary to men’s salary | G20: 1. Median Salary of Women in a role/ Median Salary of Men in the same role 2. Average of this ratio across all roles in the firm | H20: Women Empowerment Principles, 2025 | I20: 1 | J20: ILO Equal Remuneration Convention, 1951 (No. 100) | K20: Annually | L20: $$$ | M20: Long-Term | N20: Eliminating the gender pay gap by increasing women’s pay to match that of men of the same age and education level would cut the poverty rate for all working women in half, regardless of their family structure. Providing equal pay for women would inject $513 billion into the U.S. economy, representing a 3% increase in GDP​. Improving gender equality in the European Union could lead to a 9.6% increase in EU GDP per capita, equivalent to €3.15 trillion, and an additional 10.5 million jobs by 2050, according to the European Institute for Gender Equality. This would benefit both women and men. | O20: The Simple Truth About the Gender Pay Gap, 2018 | P20: Human Resources | Q20: 1. Perform annual salary audits to identify and address gender pay gaps. 2. Implement performance-based compensation and promotion frameworks to eliminate bias. 3. Disclose salary ranges in job postings and integrate pay equity into DEI goals. | R20: 1. ILO
O21: The Simple Truth About the Gender Pay Gap, 2022 | R21: 2. OECD
O22: EIB Gender equality and women’s economic empowerment | R22: 3. OECD
A23: TRUE | B23: Gender-Responsive Implementer | C23: Human Resources | D23: Recruitment | E23: Improve gender diversity in hiring | F23: Percentage of new hires – women | G23: (Number of Women New Hires / Total New Hires) × 100 | H23: Women Empowerment Principles, 2025 | I23: At least 50% | J23: Women Empowerment Principles, 2025 | K23: Quarterly | L23: $$ | M23: Medium-Term | N23: Companies that invest in women’s employment gain an important competitive advantage, because they reach a wider talent pool, realize enhanced productivity, and improve staff retention. | O23: Private Equity and Value Creation, 2020 | P23: Human Resources | Q23: 1. Require at least one woman per panel. 2. Set gender hiring targets and refine strategies based on quarterly data. 3. Conduct biannual audits and monitor compliance. | R23: 1. UN Special Measures for the Achievement of Gender Equality
R24: 2. World Bank Group
R25: 3. ILO
A26: FALSE | B26: Gender-Responsive Implementer | C26: Human Resources | D26: Onboarding | E26: Ensure gender-equitable career progression | F26: Percentage of promotions and career opportunities – women | G26: Promotion Rate by level for women 1. 100* (Total number of women promoted from Entry-Level to Mid-Management over the last 2 FY/ Average of the total number of women in the entry level in the last two years) 2. 100* (Total number of women promoted from Mid-Management to Senior Leadership over the last 2 FY/ Average of the total number of women in mid-management in the last two years) 3. 100* (Total number of women promoted from Senior Leadership to Executive role over the last 2 FY/ Average of the total number of women in senior leadership in the last two years) (Number of Women Promoted at a Specific Level/Total number of Women at the preceding level) * 100 measured biannually | H26: Women Empowerment Principles, 2025 | I26: 1 | J26: Women Empowerment Principles, 2025 | K26: Biannually | L26: $$$ | M26: Long-Term | N26: Women managers are twice as likely as their male counterparts to invest significant time in diversity, equity, and inclusion (DEI) work, fostering collaboration and creating more inclusive environments. This commitment to DEI and employee well-being by women managers leads to reduced burnout, improved employee retention, and higher job satisfaction, ultimately contributing to enhanced organizational performance. Promotions based on merit, fairness, and robust performance measurement frameworks (rather than tenure) can help redress gender inequalities. They can also remove barriers for caregivers, who may be less likely to be identified for leadership development programmes and positions because of evaluation bias. | O26: McKinsey Diversity matters even more: The case for holistic impact, 2023 | P26: Human Resources, Senior Leadership, Learning & Development Team | Q26: 1. Establishing clear criteria for promotions ensures that advancement is based on performance rather than tenure. 2. Offering mentorship opportunities equips women with the skills necessary for leadership roles. 3. Establish supportive work-family policies. | R26: 1. ILO (pag.30-31)
O27: Gender Balance Index, 2024 | R27: 2. OECD (pag.16-17)
O28: Toolkit for Mainstreaming and Implementing Gender Equality, 2023 (OECD) | R28: 3. UN (pag.7-9)
A29: TRUE | B29: Gender-Responsive Implementer | C29: Human Resources | D29: Retention | E29: Improve retention of employees after parental leave | F29: Retention rate of women FTE employees who took parental leave | G29: (Number of Women Returning After Parental Leave / Total Women Taking Leave) × 100 | H29: Women Empowerment Principles, 2025 | I29: At least 90% | J29: Why Paid Family Leave Is Good Business | K29: Biannually | L29: $$ | M29: Medium-Term | N29: World Bank research has found that extending the duration of maternity leave is linked to a reduction of women’s participation in the workforce. Furthermore, the data suggests that parental parity is in fact positively correlated with higher female labor-force participation. Achieving workforce gender parity, therefore, requires governments and businesses to facilitate for the adoption and exercise of equitable parental leave, ensuring childcare responsibilities are shared equitably. | O29: Gender Gap Report, 2024 | P29: Human Resources | Q29: 1. Offer phased return options and role adjustments to ease the transition back to work. 2. Provide parental support benefits to reduce barriers for working parents. 3. Establish mentorship and re-onboarding programs to help returning parents stay on career tracks. | R29: 1. ILO (pag.18-19)
J30: Paid Parental Leave and Female Faculty Retention | R30: 2. OECD (pag.56-58)
J31: Buzzfeed’s Parental Leave Benefits Result In 95% Retention Rate | R31: 3. EHRC (pag.16-18)
J32: 93% of women remain with the company after 12 months of maternity leave
A33: FALSE | B33: Gender-Responsive Implementer | C33: Human Resources | D33: Retention | E33: Improve retention of employees after parental leave | F33: Retention rate of men FTE employees who took parental leave | G33: (Number of Men Returning After Parental Leave / Total Men Taking Leave) × 100 | H33: Women Empowerment Principles, 2025 | I33: At least 90% | J33: Why Paid Family Leave Is Good Business | K33: Biannually | L33: $$ | M33: Medium-Term | N33: World Bank research has found that extending the duration of parental leave is linked to a reduction of participation in the workforce. Furthermore, the data suggests that parental parity is in fact positively correlated with higher female labor-force participation. Achieving workforce gender parity, therefore, requires governments and businesses to facilitate for the adoption and exercise of equitable parental leave, ensuring childcare responsibilities are shared equitably. | O33: Gender Gap Report, 2024 | P33: HR Analytics | Q33: 1. Offer phased return options and role adjustments to ease the transition back to work. 2. Provide parental support benefits to reduce barriers for working parents. 3. Establish mentorship and re-onboarding programs to help returning parents stay on career tracks. | R33: 1. ILO (pag.18-19)
R34: 2. OECD (pag.56-58)
R35: 3. EHRC (pag.16-18)
A36: FALSE | B36: Gender-Responsive Implementer | C36: Human Resources | D36: Severance | E36: Establish grievance & harassment reporting mechanisms | F36: Company has a confidential grievance, resolution, reporting and non-retaliation mechanism and procedure to address and respond to incidents of violence and harassment | G36: Not Aligned/Partially Aligned/Aligned/Aligned & Audited | H36: Women Empowerment Principles, 2025 | I36: Aligned & Audited | J36: Women Empowerment Principles, 2025 | K36: Annually | L36: $$ | M36: Medium-Term | N36: A safe and supportive work environment is fundamental to gender equality and women’s empowerment. Clear policies, robust reporting mechanisms, and a zero-tolerance approach to violence and harassment ensure that employees can work without fear. Employees who feel safe and supported are more likely to perform at their best, resulting in increased productivity, lower absenteeism, and reduced turnover. | O36: Driving Accountability & Transparency in the Private Sector | P36: Legal & Compliance Teams | Q36: 1. Create clear company policies of non-violence and against harassment 2. Establish a clear and comprehensive reporting system (ideally using a third party) 3. Ensure that non-retaliation measures are implemented and communicated with staff 4. Reflect on the reporting mechanism system annually to ensure that it is gender sensitive | R36: 1. OECD (pag 25-32)
R37: 2. OECD (pag. 9-12)
R38: 3. OECD (pag.13-14)
R39: 4. OECD (pag.24-26)
A40: FALSE | B40: Gender Equity Advocate | C40: Human Resources | D40: Firm-Level | E40: Ensure gender balance in credit decision-making by tracking loan officer gender representation | F40: Percentage of Women Loan Officers | G40: Number of Women Loan Officers/Total Loan Officers | H40: The Gender Performance Checklist, 2024 (Women's World Banking) | I40: At least 40% | J40: 2X Criteria Reference Guide | K40: Annually | L40: $$ | M40: Medium-Term | N40: Disaggregating data on loan officers in WAM’s portfolio showed that hiring more Women loan officers correlated to acquiring more Women customers. | O40: The Gender Performance Checklist, 2024 (Women's World Banking) | Q40: 1. Regularly gathering and examining data on the gender composition of loan officers. 2. Establishing policies that encourage gender diversity in recruitment. 3. Offering training programs to address unconscious biases. | R40: 1. UN Women (pag.12-14)
R41: 2. World Bank (pag.3-5)
R42: 3. McKinsey's 2019 "Women in the Workplace" report, pag 5 and 18
A43: FALSE | B43: Gender Equity Advocate | C43: Human Resources | D43: Firm-Level | E43: Increase women's representation in underrepresented roles | F43: Percent of women in traditionally underrepresented roles Underrepresented roles would imply women as managers or team leaders or professionals in technol, finance or business-focused roles | G43: (Number of Women in Underrepresented Roles / Total Employees in Underrepresented Roles) × 100 | H43: Women Empowerment Principles, 2025 | I43: At least 40% | J43: Women Empowerment Principles, 2025 | K43: Annually | L43: $$ | M43: Medium-Term | N43: In a study of Fortune 500 companies, Catalyst found that firms with higher gender diversity in management had 35 percent better return on equity (ROE) than firms with poor gender equity. In a ‘full potential’ scenario, where women play an identical role in labor markets to that of men, as much as $28 trillion, or 26 percent, could be added to the global annual GDP by 2025. | O43: Delivering Gender Equality: Best Practices Framework in Male Dominated Industries, 2023 (USAID) | P43: Human Resources | Q43: 1. Partner with STEM organizations to encourage women to enter fields where they are underrepresented. 2. Create mentorship and sponsorship programs to connect women with senior leaders. 3. Set clear diversity and inclusion goals and regularly audit progress to ensure accountability. | R43: 1. OWSD
R44: 2. World Bank
A45: FALSE | B45: Gender Equity Advocate | C45: Human Resources | D45: Onboarding | E45: Ensure gender-balanced training and leadership development | F45: Average trainee hours that the organization's employees have undertaken, disaggregated by sex and employee level | G45: Average Trainee hours = Number of hours in training*Number of people trained Sex disaggregated Data: Average Trainee hours for men = Number of hours in training for men*Number of men trained Average Trainee hours for women = Number of hours in training for women*Number of women trained Average Trainee hours for women/Average Trainee hours for men | H45: Women Empowerment Principles, 2025 | I45: 1 | J45: Women Empowerment Principles, 2025 | K45: Annually | L45: $$ | M45: Medium-Term | N45: Companies with structured talent development programs see an increased number of women promoted to leadership positions. | O45: Delivering Gender Equality: Best Practices Framework in Male Dominated Industries, 2023 (USAID) | P45: Human Resources | Q45: 1. Develop programs specifically designed to prepare women for leadership roles. 2. Partner with advocacy groups dedicated to advancing women in leadership to enhance internal initiatives. | R45: 1. UN Women
R46: 2. IGC
A47: FALSE | B47: Gender Equity Advocate | C47: Human Resources | D47: Retention | E47: Promote inclusive marketing practices | F47: Has a stand-alone responsible marketing communication policy or a commitment embedded in a broader corporate policy that addresses the avoidance of gender stereotypes and promotes positive portrayals of women and girls | G47: Yes/No | H47: Women Empowerment Principles, 2025 | I47: Yes | J47: Women Empowerment Principles, 2025 | K47: Annually | L47: $$ | M47: Medium-Term | N47: Advertising plays a pivotal role in shaping perceptions and social norms. By portraying women and men in modern, authentic, and multidimensional roles, companies can challenge stereotypes and promote gender equality on a broader scale. Successful corporate branding strategies result in increased credibility and access to more diverse talent. Women candidates and individuals with diverse social identities increasingly apply for positions at companies that demonstrate a strong commitment to gender equality. Organizations that integrate inclusive marketing strategies experience increased consumer engagement and brand loyalty, as they align their messaging with evolving social norms and consumer expectations. | O47: Driving Accountability & Transparency in the Private Sector | P47: Marketing & Branding | Q47: 1. Ensure advertisements portray individuals in diverse and authentic roles, moving beyond traditional gender stereotypes. 2. Avoid labeling products as specifically for men or women and avoid social constraints. 3. Publicly support social causes to align brand values with those of a diverse consumer base. | R47: 1. UNICEF (pg. 13-14)
O48: Delivering Gender Equality: Best Practices Framework in Male Dominated Industries (USAID, 2023) | R48: 2. UNICEF (pg. 13-14)
O49: McKinsey Diversity matters even more: The case for holistic impact, 2023 | R49: 3. OECD (pg. 58-62)
A50: FALSE | B50: Gender Equity Leader | C50: Human Resources | D50: Firm-level | E50: Implement non-discrimination policies | F50: Has a stand-alone policy or a commitment embedded in a broader corporate policy that addresses supporting employees as parents and caregivers, covering all employees in major locations of operation | G50: Yes/No | H50: Women Empowerment Principles, 2025 | I50: Yes | J50: Women Empowerment Principles, 2025 | K50: Annually | L50: $$ | M50: Medium-Term | N50: Implementing family-friendly policies has strong business value as it increases employee retention, reduces absenteeism, and lowers overall recruitment costs. Family-friendly policies enable working parents, especially mothers, to advance in their careers, and employees with access to flexible work arrangements tend to be more committed and engaged, leading to innovation and productivity. | O50: Attracting and Retaining Talent Through Inclusive Family-Friendly Policies | P50: Human Resources | Q50: 1. Identify employees who have taken parental leave and conduct a post-parental leave survey 2. Based on your findings, establish a clear parental leave policy that addresses any gaps that exist between current parental leave policies and the experience of employees 3. Conduct annual audits to ensure that parental leave meets the needs of employees and is being implemented equally at all locations of operation 4. Optionally, create/invest in creating caretaking programs for parents | R50: 1. ILO (pg. 13-15)
R51: 2. ILO (pg. 13-15)
R52: 3. European institute for gender equality
R53: 4. European institute for gender equality
A54: FALSE | B54: Gender Equity Leader | C54: Human Resources | D54: Firm-level | E54: Ensure equal pay | F54: Has a stand-alone policy or commitment embedded in a broader corporate policy on non-discrimination and equal opportunity policy covering pay, recruitment, retention, re-entry, and promotion of all individuals. | G54: Yes/No | H54: Women Empowerment Principles, 2025 | I54: Yes | J54: Women Empowerment Principles, 2025 | K54: Annually | L54: $$ | M54: Medium-Term | N54: Employers who implement non-discrimination strategies gain business advantages such as improved employee morale, access to a wider talent pool, reduced legal risks, and enhanced reputation​. It highlights that recruitment improves when companies adopt competence-based hiring systems and audit payment disparities for women and minorities​. Retention benefits include the development of family-friendly policies and the implementation of anti-harassment frameworks​. Additionally, diverse workforces help businesses penetrate new markets by reflecting the communities they serve​ | O54: IFC Non-Discrimination and Equal Opportunity, 2006 | P54: Human Resources | Q54: 1. Identify key areas where gender disparities are most prominent 2. Create a policy that takes those disparities into account while emphasizing non-discrimination and equal opportunity regardless of sex 3. Establish an annual review | R54: 1. ILO (72-88)
A55: FALSE | B55: Gender Equity Leader | C55: Human Resources | D55: Firm-level | E55: Conduct gender-responsive risk assessments | F55: Conducts a gender-responsive risk assessment as part of its human rights due diligence process to identify specific gender-related risks, including violence and harassment and ensure personal safety and security of all employees. | G55: Yes/No | H55: Women Empowerment Principles, 2025 | I55: Yes | J55: Women Empowerment Principles, 2025 | K55: Annually | L55: $$ | M55: Medium-Term | N55: Conducting a gender-responsive risk assessment as part of human rights due diligence helps identify and mitigate gender-related risks, including violence and harassment, ensuring employee safety. Regular assessments improve workplace safety and foster a culture of respect. Implementing these assessments enhances employee well-being, productivity, and corporate reputation. | O55: UN Policy Template: Gender-based Violence and Harassment at Work | P55: Human Resources | Q55: 1. Building and reinforcing a culture of respect and dignity in the workplace 2. Building policies that promote workplace safety 3. Provide trainings on Workplace safety measures ensuring that reporting mechanism are included in those trainings | R55: 1. UN Women (pg.7-8)
O56: UN Policy Template: Domestic Violence | R56: 2. UN Women (pg. 5-7)
R57: 3. UN Women (pg. 8-10)
A58: FALSE | B58: Gender Equity Leader | C58: Human Resources | D58: Firm-Level | E58: Promote flexible work options | F58: Offers flexible work options for all employees | G58: Not Aligned/Partially Aligned/Aligned/Aligned & Audited | H58: Women Empowerment Principles, 2025 | I58: Aligned & Audited | J58: Women Empowerment Principles, 2025 | K58: Annually | L58: $$ | M58: Medium-Term | N58: Flexible work options significantly enhance employee satisfaction, retention, and productivity. According to the article, 83% of U.S. employees value flexible working hours, while 74% consider location flexibility crucial. Workplace flexibility was also cited as the top reason for 44% of employees returning to the workforce after a temporary exit, demonstrating its role in talent retention and business competitiveness. | O58: The Impact Of Flexible Work And The Importance Of Adapting To Change, 2024 | P58: Human Resources | Q58: 1. Gauge employee interest in flexible work options 2. Implement policies that are consistent with company values and offer flexible work options | R58: 1. UN Women (pg.7-10)
R59: 2. UN Women (pg. 1-7)
A60: FALSE | B60: Gender Equity Leader | C60: Human Resources | D60: Firm-Level | E60: Ensure safe work environments | F60: Has policies and procedures to ensure safety, security, confidentiality, and protection of victims of sexual harassment at workplace | G60: Yes/No | H60: Women Empowerment Principles, 2025 | I60: Yes | J60: Women Empowerment Principles, 2025 | K60: Annually | L60: $$ | M60: Medium-Term | N60: Having robust anti-sexual harassment policies in the workplace significantly improves employee retention, career progression, and overall job security. According to the Limiting Our Livelihoods report, 38% of respondents who experienced harassment left their jobs earlier than planned, while 37% reported disruptions in career advancement due to harassment. Additionally, 59% of victims did not report incidents out of fear of retaliation, highlighting the critical need for policies ensuring safety, confidentiality, and protection​. | O60: AAUW Limiting Our Livelihoods, 2019 | P60: Human Resources | Q60: 1. Building and reinforcing a culture of respect and dignity in the workplace 2. Building policies that promote workplace safety 3. Provide trainings on Workplace safety measures ensuring that reporting mechanism are included in those trainings | R60: 1. UN Women (pg.7-8)
R61: 2. UN Women (pg. 5-7)
R62: 3. UN Women (pg. 8-10)
A63: FALSE | B63: Gender Equity Leader | C63: Human Resources | D63: Retention | E63: Provide leadership development | F63: Provides leadership training, coaching, and/or mentoring to support women to access management and leadership positions | G63: Not Aligned/Partially Aligned/Aligned/Aligned & Audited | H63: Women Empowerment Principles, 2025 | I63: Aligned & Audited | J63: Women Empowerment Principles, 2025 | K63: Annually | L63: $$ | M63: Medium-Term | N63: Mentoring and leadership training programs significantly improve women's access to management roles by enhancing career advancement opportunities and job satisfaction. According to the WEPs Guidance on Mentoring in the Workplace, Santander’s mentoring initiatives led to a 39% promotion rate among participants, while structured programs at Deloitte improved women's representation in leadership. Such programs also reduce employee turnover and address systemic barriers to gender diversity​. | O63: Mentoring in the Workplace | P63: Human Resources | Q63: 1. Partner with external firms & senior management to provide expert coaching and mentoring 2. Create an online resource hub that increases accessibility for women employees 3. Track the impact of coaching programs through post-training surveys | R63: 1. UN Women (page 10-15)
R64: 2. UN Women (pg. 10-15
R65: 3. UN Women (Pg. 28-29)
A66: FALSE | B66: Gender Equity Leader | C66: Human Resources | D66: Recruitment | E66: Ensure gender fairness in AI and machine learning systems | F66: Undertakes gender-responsive assessments of machine learning and AI tools to prevent perpetuating gender biases and avoid adverse impacts on women | G66: Not Aligned/Partially Aligned/Aligned/Aligned & Audited | H66: Women Empowerment Principles, 2025 | I66: Aligned & Audited | J66: Women Empowerment Principles, 2025 | K66: Annually | L66: $$ | M66: Medium-Term | N66: Gender-responsive assessments of AI and machine learning tools in hiring are crucial to preventing the perpetuation of gender biases. The report Automating Discrimination: AI Hiring Practices and Gender Inequality highlights that AI-driven hiring systems often replicate past biases, disadvantaging women by filtering out resumes with female-associated terms and limiting their access to high-paying job advertisements​. Implementing AI audits can help organizations detect and mitigate these biases, ensuring fair recruitment practices while reducing legal risks under anti-discrimination laws​. | O66: Automating Discrimination: AI Hiring Practices and Gender Inequality | P66: Human Resources | Q66: 1. Test all AI tools to ensure that they don't hold any bias. 1A. feed your AI resumes of staff who are currently employed at your company and understand why the AI would push their resume forward or not 1B. using this knowledge, you can redevelop the AI software you are using OR have someone "recheck" the AI's work for all submitted documents to AI tools | R66: 1. Maastrich University (Page 7)
A67: FALSE | B67: Gender Equity Leader | C67: Human Resources | D67: Firm-Level | E67: Conduct gender audit | F67: Has undertaken a gender audit/evaluation/assessment | G67: Not Aligned/Partially Aligned/Aligned/Aligned & Audited | H67: Women Empowerment Principles, 2025 | I67: Aligned & Audited | J67: Women Empowerment Principles, 2025 | K67: Annually | L67: $$$ | M67: Medium-Term | N67: Conducting gender audits in financial institutions and organizations leads to improved business performance, enhanced risk management, and better talent retention. Companies that conducted gender assessments experienced increased financial returns and greater leadership diversity. Additionally, gender audits help mitigate legal and reputational risks while ensuring compliance with gender equality standards. | O67: Private Equity and Value Creation, 2020 | P67: Human Resources | Q67: 1. Select which areas/departments you would like to conduct a gender audit on 2. Decide whether your company would best benefit from an internal or external audit 3. Collect all relevant documentation, policy, and information to analyze 4. Thoroughly analyze existing policies to ensure they are gender equitable, using surveys and focus group discussions to fill any gaps in knowledge | R67: 1. Akina Mama Wa Africa (pg. 5-7)
R68: 2. ILO ( (pg. 8)
R69: 3. European Institute for gender equality
A70: FALSE | B70: Gender-Aware Adopter | C70: Credit | D70: Product/Service | E70: Gender-sensitive approach to loan screening and approval | F70: Percentage of loans approved for businesses owned by women | G70: (Number of loans approved for businesses owned by women/Total number of business loans approved)*100 | H70: 2X Criteria | I70: At least 50% | J70: 2X Criteria | K70: Annually | L70: $ | M70: Short-term | N70: Investing in gender-diverse organizations and women-owned businesses has demonstrated significant financial returns—almost twice as much revenue per dollar. | O70: European Investment Bank. (2022, April 1). Debunking myths. By Christina Juhasz & Stephen O'Driscoll | P70: Business Banking | Q70: Adopting the Gender-Intentional Credit Scoring Method: Conduct Gender Lens Analysis | R70: Gender-intentional Credit Scoring PG 5-7
A71: FALSE | B71: Gender-Aware Adopter | C71: Credit | D71: Product/Service | E71: Gender-sensitive approach to loan screening and approval | F71: If customers are individuals, minimum % investor loan proceeds must be for women or minimum % of the portfolio must be women. | G71: (Number of investor loans approved for women/Total number of investor loans approved)*100 | H71: 2X Criteria | I71: At least 50% | J71: 2X Criteria | K71: Annually | L71: $ | M71: Short-term | N71: Evidence from microfinance suggests that companies with women borrowers’ experience, on average, 6% higher earnings growth, increased assets, and 3% higher returns on equity compared to companies with fewer female borrowers. If women are prioritized by financial institutions in providing loans, then more women are encouraged and informed about financial services such as loans that can help boost economic interventions such as starting a business or investing in assets. | O71: Women’s World Banking. (2022, July 28). Women’s World Banking 2021 impact report. | P71: Retail Banking | Q71: 1. Adopting the Gender-Intentional Credit Scoring Method: Conduct Gender Lens Analysis | R71: Gender-intentional Credit Scoring PG 5-7
A72: FALSE | B72: Gender-Responsive Implementer | C72: Credit | D72: Product/Service | E72: Gender-sensitive approach to product designing and policy decisions at the firm level | F72: Financial products or services are offered that enhance the wellbeing of women/girls and/or drive gender equity | G72: Not Aligned/Partially Aligned/Aligned/Aligned & Audited | H72: 2X Criteria | I72: Aligned & Audited | J72: 2X Criteria | K72: Annually | L72: $$ | M72: Long-term | N72: WMSMEs often face higher perceived risks by lenders due to factors such as limited access to assets to pledge as collateral, and shorter credit history records. Financial products such as guarantee schemes among others provide a risk-sharing mechanism that can facilitate access to finance to these enterprises. | O72: Financing Programs for Women's Financial Inclusion and Access to Finance for Women MSMEs | P72: Business Banking | Q72: Women's World Banking Toolkit to design financial products and services using a gender-lens | R72: Women's World banking's Women-centred Product Design Methodology
A73: FALSE | B73: Gender-Responsive Implementer | C73: Credit | D73: Borrower | E73: Reducing gap between interest rates for men and women to promote women's access to credit at par with men | F73: Difference in interest rates between men and women borrowers (%) | G73: Average interest rate for loans approved for women - Average interest rate for loans approved for men | H73: CGAP Gender-intentional Credit Scoring | I73: Reducing YoY trend | J73: CGAP Gender-intentional Credit Scoring | K73: Annually | L73: $$ | M73: Medium-term | N73: If there is no difference in interest rates between men and women borrowers, women will not be discriminated against with regards to accessing credit and will be incentivized to boost their business and/or educational to become comparable with men in the society through economic empowerment | O73: CGAP Gender-intentional Credit Scoring | P73: Retail Banking | Q73: Adopting the Gender-Intentional Credit Scoring Method: Adding a gender characteristic to a scorecard is a transparent and simple way to directly reflect differences in the past late repayment rates of women and men in credit scores. | R73: Gender-intentional Credit Scoring PG 16-19
A74: FALSE | B74: Gender-Responsive Implementer | C74: Credit | D74: Borrower | E74: Reducing gap between loan size for men and women to promote women's access to credit at par with men | F74: Annual difference in average loan size of women vs men borrowers | G74: Difference between the average loan size for men and wo | H74: CGAP Gender-intentional Credit Scoring | I74: Reducing YoY trend | J74: CGAP Gender-intentional Credit Scoring | K74: Annually | L74: $$ | M74: Medium-term | N74: If there is no difference in average loan size between men and women borrowers, women will not be discriminated against with regards to accessing credit and will be incentivized to boost their business and/or education to become comparable with men in the society through economic empowerment | O74: CGAP Gender-intentional Credit Scoring | P74: Retail Banking | Q74: Adopting the Gender-Intentional Credit Scoring Method to create the 'bad' rate% to incentivize larger loans for women at par with men: At a 5% acceptable risk target (expected “bad” rate), each of the gender-intentional strategies enables lending to a larger number of borrowers, and, particularly, a larger number or share of women, than using a gender-blind strategy. | R74: Gender-intentional Credit Scoring PG 16-19
A75: FALSE | B75: Gender Equity Advocate | C75: Credit | D75: Borrower | E75: Conducting trainings and outreach activities with female clients to increase financial literacy to reduce the risk of indebtedness and promoting credit access for economic empowerment | F75: Regular capacity building and counselling of female borrowers on loan utilization and repayment plan including use of technology | G75: Not Aligned/Partially Aligned/Aligned/Aligned & Audited | H75: World Bank Digital Solutions Toolkit | I75: Aligned & Audited | J75: World Bank Digital Solutions Toolkit | K75: Quarterly | L75: $$$ | M75: Long-term | N75: Approaches to addressing Women-owned SME skill gaps have traditionally centered around a single type of intervention, such as business training workshops, but research has shown that, particularly for poor women, bundling interventions — such as skill and resource enhancements through financial management training and access to credit or savings accounts — is more effective. | O75: Choudhary, H., Jain, H. Addressing Financial Exclusion through Financial Literacy training programs: a Systematic Literature Review. Empirical Res Voc Ed Train 15, 8 (2023). | P75: Business Banking | Q75: Learning from linked case studies and adopting community engagement strategy including trainings on financial literacy, credit planning etc. | R75: GIZ Women's Financial Inclusion Toolkit
A76: FALSE | B76: Gender Equity Advocate | C76: Credit | D76: Financial Service Provider | E76: Recruiting and training female loan officers | F76: Percentage female loan officers hired annually | G76: 100* (Number of women as loan officers/ Total number of loan officers) | H76: 2X Criteria | I76: At least 30% | J76: 2X Criteria | K76: Annually | L76: $$$ | M76: Long-term | N76: Female loan officers have greater social commitments than their male counterparts, along with greater loan approval rates. Loans approved for female loan officers have greater loan-size, especially when lending to women, which is a key operational strategy to improve the financial sustainability of MFIs. This gender affinity also reduces loan evaluation time reducing transaction costs for the bank. | O76: A. Blanco-Oliver, A. Samaniego, M.J. Palacin-Sanchez, How do loan officer-borrower gender-driven behavioral differences impact on the microfinance lending market?, Borsa Istanbul Review, Volume 24, Issue 3, 2024, Pages 435-448, ISSN 2214-8450 Beck T. et al., 2009., Gender and Banking - Are women better loan officers? European Banking Center Discussion Paper No. 2009–19 | P76: Retail and Business Banking | Q76: Recruiting and training female loan officers to foster an enabling environment for women's inclusion as financial service providers and thereby, also increasing financial inclusion of women with increased female borrowers | R76: UN Gender Finance Booklet PG 37-39
A77: FALSE | B77: Gender Equity Leader | C77: Credit | D77: Product/Service | E77: Collecting data and utilizing it to sensitize field officers on gender bias through trainings to promote women's access to credit without the risk of indebtedness | F77: Periodic monitoring and review of the credit scorecard using a gender-lens along with loan officers | G77: Not Aligned/Partially Aligned/Aligned/Aligned & Audited | H77: Women's World Banking Scorecard | I77: Aligned & Audited | J77: Gender Bias and Credit Access | K77: Quarterly | L77: $$$ | M77: Long-term | N77: Reducing bias in the entire process of credit, especially in field activities can substantially encourage women's inclusion in finance | O77: Gender Bias and Credit Access | P77: Retail Banking | Q77: Adopt Women's World Banking gender bias scorecard to check credit process bias and conduct trainings on addressing the bias; additionally could also use AI to check bias in credit ratings and review the findings periodically. | R77: Women's World Banking Credit Score Bias PG 12-20
R78: Lendingkart's AI-based Credit Model
A79: FALSE | B79: Gender Equity Leader | C79: Credit | D79: Borrower | E79: Reforming policy on loan repayment deploying a gender equity perspective being sensitive to the risks women face in accessing financial inclusion due to shorter turn-around time | F79: Existence of flexible loan repayment program such as flexible credit lines | G79: Not Aligned/Partially Aligned/Aligned/Aligned & Audited | H79: Case Studies on flexible loan repayment policy | I79: Aligned & Audited | J79: Case Studies on flexible loan repayment policy | K79: Annually | L79: $$$ | M79: Long-term | N79: Flexible loan repayment program, which allowed traditional female microfinance borrowers in good standing and larger collateralized borrowers to postpone (up to two monthly repayments in a 12-month loan cycle for instance), had on average a positive impact on business and socio-economic status outcomes for female microfinance borrowers | O79: Battaglia M. et al., 2021. Repayment Flexibility and Risk Taking: Experimental Evidence from Credit Contracts | P79: Retail Banking | Q79: Sonata Finance Pvt. Ltd. policy on flexible loan repayment for microcredit | R79: Sonata Finance Pvt Ltd Case
Q86: \

Sheet Dashboard
A1: #VALUE!
A2: 1. Employee Gender Distribution
C3: Women | D3: Man
A4: Non-Managerial Staff | B4: =YEAR('Key Gender Metrics'!C4) -> 2022 | C4: ='Key Gender Metrics'!C13 -> 0.5 | D4: ='Key Gender Metrics'!L13 -> 0.5
B5: =YEAR('Key Gender Metrics'!D4) -> 2023 | C5: ='Key Gender Metrics'!D13 -> 0.5 | D5: ='Key Gender Metrics'!M13 -> 0.5
B6: =YEAR('Key Gender Metrics'!E4) -> 2024 | C6: ='Key Gender Metrics'!E13 -> 0.4 | D6: ='Key Gender Metrics'!N13 -> 0.6
A7: Middle Management | B7: =YEAR('Key Gender Metrics'!C4) -> 2022 | C7: ='Key Gender Metrics'!C12 -> 0.33333333 | D7: ='Key Gender Metrics'!L12 -> 0.66666667
B8: =YEAR('Key Gender Metrics'!D4) -> 2023 | C8: ='Key Gender Metrics'!D12 -> 0.42857143 | D8: ='Key Gender Metrics'!M12 -> 0.57142857
B9: =YEAR('Key Gender Metrics'!E4) -> 2024 | C9: ='Key Gender Metrics'!E12 -> 0.42857143 | D9: ='Key Gender Metrics'!N12 -> 0.57142857
A10: Senior Management | B10: =YEAR('Key Gender Metrics'!C4) -> 2022 | C10: ='Key Gender Metrics'!C11 -> 0.33333333 | D10: ='Key Gender Metrics'!L11 -> 0.66666667
B11: =YEAR('Key Gender Metrics'!D4) -> 2023 | C11: ='Key Gender Metrics'!D11 -> 0.33333333 | D11: ='Key Gender Metrics'!M11 -> 0.66666667
B12: =YEAR('Key Gender Metrics'!E4) -> 2024 | C12: ='Key Gender Metrics'!E11 -> 0.2 | D12: ='Key Gender Metrics'!N11 -> 0.8
A13: Board Members | B13: =YEAR('Key Gender Metrics'!C4) -> 2022 | C13: ='Key Gender Metrics'!C9 -> 0.33333333 | D13: ='Key Gender Metrics'!L9 -> 0.66666667
B14: =YEAR('Key Gender Metrics'!D4) -> 2023 | C14: ='Key Gender Metrics'!E9 -> 0.25 | D14: ='Key Gender Metrics'!M9 -> 0.75
B15: =YEAR('Key Gender Metrics'!E4) -> 2024 | C15: ='Key Gender Metrics'!D9 -> 0.25 | D15: ='Key Gender Metrics'!N9 -> 0.75
A19: 2. Ratio Salaries
B20: =YEAR('Key Gender Metrics'!C4) -> 2022 | C20: =YEAR('Key Gender Metrics'!D4) -> 2023 | D20: =YEAR('Key Gender Metrics'!E4) -> 2024
A21: ='Key Gender Metrics'!B18 -> Average salary ratio-women: men | B21: ='Key Gender Metrics'!C18 -> 0.59583333 | C21: ='Key Gender Metrics'!D18 -> 0.57361111 | D21: ='Key Gender Metrics'!E18 -> 0.84444444
A32: 3. Promotions
C33: Woman | D33: Man
A34: Promoted to middle management | B34: =YEAR('Key Gender Metrics'!C4) -> 2022 | C34: ='Key Gender Metrics'!C24 -> 0.5 | D34: ='Key Gender Metrics'!C25 -> 0.25
B35: =YEAR('Key Gender Metrics'!D4) -> 2023 | C35: ='Key Gender Metrics'!D24 -> 0.5 | D35: ='Key Gender Metrics'!D25 -> 0
B36: =YEAR('Key Gender Metrics'!E4) -> 2024 | C36: ='Key Gender Metrics'!E24 -> 0.5 | D36: ='Key Gender Metrics'!E25 -> 0.25
A37: Promoted to senior management | B37: =YEAR('Key Gender Metrics'!C4) -> 2022 | C37: ='Key Gender Metrics'!C21 -> 0.5 | D37: ='Key Gender Metrics'!C25 -> 0.25
B38: =YEAR('Key Gender Metrics'!D4) -> 2023 | C38: ='Key Gender Metrics'!D21 -> 0.8 | D38: ='Key Gender Metrics'!D25 -> 0
B39: =YEAR('Key Gender Metrics'!E4) -> 2024 | C39: ='Key Gender Metrics'!E21 -> 0 | D39: ='Key Gender Metrics'!E25 -> 0.25
A48: 4. Parental Leaves
B49: =YEAR('Key Gender Metrics'!C4) -> 2022 | C49: =YEAR('Key Gender Metrics'!D4) -> 2023 | D49: =YEAR('Key Gender Metrics'!E4) -> 2024
A50: Women | B50: ='Key Gender Metrics'!C28 -> 0 | C50: ='Key Gender Metrics'!D28 -> 0.6 | D50: ='Key Gender Metrics'!E28 -> 0.6
A51: Men | B51: ='Key Gender Metrics'!C29 -> 0 | C51: ='Key Gender Metrics'!D29 -> 0.33333333 | D51: ='Key Gender Metrics'!E29 -> 0.66666667
A63: 5. Training
B64: =YEAR('Key Gender Metrics'!C4) -> 2022 | C64: =YEAR('Key Gender Metrics'!D4) -> 2023 | D64: =YEAR('Key Gender Metrics'!E4) -> 2024
A65: Ratio of hours of training of women: men | B65: ='Key Gender Metrics'!C34 -> 0.75892857 | C65: ='Key Gender Metrics'!D34 -> 0.86363636 | D65: ='Key Gender Metrics'!E34 -> 1.6666667
A74: 6. Number of loans
A75: Business | B75: =YEAR('Key Gender Metrics'!C4) -> 2022 | C75: ='Key Gender Metrics'!C46 -> 0.33333333
B76: =YEAR('Key Gender Metrics'!D4) -> 2023 | C76: ='Key Gender Metrics'!D46 -> 0.4
B77: =YEAR('Key Gender Metrics'!E4) -> 2024 | C77: ='Key Gender Metrics'!E46 -> 0.4
A78: Individual | B78: =YEAR('Key Gender Metrics'!C4) -> 2022 | C78: ='Key Gender Metrics'!C47 -> 0.33333333
B79: =YEAR('Key Gender Metrics'!D4) -> 2023 | C79: ='Key Gender Metrics'!D47 -> 0.31818182
B80: =YEAR('Key Gender Metrics'!E4) -> 2024 | C80: ='Key Gender Metrics'!E47 -> 0.34285714
A90: 7. Difference in interest rate
B91: =YEAR('Key Gender Metrics'!C4) -> 2022 | C91: =YEAR('Key Gender Metrics'!D4) -> 2023 | D91: =YEAR('Key Gender Metrics'!E4) -> 2024
A92: Difference in interest rate | B92: ='Key Gender Metrics'!C52 -> 2 | C92: ='Key Gender Metrics'!D52 -> 2 | D92: ='Key Gender Metrics'!E52 -> 1.5
A101: 8. Difference in Loan size
B102: =YEAR('Key Gender Metrics'!C4) -> 2022 | C102: =YEAR('Key Gender Metrics'!D4) -> 2023 | D102: =YEAR('Key Gender Metrics'!E4) -> 2024
A103: Difference in loan size | B103: ='Key Gender Metrics'!C55 -> 2000 | C103: ='Key Gender Metrics'!D55 -> -1000 | D103: ='Key Gender Metrics'!E55 -> 0
A113: 9. HR Qualitative
B114: 2022 | C114: 2023 | D114: 2024 | E114: Target
A115: ='Key Gender Metrics'!B31 -> Grievance mechanism | B115: ='Key Gender Metrics'!C31 -> Not aligned | C115: ='Key Gender Metrics'!D31 -> Partially aligned | D115: ='Key Gender Metrics'!E31 -> Aligned | E115: Aligned & Audited
A116: ='Key Gender Metrics'!B35 -> Marketing policy | B116: ='Key Gender Metrics'!C35 -> No | C116: ='Key Gender Metrics'!D35 -> In progress | D116: ='Key Gender Metrics'!E35 -> Yes | E116: ='Key Gender Metrics'!H35 -> Yes
A117: ='Key Gender Metrics'!B36 -> Policy supporting parents and caregivers | B117: ='Key Gender Metrics'!C36 -> No | C117: ='Key Gender Metrics'!D36 -> Yes | D117: ='Key Gender Metrics'!E36 -> Yes | E117: ='Key Gender Metrics'!H36 -> Yes
A118: ='Key Gender Metrics'!B37 -> Nondiscrimination & equal opportunity policy | B118: ='Key Gender Metrics'!C37 -> In progress | C118: ='Key Gender Metrics'!D37 -> Yes | D118: ='Key Gender Metrics'!E37 -> Yes | E118: ='Key Gender Metrics'!H37 -> Yes
A119: ='Key Gender Metrics'!B38 -> Gender-responsive risk assessments for employees | B119: ='Key Gender Metrics'!C38 -> Aligned and audited | C119: ='Key Gender Metrics'!D38 -> Aligned and audited | D119: ='Key Gender Metrics'!E38 -> Aligned and audited | E119: Aligned & Audited
A120: ='Key Gender Metrics'!B39 -> Offers flexible work options for all employees | B120: ='Key Gender Metrics'!C39 -> Partially aligned | C120: ='Key Gender Metrics'!D39 -> Aligned | D120: ='Key Gender Metrics'!E39 -> Aligned and audited | E120: Aligned & Audited
A121: Policies and procedures to ensure safety, security, confidentiality and protection of victims of sexual harassment in the workplace | B121: ='Key Gender Metrics'!C40 -> No | C121: ='Key Gender Metrics'!D40 -> In progress | D121: ='Key Gender Metrics'!E40 -> In progress | E121: ='Key Gender Metrics'!H40 -> Yes
A122: support women in accessing management and leadership positions through training, coaching, mentoring | B122: ='Key Gender Metrics'!C41 -> Not aligned | C122: ='Key Gender Metrics'!D41 -> Partially aligned | D122: ='Key Gender Metrics'!E41 -> Aligned | E122: Aligned & Audited
A123: Gender-responsive assessments of machine learning and AI tools to prevent perpetuating gender biases and avoid adverse impacts on women | B123: ='Key Gender Metrics'!C42 -> Partially aligned | C123: ='Key Gender Metrics'!D42 -> Partially aligned | D123: ='Key Gender Metrics'!E42 -> Aligned | E123: Aligned & Audited
A124: ='Key Gender Metrics'!B43 -> Has undertaken a gender audit/evaluation/assessment | B124: ='Key Gender Metrics'!C43 -> Aligned | C124: ='Key Gender Metrics'!D43 -> Aligned | D124: ='Key Gender Metrics'!E43 -> Aligned and audited | E124: Aligned & Audited
A126: 10. Credit Qualitative
B127: 2022 | C127: 2023 | D127: 2024 | E127: Target
A128: ='Key Gender Metrics'!B48 -> Financial products or services are offered that enhance the wellbeing of women/girls and/or drive gender equity | B128: ='Key Gender Metrics'!C48 -> Partially aligned | C128: ='Key Gender Metrics'!D48 -> Aligned | D128: ='Key Gender Metrics'!E48 -> Aligned and audited | E128: Aligned & Audited
A129: ='Key Gender Metrics'!B57 -> Training for women borrowers on loan utilization, repayment plan and use of technology | B129: ='Key Gender Metrics'!C57 -> Not aligned | C129: ='Key Gender Metrics'!D57 -> Partially aligned | D129: ='Key Gender Metrics'!E57 -> Partially aligned | E129: Aligned & Audited
A130: ='Key Gender Metrics'!B59 -> Do you have a score card? Is gender lens integrated in it? Is it periodically monitored? | B130: ='Key Gender Metrics'!C59 -> Partially aligned | C130: ='Key Gender Metrics'!D59 -> Partially aligned | D130: ='Key Gender Metrics'!E59 -> Partially aligned | E130: Aligned & Audited
A131: ='Key Gender Metrics'!B60 -> Existence of flexible loan repayment program such as flexible credit lines | B131: ='Key Gender Metrics'!C60 -> Not aligned | C131: ='Key Gender Metrics'!D60 -> Not aligned | D131: ='Key Gender Metrics'!E60 -> Not aligned | E131: Aligned & Audited

Sheet Progress Tracker
A1: #VALUE!
B2: ="Progress as on " & TEXT('Key Gender Metrics'!$E$4, "mmmm yyyy") -> Progress as on December 2024 | C2: Remaining
A3: ='Key Gender Metrics'!B7 & "(Target 40%)" -> Percentage of women employees(Target 40%) | B3: =MIN('Key Gender Metrics'!E7/'Key Gender Metrics'!H7,1) -> 0.77586207 | C3: =100%-B3 -> 0.22413793
A4: ='Key Gender Metrics'!B8 & "(Target 30%)" -> Percentage of women managers(Target 30%) | B4: =MIN('Key Gender Metrics'!E8/'Key Gender Metrics'!H8,1) -> 0.55555556 | C4: =100%-B4 -> 0.44444444
A5: ='Key Gender Metrics'!B9 & "(Target 30%)" -> Percentage of women on Board(Target 30%) | B5: =MIN('Key Gender Metrics'!E9/'Key Gender Metrics'!H9,1) -> 0.83333333 | C5: =100%-B5 -> 0.16666667
A6: ='Key Gender Metrics'!B10 & "(Target 30%)" -> Percentage of women on executive teams(Target 30%) | B6: =MIN('Key Gender Metrics'!E10/'Key Gender Metrics'!H10,1) -> 1 | C6: =100%-B6 -> 0
A7: ='Key Gender Metrics'!B11 & "(Target 30%)" -> Percentage of women in senior management(Target 30%) | B7: =MIN('Key Gender Metrics'!E11/'Key Gender Metrics'!H11,1) -> 0.66666667 | C7: =100%-B7 -> 0.33333333
A8: ='Key Gender Metrics'!B12 & "(Target 30%)" -> Percentage of women in middle management(Target 30%) | B8: =MIN('Key Gender Metrics'!E12/'Key Gender Metrics'!H12,1) -> 1 | C8: =100%-B8 -> 0
A9: ='Key Gender Metrics'!B13 & "(Target 30%)" -> Percentage of women in non-managerial staff(Target 30%) | B9: =MIN('Key Gender Metrics'!E13/'Key Gender Metrics'!H13,1) -> 1 | C9: =100%-B9 -> 0
B10: ="Progress as on " & TEXT('Key Gender Metrics'!$E$4, "mmmm yyyy") -> Progress as on December 2024 | C10: Remaining
A11: ='Key Gender Metrics'!B18 & "(Target 1)" -> Average salary ratio-women: men(Target 1) | B11: =MIN('Key Gender Metrics'!E18/'Key Gender Metrics'!H18,1) -> 0.84444444 | C11: =100%-B11 -> 0.15555556
A12: ='Key Gender Metrics'!B20 & "(Target 50%)" -> Percentage of women new hires(Target 50%) | B12: =MIN('Key Gender Metrics'!E20/'Key Gender Metrics'!H20,1) -> 0 | C12: =100%-B12 -> 1
A13: ='Key Gender Metrics'!B23 -> Ratio of women is to men promoted to senior management in past 2 years | B13: =MIN('Key Gender Metrics'!E23/'Key Gender Metrics'!H23,1) -> 0 | C13: =100%-B13 -> 1
A14: ='Key Gender Metrics'!B26 -> Ratio of women is to men promoted to middle management in past 2 years | B14: =MIN('Key Gender Metrics'!E26/'Key Gender Metrics'!H26,1) -> 1 | C14: =100%-B14 -> 0
B15: ="Progress as on " & TEXT('Key Gender Metrics'!$E$4, "mmmm yyyy") -> Progress as on December 2024 | C15: Remaining
A16: ='Key Gender Metrics'!B28 & "(Target 90%)" -> Percentage of women who worked for 12 months after returning from parental leave(Target 90%) | B16: =MIN('Key Gender Metrics'!E28/'Key Gender Metrics'!H28,1) -> 0.66666667 | C16: =100%-B16 -> 0.33333333
A17: ='Key Gender Metrics'!B29 & "(Target 90%)" -> Percentage of men who worked for 12 months after returning from parental leave(Target 90%) | B17: =MIN('Key Gender Metrics'!E29/'Key Gender Metrics'!H29,1) -> 0.74074074 | C17: =100%-B17 -> 0.25925926
B18: ="Progress as on " & TEXT('Key Gender Metrics'!$E$4, "mmmm yyyy") -> Progress as on December 2024 | C18: Remaining
A19: ='Key Gender Metrics'!B32 & "(Target 40%)" -> Percentage of women loan officers(Target 40%) | B19: =MIN('Key Gender Metrics'!E32/'Key Gender Metrics'!H32,1) -> 0.83333333 | C19: =100%-B19 -> 0.16666667
A20: ='Key Gender Metrics'!B33 & "(Target 40%)" -> Percentage of women at underrepresented levels(Target 40%) | B20: =MIN('Key Gender Metrics'!E33/'Key Gender Metrics'!H33,1) -> 0.45454545 | C20: =100%-B20 -> 0.54545455
A21: ='Key Gender Metrics'!B34 & "(Target 40%)" -> Ratio of average hours of training of women: men(Target 40%) | B21: =MIN('Key Gender Metrics'!E33/'Key Gender Metrics'!H34,1) -> 0.18181818 | C21: =100%-B21 -> 0.81818182
B22: ="Progress as on " & TEXT('Key Gender Metrics'!$E$4, "mmmm yyyy") -> Progress as on December 2024 | C22: Remaining
A23: ='Key Gender Metrics'!B46 & "(Target 50%)" -> Percentage of loans approved for businesses owned by women(Target 50%) | B23: =MIN('Key Gender Metrics'!E46/'Key Gender Metrics'!H46, 1) -> 0.8 | C23: =100%-B23 -> 0.2
A24: ='Key Gender Metrics'!B47 & "(Target 50%)" -> Percentage of loan proceeds for individual women(Target 50%) | B24: =MIN('Key Gender Metrics'!E47/'Key Gender Metrics'!H47, 1) -> 0.68571429 | C24: =100%-B24 -> 0.31428571
A25: ='Key Gender Metrics'!B58 & "(Target 30%)" -> Percentage of women loan officers hired in last 12 months(Target 30%) | B25: =MIN('Key Gender Metrics'!E58/'Key Gender Metrics'!H58,1) -> #DIV/0! | C25: =100%-B25 -> #DIV/0!

Sheet Assumptions & Classifications
A1: #VALUE!
A2: Framework
A3: This framework classifies companies into four progressive levels of gender inclusion based on their policies, implementation rigor, and systemic influence. It aligns with the Women’s Empowerment Principles (WEPs) categories—from Essential to Innovative
A4: Gender-Aware Adopter | B4: A company that acknowledges the importance of gender equity but has no formalized policies or mechanisms for implementation. It demonstrates early-stage awareness but lacks structured action plans. Key Characteristics: -Recognizes gender equity as a business consideration. -No formal gender policies but may have ad-hoc initiatives. -Limited or no gender-disaggregated workforce data collection. -Workplace culture and leadership commitments are emerging but not structured.
A5: Gender-Responsive Implementer | B5: A company that actively integrates gender-inclusive policies and programs into its operations but is still refining implementation, monitoring, and scaling efforts. Key Characteristics: -Formal gender equity policies exist but are inconsistently applied across business units. -Early-stage tracking of gender-disaggregated workforce data (e.g., representation, pay gaps). -Leadership demonstrates commitment, but gender considerations are not yet embedded in strategic decision-making. -Initial efforts to support female career advancement (e.g., mentorship, inclusive recruitment policies). -Gender equity considerations extend to some business functions but remain secondary to broader business goals.
A6: Gender Equity Advocate | B6: A company that has institutionalized gender equity across governance, workforce policies, and operations. It systematically tracks gender-disaggregated data, promotes leadership diversity, and advocates for gender inclusion beyond the organization. Key Characteristics: -Gender equity is an explicit business priority, embedded in governance, hiring, and performance management. -Comprehensive data collection and reporting on gender equity indicators (e.g., workforce composition, leadership pipeline, pay equity, and retention trends). -Leadership is actively involved in gender-equity initiatives at corporate and industry levels. -Structured mentorship, sponsorship, and leadership development programs for women. -Extends gender considerations beyond internal policies to partners, supply chains, and financial decision-making.
A7: Gender Equality Leader | B7: A company that is a global leader in gender equality, setting industry benchmarks, influencing policy, and driving systemic change beyond its operations. It pioneers gender-lens innovation, impact-driven leadership, and external advocacy. Key Characteristics: -Gender inclusion is a core strategic pillar with board-level oversight and accountability mechanisms. -Transparent reporting on gender equity impact (e.g., sustainability reports, public commitments to gender-lens investing). -Actively influences industry standards, policies, and regulatory frameworks. -Recognized as an influential voice in global initiatives (e.g., 2X Challenge, SDG 5, B-Corp standards). -Gender equity is woven into product design, customer engagement strategies, and market expansion efforts.
A9: Investment Level
A10: $ | B10: Minimal financial investment. Actions at this level require minor policy adjustments, awareness initiatives, or internal process modifications with little to no direct cost. These are typically quick wins that can be implemented with existing resources.
A11: $$ | B11: Moderate financial investment. Requires some budget allocation for training, external partnerships, and operational modifications that go beyond internal policies. These actions may require dedicated staff time and external expertise.
A12: $$$ | B12: Significant financial investment. These actions involve structural policy shifts, leadership development programs, or external recruitment efforts that require a long-term commitment and financial resources. High-cost initiatives typically drive systemic change and offer the highest impact.
A14: Time Required
A15: Short-term | B15: Actions that can be quickly implemented with minimal changes to existing structures. These are usually policy updates, awareness initiatives, or minor process adjustments that require little to no additional budget.
A16: Medium-term | B16: Actions requiring moderate process changes, training programs, or external partnerships. These initiatives involve some investment and cross-functional coordination but do not require fundamental structural shifts.
A17: Long-term | B17: Actions that involve structural and cultural transformation. These require executive buy-in, substantial budget allocation, and long-term policy integration.

Sheet Glossary
A1: #VALUE!
A2: Framework
A3: This framework classifies companies into four progressive levels of gender inclusion based on their policies, implementation rigor, and systemic influence. It aligns with the Women’s Empowerment Principles (WEPs) categories—from Essential to Innovative
A4: Gender-Aware Adopter | B4: A company that acknowledges the importance of gender equity but has no formalized policies or mechanisms for implementation. It demonstrates early-stage awareness but lacks structured action plans. Key Characteristics: -Recognizes gender equity as a business consideration. -No formal gender policies but may have ad-hoc initiatives. -Limited or no gender-disaggregated workforce data collection. -Workplace culture and leadership commitments are emerging but not structured.
A5: Gender-Responsive Implementer | B5: A company that actively integrates gender-inclusive policies and programs into its operations but is still refining implementation, monitoring, and scaling efforts. Key Characteristics: -Formal gender equity policies exist but are inconsistently applied across business units. -Early-stage tracking of gender-disaggregated workforce data (e.g., representation, pay gaps). -Leadership demonstrates commitment, but gender considerations are not yet embedded in strategic decision-making. -Initial efforts to support female career advancement (e.g., mentorship, inclusive recruitment policies). -Gender equity considerations extend to some business functions but remain secondary to broader business goals.
A6: Gender Equity Advocate | B6: A company that has institutionalized gender equity across governance, workforce policies, and operations. It systematically tracks gender-disaggregated data, promotes leadership diversity, and advocates for gender inclusion beyond the organization. Key Characteristics: -Gender equity is an explicit business priority, embedded in governance, hiring, and performance management. -Comprehensive data collection and reporting on gender equity indicators (e.g., workforce composition, leadership pipeline, pay equity, and retention trends). -Leadership is actively involved in gender-equity initiatives at corporate and industry levels. -Structured mentorship, sponsorship, and leadership development programs for women. -Extends gender considerations beyond internal policies to partners, supply chains, and financial decision-making.
A7: Gender Equality Leader | B7: A company that is a global leader in gender equality, setting industry benchmarks, influencing policy, and driving systemic change beyond its operations. It pioneers gender-lens innovation, impact-driven leadership, and external advocacy. Key Characteristics: -Gender inclusion is a core strategic pillar with board-level oversight and accountability mechanisms. -Transparent reporting on gender equity impact (e.g., sustainability reports, public commitments to gender-lens investing). -Actively influences industry standards, policies, and regulatory frameworks. -Recognized as an influential voice in global initiatives (e.g., 2X Challenge, SDG 5, B-Corp standards). -Gender equity is woven into product design, customer engagement strategies, and market expansion efforts.
A9: Investment Level
A10: $ | B10: Minimal financial investment. Actions at this level require minor policy adjustments, awareness initiatives, or internal process modifications with little to no direct cost. These are typically quick wins that can be implemented with existing resources.
A11: $$ | B11: Moderate financial investment. Requires some budget allocation for training, external partnerships, and operational modifications that go beyond internal policies. These actions may require dedicated staff time and external expertise.
A12: $$$ | B12: Significant financial investment. These actions involve structural policy shifts, leadership development programs, or external recruitment efforts that require a long-term commitment and financial resources. High-cost initiatives typically drive systemic change and offer the highest impact.
A14: Time Required
A15: Short-term | B15: Actions that can be quickly implemented with minimal changes to existing structures. These are usually policy updates, awareness initiatives, or minor process adjustments that require little to no additional budget.
A16: Medium-term | B16: Actions requiring moderate process changes, training programs, or external partnerships. These initiatives involve some investment and cross-functional coordination but do not require fundamental structural shifts.
A17: Long-term | B17: Actions that involve structural and cultural transformation. These require executive buy-in, substantial budget allocation, and long-term policy integration.

Sheet List
A1: List | D1: Yes | H1: Gender-Aware Adopter
D2: No | H2: Gender-Responsive Implementer
A3: Gender | D3: In progress | H3: Gender Equity Advocate
A4: Man | H4: Gender Equity Leader
A5: Woman | D5: Policies
D6: Not aligned
A7: Designation | D7: Partially aligned
A8: Manager | D8: Aligned
A9: Senior Manager | D9: Aligned and audited
A10: Middle Manager
A11: Early Manager
A12: Non-Managerial Staff | D12: Yes-stand alone policy
A13: Executive Team | D13: Yes-part of corporate policy
A14: Board Member | D14: In progress of making
A15: Loan Officer
A18: Self-Assessment'!A1
A19: HR Database (optional)'!A1
A20: Inputs!A1
A21: Output!A1
A22: Dashboard!A1
A23: Gender Equity Leader'!A1

Sheet Gender Responsive Implementer
B1: Stage of Toolkit Adoption | C1: Metric Type | D1: Category | E1: Activity Description | F1: Indicator | G1: Calculation | H1: Source of Methodology | I1: Target Value | J1: Your Organization | K1: Organizational Status | L1: Target Source | M1: Target Frequency | N1: Investment Level | O1: Time Required | P1: Expected Impact | Q1: Impact Source | R1: Responsible team/individual | S1: Recommended Action | T1: Sources
A2: FALSE | B2: Gender-Aware Adopter | C2: Human Resources | D2: Firm-Level | E2: Increase overall women workforce | F2: Percentage of women employees | G2: (Number of Women Employees/Total Employees)×100 | H2: Women Empowerment Principles, 2021 Private Equity and Value Creation, 2020 | I2: At least 40% | J2: Number of women employee: XX Total employees: XX Percentage of women employees: XX | L2: 2X Criteria Reference Guide | M2: Annually | N2: $$ | O2: Medium-Term | P2: The World Bank estimates that closing the gender gap in employment and entrepreneurship could increase global GDP by more than 20%, while the International Monetary Fund (IMF) has categorized the correction of the “misallocation” of women’s talents and abilities as a method for boosting productivity. | Q2: Gender Gap Report, 2024 | R2: Human Resources | S2: 1. Set gender-balanced hiring targets and eliminate bias in job descriptions. 2. Offer paid parental leave and hybrid work options to retain female talent. 3. Monitor hiring, pay equity, and career progression to ensure equal opportunities. | T2: 1. Women's World Banking, page 6 2. Women's World Banking, page 8 3. Pay Transparency Tools to Close the Gender Wage Gap, page 24
A3: FALSE | B3: Gender-Aware Adopter | C3: Human Resources | D3: Firm-Level | E3: Promote women to management | F3: Percentage of women at management level¹ | G3: (Number of Women Managers/Total Number of Managers)x100 | H3: Women Empowerment Principles, 2021 Private Equity and Value Creation, 2020 | I3: At least 30% | J3: Number of women managers: XX Total number of managers: XX Percentage of women managers: XX | L3: 2X Criteria Reference Guide FTSE Women Leaders Review | M3: Annually | N3: $$$ | O3: Long-Term | P3: Women managers are twice as likely as their male counterparts to invest significant time in diversity, equity, and inclusion (DEI) work, fostering collaboration and creating more inclusive environments. This commitment to DEI and employee well-being by women managers leads to reduced burnout, improved employee retention, and higher job satisfaction, ultimately contributing to enhanced organizational performance. | Q3: McKinsey Diversity matters even more: The case for holistic impact, 2023 | R3: Executive Leadership & Human Resources | S3: 1. Provide mentorship, sponsorship, and executive coaching for high-potential women. 2. Ensure transparent promotions and monitor gender representation in leadership. 3. Create structured pathways and career acceleration programs for women in senior roles. | T3: 1. Women in Workplace 2022, page 33 2. Women in Workplace 2022, page 44 3. HeForShe Alliance IMPACT REPORT 2024, page 12
A4: FALSE | B4: Gender-Aware Adopter | C4: Human Resources | D4: Firm-Level | E4: Enhance women representation in board | F4: Percentage of women on boards | G4: (Number of Women on Board/Total Board Members)x100 | H4: Women Empowerment Principles, 2021 Private Equity and Value Creation, 2020 | I4: At least 30% | J4: Number of women on Board: XX Total Board Members:XX Percentage of women on Board:XX | L4: 30% Club | M4: Annually | N4: $$$ | O4: Long-Term | P4: Companies in the top quartile of board-gender diversity are 27% more likely than those in the bottom quartile to outperform financially. For every woman added to a company board with ten directors, there was, on average, a two-point increase in holistic impact scores, which include environmental and social impact metrics. | Q4: McKinsey Diversity matters even more: The case for holistic impact, 2023 | R4: Board Nominating Committee, Board of Directors | S4: 1. Set at least 30% representation targets for women in executive and board roles. 2. Ensure the board includes qualified women through diverse hiring networks. | T4: 1. OECD Corporate Governance Working Papers No. 28, page 9 2. Women's World Banking, page 18
A5: FALSE | B5: Gender-Aware Adopter | C5: Human Resources | D5: Firm-Level | E5: Enhance women representation in executive teams | F5: Percentage of women on executive teams² | G5: (Number of Women in Executive Roles or Partners/Total Executive Roles)x100 | H5: Women Empowerment Principles, 2021 Private Equity and Value Creation, 2020 | I5: At least 30% | J5: Number of women in Executive Roles or Partners: XX Total Executive Roles:XX Percentage of women on executive teams:XX | L5: 30% Club | M5: Annually | N5: $$$ | O5: Long-Term | P5: The business case for gender diversity on executive teams has more than doubled over the past decade. Firms in the top quartile for gender diversity on executive teams are 39% more likely to financially outperform those in the bottom quartile. Companies in the bottom quartile for gender diversity on executive teams are 66% less likely to financially outperform their peers, indicating that lack of diversity may be getting more expensive. | Q5: McKinsey Diversity matters even more: The case for holistic impact, 2024 | R5: Human Resources, Board of Directors, Executive Leadership | S5: 1. Identify high-potential women and offer executive coaching. 2. Tie bonuses and incentives to gender diversity progress. | T5: 1. Women's Empowerment Principles 2. Women in leadership, page 12
A6: FALSE | B6: Gender-Responsive Implementer | C6: Human Resources | D6: Firm-Level | E6: Increase women’s representation in senior management | F6: Percent of women in senior management³ | G6: (Number of Women in Senior Management / Total Senior Management) × 100 | H6: Private Equity and Value Creation, 2020 | I6: At least 30% | J6: Number of women in senior management: XX Total members of senior management: XX % of women in senior management: XX | L6: 2X Criteria Reference Guide FTSE Women Leaders Review | M6: Annually | N6: $$ | O6: Medium-Term | P6: Women managers are twice as likely as their male counterparts to invest significant time in diversity, equity, and inclusion (DEI) work, fostering collaboration and creating more inclusive environments. This commitment to DEI and employee well-being by women managers leads to reduced burnout, improved employee retention, and higher job satisfaction, ultimately contributing to enhanced organizational performance. | Q6: McKinsey Diversity matters even more: The case for holistic impact, 2023 | R6: Human Resources & Executive Leadership | S6: 1. Implement executive sponsorship and mentorship programs for women. 2. Tie executive bonuses to gender diversity targets. 3. Require gender-inclusive succession planning. | T6: 1. Women's Empowerment Principles 2. Women in leadership, page 12
A7: FALSE | B7: Gender-Responsive Implementer | C7: Human Resources | D7: Firm-Level | E7: Increase women’s representation in middle management | F7: Percent of women in middle management⁴ | G7: (Number of Women in Middle Management / Total Middle Management) × 100 | H7: Private Equity and Value Creation, 2020 | I7: At least 30% | J7: Number of women in middle management:XX Total number of middle management members:XX Percentage of women in middle management:XX | L7: 2X Criteria Reference Guide | M7: Annually | N7: $$ | O7: Medium-Term | P7: Women managers are twice as likely as their male counterparts to invest significant time in diversity, equity, and inclusion (DEI) work, fostering collaboration and creating more inclusive environments. This commitment to DEI and employee well-being by women managers leads to reduced burnout, improved employee retention, and higher job satisfaction, ultimately contributing to enhanced organizational performance. | Q7: McKinsey Diversity matters even more: The case for holistic impact, 2023 | R7: Human Resources and Department Heads | S7: 1. Introduce leadership training for women in middle management. 2. Develop mentorship & sponsorship initiatives for high-potential women. | T7: 1. IWF 2. Women's World Banking, page 9
A8: FALSE | B8: Gender-Responsive Implementer | C8: Human Resources | D8: Firm-Level | E8: Increase women’s representation in non-managerial roles | F8: Percent of women in non-managerial staff⁵ | G8: (Number of Women in Non-Managerial Staff / Total Non-Managerial Staff) × 100 | H8: Private Equity and Value Creation, 2020 | I8: At least 40% | J8: Number of women in non-managerial staff: XX Total number of non-managerial staff: XX Percentage of women in non-managerial staff: XX | L8: 2X Criteria Reference Guide | M8: Annually | N8: $ | O8: Short-Term | P8: The World Bank estimates that closing the gender gap in employment and entrepreneurship could increase global GDP by more than 20%, while the International Monetary Fund (IMF) has categorized the correction of the “misallocation” of women’s talents and abilities as a method for boosting productivity. | Q8: Gender Gap Report, 2024 | R8: Human Resources | S8: 1. Set gender-balanced hiring quotas for entry-level positions. 2. Ensure gender-inclusive job descriptions and recruitment practices. 3. Implement family-friendly workplace policies to improve retention. | T8: 1. IFC 2. UN Women 3. World Bank
A9: FALSE | B9: Gender-Responsive Implementer | C9: Human Resources | D9: Firm-Level | E9: Ensure pay equity | F9: Average Ratio of women’s salary to men’s salary | G9: 1. Median Salary of Women in a role/ Median Salary of Men in the same role 2. Average of this ratio across all roles in the firm | H9: Women Empowerment Principles, 2025 | I9: 1 | J9: Median salary of women in a top mgmt: xx Median salary of men in top mgmt: xx Ratio of women to men in top mgmt:xx Median salary of women in a mid-mgmt: xx Median salary of men in mid- mgmt: xx Ratio of women to men in mid-mgmt:xx Median salary of women in non-managerial staff: xx Median salary of men in non-managerial staff: xx Ratio of women to men in non-managerial staff:xx Average of the ratios: | L9: ILO Equal Remuneration Convention, 1951 (No. 100) | M9: Annually | N9: $$$ | O9: Long-Term | P9: Eliminating the gender pay gap by increasing women’s pay to match that of men of the same age and education level would cut the poverty rate for all working women in half, regardless of their family structure. Providing equal pay for women would inject $513 billion into the U.S. economy, representing a 3% increase in GDP​. Improving gender equality in the European Union could lead to a 9.6% increase in EU GDP per capita, equivalent to €3.15 trillion, and an additional 10.5 million jobs by 2050, according to the European Institute for Gender Equality. This would benefit both women and men. | Q9: The Simple Truth About the Gender Pay Gap, 2018 The Simple Truth About the Gender Pay Gap, 2022 EIB Gender equality and women’s economic empowerment | R9: Human Resources | S9: 1. Perform annual salary audits to identify and address gender pay gaps. 2. Implement performance-based compensation and promotion frameworks to eliminate bias. 3. Disclose salary ranges in job postings and integrate pay equity into DEI goals. | T9: 1. ILO 2. OECD 3. OECD
